Workbook
Name А1: #REF!
Name А1: #REF!
Name А1: #REF!
Name А1: #REF!
Name А1: #REF!
Name А1: #REF!
Name А1: #REF!
Name А1: #REF!
Name А1: #REF!
Name А1: #REF!
Name А1: #REF!
Name А1: #REF!
Name А1: #REF!
Name А1: #REF!
Name А1: #REF!
Name А1: #REF!
Name А1: #REF!
Name А1: #REF!
Name А1: #REF!
Name А1: #REF!
Name А1: #REF!
Name А1: #REF!
Name А1: #REF!
Name А1: #REF!
Name А1: #REF!
Name А1: #REF!
Name А1: #REF!
Name А1: #REF!
Name А1: #REF!
Name А1: #REF!
Name А1: #REF!
Name А1: #REF!
Name А1: #REF!
Name А1: #REF!
Name А1: #REF!
Name А1: #REF!
Name А1: #REF!
Name А1: #REF!
Name А1: #REF!
Name А1: #REF!
Name А1: #REF!
Name А1: #REF!
Name А1: #REF!
Name Выбор_1.1: '[1]1.1'!$C$5:$C$8
Name Выбор_1.1: '[1]1.1'!$C$5:$C$8
Name Выбор_1.1: '[1]1.1'!$C$5:$C$8
Name Выбор_1.1: '[1]1.1'!$C$5:$C$8
Name Выбор_1.1: '[1]1.1'!$C$5:$C$8
Name Выбор_1.1: '[1]1.1'!$C$5:$C$8
Name Выбор_1.1: '[1]1.1'!$C$5:$C$8
Name Выбор_1.1: '[1]1.1'!$C$5:$C$8
Name Выбор_1.1: '[1]1.1'!$C$5:$C$8
Name Выбор_1.1: '[1]1.1'!$C$5:$C$8
Name Выбор_1.1: '[1]1.1'!$C$5:$C$8
Name Выбор_1.1: '[1]1.1'!$C$5:$C$8
Name Выбор_1.1: '[1]1.1'!$C$5:$C$8
Name Выбор_1.1: '[1]1.1'!$C$5:$C$8
Name Выбор_1.1: '[1]1.1'!$C$5:$C$8
Name Выбор_1.1: '[1]1.1'!$C$5:$C$8
Name Выбор_1.1: '[1]1.1'!$C$5:$C$8

Sheet Оценка (Этап I)
A1: Оценка муниципальных образований по I этапу «Характеристика первоначально утвержденного бюджета муниципального образования Саратовской области»
A2: Календарный период | B2: 2020 год
A3: Наименование муниципального образования Саратовской обалсти | B3: Итого по I этапу | C3: ='Показатель 1.1'!A1 -> 1.1. Опубликование первоначально принятого решения о бюджете муниципального образования на текущий финансовый год (текущий финансовый год и плановый период), на портале (сайте) | D3: ='Показатель 1.2'!A1 -> 1.2. Опубликование бюджета для граждан, разработанного на основе первоначально принятого решения о бюджете муниципального образования на текущий финансовый год (текущий финансовый год и плановый период), на портале (сайте) | E3: ='Раздел 2'!A1 -> 2.1 Итоговое значение рейтинга открытости и прозрачности муниципальных учреждений муниципального образования, рассчитанного на основе данных раздела «Независимая система оценки качества» официального сайта Российской Федерации для размещения информации о государственных (муниципальных) учреждениях (www.bus.gov.ru)
A4: Единица измерения | B4: баллов | C4: баллов | D4: баллов | E4: баллов
A5: Максимальный балл | B5: =SUM(C5:E5) -> 10 | C5: ='Методика I этап'!C9 -> 4 | D5: ='Методика I этап'!C14 -> 3 | E5: ='Методика I этап'!C21 -> 3
A6: Городские округа
A7: г. Саратов | B7: =SUM(C7:E7) -> 10 | C7: ='Показатель 1.1'!J9 -> 4 | D7: ='Показатель 1.2'!H10 -> 3 | E7: ='Раздел 2'!D10 -> 3
A8: п. Михайловское | B8: =SUM(C8:E8) -> 4.5 | C8: ='Показатель 1.1'!J10 -> 1 | D8: ='Показатель 1.2'!H11 -> 0.5 | E8: ='Раздел 2'!D11 -> 3
A9: ЗАТО Светлый | B9: =SUM(C9:E9) -> 9 | C9: ='Показатель 1.1'!J11 -> 4 | D9: ='Показатель 1.2'!H12 -> 2 | E9: ='Раздел 2'!D12 -> 3
A10: г. Шиханы | B10: =SUM(C10:E10) -> 5 | C10: ='Показатель 1.1'!J12 -> 2 | D10: ='Показатель 1.2'!H13 -> 0 | E10: ='Раздел 2'!D13 -> 3
A11: Муниципальные районы
A12: Александрово-Гайский | B12: =SUM(C12:E12) -> 6 | C12: ='Показатель 1.1'!J14 -> 2 | D12: ='Показатель 1.2'!H15 -> 1 | E12: ='Раздел 2'!D15 -> 3
A13: Аркадакский | B13: =SUM(C13:E13) -> 9 | C13: ='Показатель 1.1'!J15 -> 4 | D13: ='Показатель 1.2'!H16 -> 2 | E13: ='Раздел 2'!D16 -> 3
A14: Аткарский | B14: =SUM(C14:E14) -> 9 | C14: ='Показатель 1.1'!J16 -> 4 | D14: ='Показатель 1.2'!H17 -> 2 | E14: ='Раздел 2'!D17 -> 3
A15: Базарно-Карабулакский | B15: =SUM(C15:E15) -> 7 | C15: ='Показатель 1.1'!J17 -> 2 | D15: ='Показатель 1.2'!H18 -> 2 | E15: ='Раздел 2'!D18 -> 3
A16: Балаковский | B16: =SUM(C16:E16) -> 8.5 | C16: ='Показатель 1.1'!J18 -> 4 | D16: ='Показатель 1.2'!H19 -> 1.5 | E16: ='Раздел 2'!D19 -> 3
A17: Балашовский | B17: =SUM(C17:E17) -> 9 | C17: ='Показатель 1.1'!J19 -> 4 | D17: ='Показатель 1.2'!H20 -> 2 | E17: ='Раздел 2'!D20 -> 3
A18: Балтайский | B18: =SUM(C18:E18) -> 9 | C18: ='Показатель 1.1'!J20 -> 4 | D18: ='Показатель 1.2'!H21 -> 2 | E18: ='Раздел 2'!D21 -> 3
A19: Вольский | B19: =SUM(C19:E19) -> 7 | C19: ='Показатель 1.1'!J21 -> 2 | D19: ='Показатель 1.2'!H22 -> 2 | E19: ='Раздел 2'!D22 -> 3
A20: Воскресенский | B20: =SUM(C20:E20) -> 6 | C20: ='Показатель 1.1'!J22 -> 2 | D20: ='Показатель 1.2'!H23 -> 1 | E20: ='Раздел 2'!D23 -> 3
A21: Дергачевский | B21: =SUM(C21:E21) -> 6 | C21: ='Показатель 1.1'!J23 -> 1 | D21: ='Показатель 1.2'!H24 -> 2 | E21: ='Раздел 2'!D24 -> 3
A22: Духовницкий | B22: =SUM(C22:E22) -> 5 | C22: ='Показатель 1.1'!J24 -> 2 | D22: ='Показатель 1.2'!H25 -> 0 | E22: ='Раздел 2'!D25 -> 3
A23: Екатериновский | B23: =SUM(C23:E23) -> 6 | C23: ='Показатель 1.1'!J25 -> 2 | D23: ='Показатель 1.2'!H26 -> 1 | E23: ='Раздел 2'!D26 -> 3
... A49: Энгельсский | B49: =SUM(C49:E49) -> 5 | C49: ='Показатель 1.1'!J51 -> 0 | D49: ='Показатель 1.2'!H52 -> 2 | E49: ='Раздел 2'!D52 -> 3

Sheet Методика I этап
A1: I этап. Характеристика первоначально утвержденного бюджета муниципального образования
A4: № п/п | B4: Вопросы и варианты ответов | C4: Баллы
A6: 1. | B6: Первоначально утвержденный бюджет муниципального образования | C6: =C9+C14 -> 7
A7: 1.1 | B7: Опубликование первоначально принятого решения о бюджете муниципального образования на текущий финансовый год (текущий финансовый год и плановый период) на портале (сайте)
B8: В целях оценки показателя учитывается публикация принятого решения о бюджете в полном объеме, включая текстовую часть и все приложения к нему. Публикация отдельных составляющих в целях оценки показателя не учитывается. Решение о бюджете должно быть опубликовано в течение 15 рабочих дней после принятия и сохраняться не менее трех лет. При нарушении указанного срока применяется понижающий коэффициент за несоблюдение сроков обеспечения доступа к бюджетным данным. В случае, если в установленный для представления информации в министерство финансов области срок (далее - установленный срок) документ не размещен, оценка показателя принимает значение 0 баллов.
B9: Опубликовано в структурированном виде с указанием полных или кратких наименований всех составляющих | C9: 4
B10: Опубликовано, но не в структурированном виде и (или) без указания полных или кратких наименований всех составляющих | C10: 2
B11: Не опубликовано | C11: 0
A12: 1.2 | B12: Опубликование бюджета для граждан, разработанного на основе первоначально принятого решения о бюджете муниципального образования на текущий финансовый год (текущий финансовый год и плановый период), на портале (сайте)
B13: В целях оценки показателя учитывается публикация информации в виде брошюр (презентаций) либо в виде отдельных сведений, опубликованных на портале (сайте). В том числе, должна быть представлена следующая информация: 1) показатели прогноза социально-экономического развития, на основе которых сформирован бюджет (включая показатели, характеризующие объемы производства, численность и состав населения, заработную плату и т.д.); 2) сведения о доходах бюджета муниципального образования в разрезе видов доходов; 3) сведения о расходах бюджета муниципального образования; 4) сведения о расходах бюджета муниципального образования на реализацию муниципальных программ, а также о целевых показателях (индикаторах), планируемых к достижению в результате их реализации; 5) сведения о социально-значимых проектах, предусмотренных к финансированию за счет бюджета муниципального образования, или об отсутствии таких проектов; 6) сведения о планируемых объемах (об отсутствии) муниципального долга; 7) контактная информация для обратной связи с гражданами . По пунктам 1-6 информация должна быть представлена в динамике: фактические значения за год, предшествующий отчетному году, оценку за отчетный год и прогноз на текущий год и плановый период. Бюджет для граждан, разработанный на основе решения о бюджете, должен быть опубликован в течение 10 рабочих дней после принятия решения о бюджете муниципального образования и сохраняться не менее трех лет. При нарушении указанного срока применяется понижающий коэффициент за несоблюдение сроков обеспечения доступа к бюджетным данным. В случае, если в установленный срок документ не размещен, оценка показателя принимает значение 0 баллов.
B14: Опубликован и содержит информацию по всем ключевым элементам | C14: 3
B15: Опубликован и содержит информацию по пяти и более ключевым элементам | C15: 2
B16: Опубликован и содержит информацию по трем и более ключевым элементам | C16: 1
B17: Не опубликован или содержит информацию менее чем по трем ключевым элементам | C17: 0
A18: 2. | B18: Публичные сведения о плановых показателях деятельности муниципальных учреждений Саратовской области | C18: =C21 -> 3
A19: 2.1 | B19: Итоговое значение рейтинга открытости и прозрачности муниципальных учреждений муниципального образования, рассчитанного на основе данных раздела «Независимая система оценки качества» официального сайта Российской Федерации для размещения информации о государственных (муниципальных) учреждениях (www.bus.gov.ru)
B20: Источники информации для проведения оценки: официальный сайт Российской Федерации для размещения информации о государственных (муниципальных) учреждениях (www.bus.gov.ru), раздел «Независимая система оценки качества»; перечень муниципальных учреждений муниципального образования, представляемый финансовыми органами муниципальных образований в министерство финансов в срок, предусмотренный для направления информации по I этапу. Правила предоставления и размещения информации о государственных (муниципальных) учреждениях на указанном сайте установлены приказом Минфина России от 21 июля 2011 года № 86н «Об утверждении порядка предоставления информации государственным (муниципальным) учреждением, ее размещения на официальном сайте в сети Интернет и ведения указанного сайта». Итоговое значение рейтинга открытости и прозрачности муниципальных учреждений муниципального образования рассчитывается по следующей формуле: ∑mi=1Ri Rмо= -------------, m где Rмо – итоговое значение рейтинга открытости и прозрачности муниципальных учреждений муниципального образования; Ri – итоговый показатель рейтинга открытости и прозрачности i-го муниципального учреждения муниципального образования; m – общее количество муниципальных учреждений муниципального образования. Итоговый показатель рейтинга открытости и прозрачности по учреждению рассчитывается по следующей формуле: Ri=Roii*0,2+ Rmzi*0,4+ Rpfhdi*0,4, где Roii – показатель публикации на указанном сайте общей информации об i-ом муниципальном учреждении; Rmzi – показатель публикации на указанном сайте информации о муниципальном задании i-му муниципальному учреждению; Rpfhdi – показатель публикации на указанном сайте показателей планов финансово-хозяйственной деятельности или информации о бюджетных обязательств i-го муниципального учреждения. 0,2 и 0,4 – весовые коэффициенты значимости показателей. Показатели Roii, Rgzi, Rpfhdi при наличии опубликованной информации на указанном сайте принимают значения 1, в иных случаях – 0. Если муниципальному учреждению муниципальное задание не предоставляется (муниципальное учреждение является казенным или учреждение осуществляет деятельность в сфере обязательного медицинского страхования на основании договора на оказание и оплату медицинской помощи по обязательному медицинскому страхованию), то показатель Roii принимает значение 1, в иных случаях – 0. В целях расчета показателей обособленные структурные подразделения (филиалы, представительства) не учитываются.
B21: 0,95 и более | C21: 3
B22: 0,9 и более | C22: 2
B23: 0,8 и более | C23: 1
B24: менее 0,8 | C24: 0
B25: Итого баллов на I этапе | C25: =C6+C18 -> 10

Sheet Показатель 1.1
A1: 1.1. Опубликование первоначально принятого решения о бюджете муниципального образования на текущий финансовый год (текущий финансовый год и плановый период), на портале (сайте)
A2: Комментарий:
A3: ='Методика I этап'!B8 -> В целях оценки показателя учитывается публикация принятого решения о бюджете в полном объеме, включая текстовую часть и все приложения к нему. Публикация отдельных составляющих в целях оценки показателя не учитывается. Решение о бюджете должно быть опубликовано в течение 15 рабочих дней после принятия и сохраняться не менее трех лет. При нарушении указанного срока применяется понижающий коэффициент за несоблюдение сроков обеспечения доступа к бюджетным данным. В случае, если в установленный для представления информации в министерство финансов области срок (далее - установленный срок) документ не размещен, оценка показателя принимает значение 0 баллов.
A4: № п/п | B4: Вопрос | C4: ='Методика I этап'!B7 -> Опубликование первоначально принятого решения о бюджете муниципального образования на текущий финансовый год (текущий финансовый год и плановый период) на портале (сайте) | D4: Формат | E4: Доступность (указать, если возникли трудности с поиском документа, если переход осуществляется более, чем за 5 «кликов» с основной страницы портала (сайта), если название раздела не соответствует содержанию) | F4: Оценка показателя 1.1 | K4: Ссылка на источник данных | L4: Комментарии
B5: Варианты ответов | C5: ='Методика I этап'!B9 -> Опубликовано в структурированном виде с указанием полных или кратких наименований всех составляющих | D5: Word, Excel, PDF | F5: баллы | G5: понижающие коэффициенты | J5: Итого
C6: ='Методика I этап'!B10 -> Опубликовано, но не в структурированном виде и (или) без указания полных или кратких наименований всех составляющих | G6: графический формат | H6: затруднен-ный поиск | I6: несоблюде-ние сроков
C7: ='Методика I этап'!B11 -> Не опубликовано
B8: Городские округа
A9: 1 | B9: г. Саратов | C9: Опубликовано в структурированном виде с указанием полных или кратких наименований всех составляющих | D9: Word | F9: =IF(C9=C5,4,IF(C9=C6,2,0)) -> 4 | J9: =F9*(1-G9)*(1-H9)*(1-I9) -> 4 | K9: http://www.saratovmer.ru/budget/rubrics/1/1300.html
A10: 2 | B10: п. Михайловское | C10: Опубликовано в структурированном виде с указанием полных или кратких наименований всех составляющих | D10: Jpg, Excel | F10: =IF(C10=C5,4,IF(C10=C6,2,0)) -> 4 | G10: 0.5 | I10: 0.5 | J10: =F10*(1-G10)*(1-H10)*(1-I10) -> 1 | K10: http://www.mihailovski.ru/byudzhet205/2020-2022gg/reshenie-sobraniya-deputatov-munitsipalnogo-obrazo/ | L10: Постановляющая часть решения о бюджете муниципального образования представлена в виде картинок, вставленных в Word-файле. Решение о бюджете должно быть опубликовано в течение 15 рабочих дней после принятия и сохраняться не менее трех лет (дата изменения файла с решением 13.02.2020, решение принято - 19.12.2019).У приложений не указан порядковый номер.
A11: 3 | B11: ЗАТО Светлый | C11: Опубликовано в структурированном виде с указанием полных или кратких наименований всех составляющих | D11: Web, Word | F11: =IF(C11=C5,4,IF(C11=C6,2,0)) -> 4 | J11: =F11*(1-G11)*(1-H11)*(1-I11) -> 4 | K11: https://zatosvetly.ru/municipal_assembly/documents_of_the_municipal_assembly/reshenieV.php?ELEMENT_ID=13687 | L11: Скачать можно только приложения.
A12: 4 | B12: г. Шиханы | C12: Опубликовано в структурированном виде с указанием полных или кратких наименований всех составляющих | D12: Word | E12: Наименование раздела «Исполнение бюджета/ 2019» | F12: =IF(C12=C5,4,IF(C12=C6,2,0)) -> 4 | H12: 0.5 | J12: =F12*(1-G12)*(1-H12)*(1-I12) -> 2 | K12: http://zatoshihany.ru/budget/ispolnenie-byudzheta/2019/
B13: Муниципальные районы
A14: 5 | B14: Александрово-Гайский | C14: Опубликовано, но не в структурированном виде и (или) без указания полных или кратких наименований всех составляющих | D14: Word | F14: =IF(C14=C5,4,IF(C14=C6,2,0)) -> 2 | J14: =F14*(1-G14)*(1-H14)*(1-I14) -> 2 | K14: http://algay.sarmo.ru/byudzhet-ekonomika-finansy/proekt-byudzheta/byudzhet-2019/byudzhet-2020/byudzhet-2020.php
A15: 6 | B15: Аркадакский | C15: Опубликовано в структурированном виде с указанием полных или кратких наименований всех составляющих | D15: Word, PDF | F15: =IF(C15=C5,4,IF(C15=C6,2,0)) -> 4 | J15: =F15*(1-G15)*(1-H15)*(1-I15) -> 4 | K15: http://arkadak.sarmo.ru/byudzhet-munitsipalnogo-rayona/reshenie-o-byudzhete/byudzhet2020-nachalo.php
A16: 7 | B16: Аткарский | C16: Опубликовано в структурированном виде с указанием полных или кратких наименований всех составляющих | D16: Word, Excel | F16: =IF(C16=C5,4,IF(C16=C6,2,0)) -> 4 | J16: =F16*(1-G16)*(1-H16)*(1-I16) -> 4 | K16: http://atkarsk.moyaokruga.ru/CityArticles.aspx?articleid=10633
A17: 8 | B17: Базарно-Карабулакский | C17: Опубликовано, но не в структурированном виде и (или) без указания полных или кратких наименований всех составляющих | D17: Web,Word, Excel | F17: =IF(C17=C5,4,IF(C17=C6,2,0)) -> 2 | J17: =F17*(1-G17)*(1-H17)*(1-I17) -> 2 | K17: http://bkarabulak.sarmo.ru/index.php?option=com_content&view=article&id=11120&Itemid=342 | L17: Не указаны полные или краткие наименования приложений в архиве.
A18: 9 | B18: Балаковский | C18: Опубликовано в структурированном виде с указанием полных или кратких наименований всех составляющих | D18: Word | F18: =IF(C18=C5,4,IF(C18=C6,2,0)) -> 4 | J18: =F18*(1-G18)*(1-H18)*(1-I18) -> 4 | K18: http://balkomfin.ru/
A19: 10 | B19: Балашовский | C19: Опубликовано в структурированном виде с указанием полных или кратких наименований всех составляющих | D19: Word | E19: лишняя папка в архиве | F19: =IF(C19=C5,4,IF(C19=C6,2,0)) -> 4 | J19: =F19*(1-G19)*(1-H19)*(1-I19) -> 4 | K19: http://baladmin.ru/byudzhet-na-2020-god-i-planovyy-period-2021-i-2022-godov.php
A20: 11 | B20: Балтайский | C20: Опубликовано в структурированном виде с указанием полных или кратких наименований всех составляющих | D20: Word | F20: =IF(C20=C5,4,IF(C20=C6,2,0)) -> 4 | J20: =F20*(1-G20)*(1-H20)*(1-I20) -> 4 | K20: http://adm-baltay.ru/finansovoe-upravlenie/resheniya-o-mestnom-byudzhete-na-2020-god-i-planovyiy-period-2021-2022-gg/ | L20: Отсутствует возможность скачать первоначально принятое решение целиком, только по частям.
A21: 12 | B21: Вольский | C21: Опубликовано, но не в структурированном виде и (или) без указания полных или кратких наименований всех составляющих | D21: Word | F21: =IF(C21=C5,4,IF(C21=C6,2,0)) -> 2 | J21: =F21*(1-G21)*(1-H21)*(1-I21) -> 2 | K21: http://volsk-ms.ru/resheniya-vms/resheniya/ | L21: Раздел не структурирован по годам, затруднен поиск документа
A22: 13 | B22: Воскресенский | C22: Опубликовано, но не в структурированном виде и (или) без указания полных или кратких наименований всех составляющих | D22: Word | F22: =IF(C22=C5,4,IF(C22=C6,2,0)) -> 2 | J22: =F22*(1-G22)*(1-H22)*(1-I22) -> 2 | K22: http://voskresensk64.ru/meeting/mun-sobranie/documents/index.php
A23: 14 | B23: Дергачевский | C23: Опубликовано в структурированном виде с указанием полных или кратких наименований всех составляющих | D23: Word, Excel, PDF | E23: лишняя папка в архиве | F23: =IF(C23=C5,4,IF(C23=C6,2,0)) -> 4 | G23: 0.5 | I23: 0.5 | J23: =F23*(1-G23)*(1-H23)*(1-I23) -> 1 | K23: http://dergachi.sarmo.ru/sobranie-dergachevskogo-munitsipalnogo-rayona/resheniya-sobraniya-dergachevskogo-munitsipalnogo-rayona/ | L23: Файл с решением представлен в графическом формате. Решение о бюджете должно быть опубликовано в течение 15 рабочих дней после принятия и сохраняться не менее трех лет (дата изменения файла с решением 19.02.2020, решение принято - 16.12.2019).
A24: 15 | B24: Духовницкий | C24: Опубликовано, но не в структурированном виде и (или) без указания полных или кратких наименований всех составляющих | D24: Word | F24: =IF(C24=C5,4,IF(C24=C6,2,0)) -> 2 | J24: =F24*(1-G24)*(1-H24)*(1-I24) -> 2 | K24: http://duhovnitskoe.sarmo.ru/predstavitelnyy-organ/npa/mpa-2019/?ELEMENT_ID=4624
A25: 16 | B25: Екатериновский | C25: Опубликовано, но не в структурированном виде и (или) без указания полных или кратких наименований всех составляющих | D25: Word | F25: =IF(C25=C5,4,IF(C25=C6,2,0)) -> 2 | J25: =F25*(1-G25)*(1-H25)*(1-I25) -> 2 | K25: http://ekaterinovka.sarmo.ru/rayonnoe-sobranie/2019-god.php
A26: 17 | B26: Ершовский | C26: Опубликовано в структурированном виде с указанием полных или кратких наименований всех составляющих | D26: Word | E26: лишняя папка в архиве | F26: =IF(C26=C5,4,IF(C26=C6,2,0)) -> 4 | J26: =F26*(1-G26)*(1-H26)*(1-I26) -> 4 | K26: http://adminemr.ru/byudzhet-i-finansy/byudzhet/byudzhet%20EMR%20na%202020god/ | L26: По предоставленной ссылке http://ershov.sarmo.ru/byudzhet-i-finansy/byudzhet/utverzhdennyy-byudzhet-na-2019-god-i-na-planovyy-period-2020-i-2021-godov/ размещено решение о бюджете на 2019-2021 годы.
A27: 18 | B27: Ивантеевский | C27: Опубликовано в структурированном виде с указанием полных или кратких наименований всех составляющих | D27: Word | F27: =IF(C27=C5,4,IF(C27=C6,2,0)) -> 4 | J27: =F27*(1-G27)*(1-H27)*(1-I27) -> 4 | K27: http://ivanteevka.sarmo.ru/byudzhet-dlya-grazhdan/reshenie-2020.php
A28: 19 | B28: Калининский | C28: Не опубликовано | D28: Word | F28: =IF(C28=C5,4,IF(C28=C6,2,0)) -> 0 | J28: =F28*(1-G28)*(1-H28)*(1-I28) -> 0 | K28: http://kalininsk.sarmo.ru/byudzhet/byudzhet-munitsipalnogo-rayona/ | L28: Приложения к решению о бюджете не опубликованы, только текстовая часть.
A29: 20 | B29: Красноармейский | C29: Опубликовано, но не в структурированном виде и (или) без указания полных или кратких наименований всех составляющих | D29: Word | E29: лишняя папка в архиве | F29: =IF(C29=C5,4,IF(C29=C6,2,0)) -> 2 | J29: =F29*(1-G29)*(1-H29)*(1-I29) -> 2 | K29: https://krasnoarmeysk64.ru/krasnoarmeyskiy-rayon/byudzhet/reshenie-o-byudzhete-krasnoarmeyskogo-munitsipalnogo-rayona/ | L29: Не указаны полные или краткие наименования приложений в архиве.
A30: 21 | B30: Краснокутский | C30: Опубликовано в структурированном виде с указанием полных или кратких наименований всех составляющих | D30: Word | F30: =IF(C30=C5,4,IF(C30=C6,2,0)) -> 4 | J30: =F30*(1-G30)*(1-H30)*(1-I30) -> 4 | K30: http://krasny-kut.ru/krasnokutskij_rajon/finansy/byudzhet_rajona/
A31: 22 | B31: Краснопартизанский | C31: Опубликовано в структурированном виде с указанием полных или кратких наименований всех составляющих | D31: Word, Excel | E31: лишняя папка в архиве | F31: =IF(C31=C5,4,IF(C31=C6,2,0)) -> 4 | J31: =F31*(1-G31)*(1-H31)*(1-I31) -> 4 | K31: http://adminkmr.ru/index.php?option=com_content&view=article&id=4794:2020-02-04-10-33-20&catid=34:%D0%9E%D1%81%D0%BD%D0%BE%D0%B2%D0%BD%D0%B0%D1%8F%20%D0%BA%D0%B0%D1%82%D0%B5%D0%B3%D0%BE%D1%80%D0%B8%D1%8F
A32: 23 | B32: Лысогорский | C32: Опубликовано, но не в структурированном виде и (или) без указания полных или кратких наименований всех составляющих | D32: Word | F32: =IF(C32=C5,4,IF(C32=C6,2,0)) -> 2 | I32: 0.5 | J32: =F32*(1-G32)*(1-H32)*(1-I32) -> 1 | K32: http://adm.lysyegory.ru/base/6589-reshenie-ot-20-12-2019-goda-1480-o-byudzhete-lysogorskogo-municipalnogo-raiona-na-2020-god-i-na-planovyi-period-2021-i-2022-godov.html | L32: Не структурирован, все приложения в одном файле, дата измения файла с приложениями 30.03.2020
A33: 24 | B33: Марксовский | C33: Опубликовано в структурированном виде с указанием полных или кратких наименований всех составляющих | D33: Word, Excel | F33: =IF(C33=C5,4,IF(C33=C6,2,0)) -> 4 | J33: =F33*(1-G33)*(1-H33)*(1-I33) -> 4 | K33: http://marksadm.ru/r-o-b.html
A34: 25 | B34: Новобурасский | C34: Опубликовано в структурированном виде с указанием полных или кратких наименований всех составляющих | D34: Word, Excel | F34: =IF(C34=C5,4,IF(C34=C6,2,0)) -> 4 | J34: =F34*(1-G34)*(1-H34)*(1-I34) -> 4 | K34: http://www.nbfin.ru/resheniya_o_byudzhetah/novoburasskogo_municipal_nogo_rajona/resheniya_o_vnesenii_izmenenij_v_byudzhet/na_2020_god/
A35: 26 | B35: Новоузенский | C35: Опубликовано, но не в структурированном виде и (или) без указания полных или кратких наименований всех составляющих | D35: Word | F35: =IF(C35=C5,4,IF(C35=C6,2,0)) -> 2 | I35: 0.5 | J35: =F35*(1-G35)*(1-H35)*(1-I35) -> 1 | K35: http://novouzensk.ru/budget%20for%20people/byudzhet-dlya-grazhdan-2020/index.php | L35: Решение о бюджете должно быть опубликовано в течение 15 рабочих дней после принятия и сохраняться не менее трех лет (дата изменения файла с решением 24.03.2020, решение принято - 26.12.2019).
A36: 27 | B36: Озинский | C36: Опубликовано в структурированном виде с указанием полных или кратких наименований всех составляющих | D36: Word | F36: =IF(C36=C5,4,IF(C36=C6,2,0)) -> 4 | J36: =F36*(1-G36)*(1-H36)*(1-I36) -> 4 | K36: http://ozinki.sarmo.ru/byudzhet/byudzhet-munitsipalnogo-rayona.php?ELEMENT_ID=4397
A37: 28 | B37: Перелюбский | C37: Опубликовано в структурированном виде с указанием полных или кратких наименований всех составляющих | D37: Word, Excel | F37: =IF(C37=C5,4,IF(C37=C6,2,0)) -> 4 | J37: =F37*(1-G37)*(1-H37)*(1-I37) -> 4 | K37: http://adm-perelyb.ru/byudzhet-rayona/ | L37: Помимо полных или кратких наименований приложений необходимо указывать их номера.
A38: 29 | B38: Петровский | C38: Опубликовано в структурированном виде с указанием полных или кратких наименований всех составляющих | D38: Web, Word | F38: =IF(C38=C5,4,IF(C38=C6,2,0)) -> 4 | J38: =F38*(1-G38)*(1-H38)*(1-I38) -> 4 | K38: https://petrovsk64.ru/sub-org/fin-upr/otkrytyy-byudzhet/byudzhet/reshenie-o-byudzhete/na-2020-god/
A39: 30 | B39: Питерский | C39: Опубликовано в структурированном виде с указанием полных или кратких наименований всех составляющих | D39: Word | F39: =IF(C39=C5,4,IF(C39=C6,2,0)) -> 4 | J39: =F39*(1-G39)*(1-H39)*(1-I39) -> 4 | K39: http://piterka.sarmo.ru/byudzhet-piterskogo-mr/mestnyy-byudzhet./byudzhet2020.php
A40: 31 | B40: Пугачевский | C40: Опубликовано в структурированном виде с указанием полных или кратких наименований всех составляющих | D40: Word | F40: =IF(C40=C5,4,IF(C40=C6,2,0)) -> 4 | J40: =F40*(1-G40)*(1-H40)*(1-I40) -> 4 | K40: http://pugachev-adm.ru/2020-5
A41: 32 | B41: Ровенский | C41: Опубликовано в структурированном виде с указанием полных или кратких наименований всех составляющих | D41: Word, Excel | F41: =IF(C41=C5,4,IF(C41=C6,2,0)) -> 4 | J41: =F41*(1-G41)*(1-H41)*(1-I41) -> 4 | K41: http://rovnoe.sarmo.ru/2020-byudzhet-reshenie.php?clear_cache=Y
A42: 33 | B42: Романовский | C42: Опубликовано в структурированном виде с указанием полных или кратких наименований всех составляющих | D42: Word | F42: =IF(C42=C5,4,IF(C42=C6,2,0)) -> 4 | J42: =F42*(1-G42)*(1-H42)*(1-I42) -> 4 | K42: http://romanovka.sarmo.ru/byudzhet-dlya-grazhdan/byudzhet-romanovskogo-munitsipalnogo-rayona/resheniya-byudzheta/
A43: 34 | B43: Ртищевский | C43: Опубликовано в структурированном виде с указанием полных или кратких наименований всех составляющих | D43: Web, Word | F43: =IF(C43=C5,4,IF(C43=C6,2,0)) -> 4 | J43: =F43*(1-G43)*(1-H43)*(1-I43) -> 4 | K43: http://rtishevo.sarmo.ru/finansovyy-organ/rtishchevskiy-munitsipalnyy-rayon/2020-god/reshenie-o-byudzhete-i-vnesenii-izmeneniy-v-byudzhet-munitsipalnogo-rayona/
A44: 35 | B44: Самойловский | C44: Опубликовано, но не в структурированном виде и (или) без указания полных или кратких наименований всех составляющих | D44: Word | E44: лишняя папка в архиве | F44: =IF(C44=C5,4,IF(C44=C6,2,0)) -> 2 | J44: =F44*(1-G44)*(1-H44)*(1-I44) -> 2 | K44: https://sam64.ru/ekonomika-i-byudzhet/byudzhet/resheniya-o-byudzhete/ | L44: У приложений 1,6 и 15 в архиве не указаны полные или краткие наименования.
A45: 36 | B45: Саратовский | C45: Не опубликовано | F45: =IF(C45=C5,4,IF(C45=C6,2,0)) -> 0 | J45: =F45*(1-G45)*(1-H45)*(1-I45) -> 0 | K45: http://saratovskiyraion.ru/mestnyy-byudzhet/reshenie-o-byudzhete/reshenie-o-byudzhete-na-2021-2022-goda.php?clear_cache=Y | L45: При нажатии на наименование «Решение Собрания депутатов Саратовского муниципального района от 19.12.2019 № 1-07/140 «О бюджете Саратовского муниципального района на 2020 год и на плановый период 2021 и 2022 годов» первоначальная редакция» происходит переход на страницу, где размещено решение от 30.12.2019 г. № № 1-07/ 158 .
A46: 37 | B46: Советский | C46: Опубликовано в структурированном виде с указанием полных или кратких наименований всех составляющих | D46: Word | F46: =IF(C46=C5,4,IF(C46=C6,2,0)) -> 4 | J46: =F46*(1-G46)*(1-H46)*(1-I46) -> 4 | K46: https://stepnoe-adm.ru/administration/use-budget-funds/mestnyy-byudzhet/
A47: 38 | B47: Татищевский | C47: Опубликовано в структурированном виде с указанием полных или кратких наименований всех составляющих | D47: Word | E47: лишняя папка в архиве | F47: =IF(C47=C5,4,IF(C47=C6,2,0)) -> 4 | J47: =F47*(1-G47)*(1-H47)*(1-I47) -> 4 | K47: http://tatishevo.saratov.gov.ru/index.php?option=com_content&view=article&id=2666:2016-02-02-08-52-24&catid=64:2009-12-20-17-44-19&Itemid=91
A48: 39 | B48: Турковский | C48: Опубликовано в структурированном виде с указанием полных или кратких наименований всех составляющих | D48: Web,Word | F48: =IF(C48=C5,4,IF(C48=C6,2,0)) -> 4 | J48: =F48*(1-G48)*(1-H48)*(1-I48) -> 4 | K48: http://turki.sarmo.ru/otkrytyy-byudzhet/resheniya-o-byudzhete/resheniya-o-byudzhete-2019.php
A49: 40 | B49: Федоровский | C49: Опубликовано в структурированном виде с указанием полных или кратких наименований всех составляющих | D49: Word, Excel | F49: =IF(C49=C5,4,IF(C49=C6,2,0)) -> 4 | J49: =F49*(1-G49)*(1-H49)*(1-I49) -> 4 | K49: http://fedormr.ru/byudzhet/2020/index.php | L49: Отсутствует возможность скачать файл целиком, только отдельно решение и каждое приложение
A50: 41 | B50: Хвалынский | C50: Опубликовано в структурированном виде с указанием полных или кратких наименований всех составляющих | D50: Word | F50: =IF(C50=C5,4,IF(C50=C6,2,0)) -> 4 | J50: =F50*(1-G50)*(1-H50)*(1-I50) -> 4 | K50: http://hvalynsk.sarmo.ru/administratsiya-khvalynskogo-munitsipalnogo-rayona/byudzhet/resheniya/index.php
A51: 42 | B51: Энгельсский | C51: Не опубликовано | D51: Web | F51: =IF(C51=C5,4,IF(C51=C6,2,0)) -> 0 | J51: =F51*(1-G51)*(1-H51)*(1-I51) -> 0 | K51: http://www.engels-city.ru/mestnyj-byudzhet | L51: Отсутствует возможность скачать приложения (при нажатии выдает ошибку 404).

Sheet Показатель 1.2
A1: 1.2. Опубликование бюджета для граждан, разработанного на основе первоначально принятого решения о бюджете муниципального образования на текущий финансовый год (текущий финансовый год и плановый период), на портале (сайте)
A2: Комментарий:
A3: ='Методика I этап'!B13 -> В целях оценки показателя учитывается публикация информации в виде брошюр (презентаций) либо в виде отдельных сведений, опубликованных на портале (сайте). В том числе, должна быть представлена следующая информация: 1) показатели прогноза социально-экономического развития, на основе которых сформирован бюджет (включая показатели, характеризующие объемы производства, численность и состав населения, заработную плату и т.д.); 2) сведения о доходах бюджета муниципального образования в разрезе видов доходов; 3) сведения о расходах бюджета муниципального образования; 4) сведения о расходах бюджета муниципального образования на реализацию муниципальных программ, а также о целевых показателях (индикаторах), планируемых к достижению в результате их реализации; 5) сведения о социально-значимых проектах, предусмотренных к финансированию за счет бюджета муниципального образования, или об отсутствии таких проектов; 6) сведения о планируемых объемах (об отсутствии) муниципального долга; 7) контактная информация для обратной связи с гражданами . По пунктам 1-6 информация должна быть представлена в динамике: фактические значения за год, предшествующий отчетному году, оценку за отчетный год и прогноз на текущий год и плановый период. Бюджет для граждан, разработанный на основе решения о бюджете, должен быть опубликован в течение 10 рабочих дней после принятия решения о бюджете муниципального образования и сохраняться не менее трех лет. При нарушении указанного срока применяется понижающий коэффициент за несоблюдение сроков обеспечения доступа к бюджетным данным. В случае, если в установленный срок документ не размещен, оценка показателя принимает значение 0 баллов.
A4: № п/п | B4: Наименование муниципального образования Саратовской обалсти | C4: ='Методика I этап'!B12 -> Опубликование бюджета для граждан, разработанного на основе первоначально принятого решения о бюджете муниципального образования на текущий финансовый год (текущий финансовый год и плановый период), на портале (сайте) | D4: Доступность (указать, если возникли трудности с поиском документа, если переход осуществляется более, чем за 5 «кликов» с основной страницы портала (сайта), если название раздела не соответствует содержанию) | E4: Оценка показателя 1.2 | I4: Ссылка на источник данных | J4: Комментарии
B5: Варианты ответов | C5: ='Методика I этап'!B14 -> Опубликован и содержит информацию по всем ключевым элементам | E5: баллы | F5: понижающие коэффициенты | H5: Итого
C6: ='Методика I этап'!B15 -> Опубликован и содержит информацию по пяти и более ключевым элементам | F6: затруднен-ный поиск | G6: несоблюде-ние сроков
C7: ='Методика I этап'!B16 -> Опубликован и содержит информацию по трем и более ключевым элементам
C8: ='Методика I этап'!B17 -> Не опубликован или содержит информацию менее чем по трем ключевым элементам
B9: Городские округа
A10: 1 | B10: г. Саратов | C10: Опубликован и содержит информацию по всем ключевым элементам | E10: =IF(C10=C5,3,IF(C10=C6,2,IF(C10=C7,1,0))) -> 3 | H10: =E10*(1-F10)*(1-G10) -> 3 | I10: http://www.saratovmer.ru/budget/rubrics/6/1302.html
A11: 2 | B11: п. Михайловское | C11: Опубликован и содержит информацию по трем и более ключевым элементам | E11: =IF(C11=C5,3,IF(C11=C6,2,IF(C11=C7,1,0))) -> 1 | G11: 0.5 | H11: =E11*(1-F11)*(1-G11) -> 0.5 | I11: http://www.mihailovski.ru/byudzhet-dlya-grazhdan/byudzhet-dlya-grazhdan-po-resheniyu-sobraniya-depu/ | J11: Дата последнего изменения файла - 30.03.2020. Бюджет для граждан, разработанный на основе решения о бюджете, должен быть опубликован в течение 10 рабочих дней после принятия решения о бюджете муниципального образования (решение о бюджете принято 19.12.2019). Отсутствуют пункты 5, пункт 1 не соответствует (отсутствуют показатели, характеризующие объем ппроизводства, численность и состав населения, заработную плату в динамике 2018-2021 годов), пункт 4 не соответствует (отсутствуют целевые показатели в динамике 2018-2022 годов), пункт 6 не соотвествует (нет динамики за 2018-202021 годы).
A12: 3 | B12: ЗАТО Светлый | C12: Опубликован и содержит информацию по пяти и более ключевым элементам | E12: =IF(C12=C5,3,IF(C12=C6,2,IF(C12=C7,1,0))) -> 2 | H12: =E12*(1-F12)*(1-G12) -> 2 | I12: https://zatosvetly.ru/city/economics_amp_finance/byudzhet-gorodskogo-okruga/byudzhet-dlya-grazhdan/index.php?ELEMENT_ID=13733 | J12: Пункт 4 не соответствует (финансирование и целевые показатели представлены не в динамике 2018-2022 гг). Обратите внимание на наименование последнего столбца в таблице 7.
A13: 4 | B13: г. Шиханы | C13: Не опубликован или содержит информацию менее чем по трем ключевым элементам | E13: =IF(C13=C5,3,IF(C13=C6,2,IF(C13=C7,1,0))) -> 0 | H13: =E13*(1-F13)*(1-G13) -> 0 | J13: Ссылка на оцениваемую информацию не предоставлена.
B14: Муниципальные районы
A15: 5 | B15: Александрово-Гайский | C15: Опубликован и содержит информацию по трем и более ключевым элементам | E15: =IF(C15=C5,3,IF(C15=C6,2,IF(C15=C7,1,0))) -> 1 | H15: =E15*(1-F15)*(1-G15) -> 1 | I15: http://algay.sarmo.ru/byudzhet-ekonomika-finansy/byudzhet-dlya-grazhdan.php | J15: Отсутствует пункт 5, пункт 1 не соответствует (отсутствуют показатели, характеризующие объем производства), пункт 4 не соотвествует (нет данных за 2018-2019 года, отсутствуют целевые показатели в динамике 2018-2021 годов). Обратите внимание на наименования столбцов на стр. 35.
A16: 6 | B16: Аркадакский | C16: Опубликован и содержит информацию по пяти и более ключевым элементам | E16: =IF(C16=C5,3,IF(C16=C6,2,IF(C16=C7,1,0))) -> 2 | H16: =E16*(1-F16)*(1-G16) -> 2 | I16: http://arkadak.sarmo.ru/byudzhet-munitsipalnogo-rayona/byudzhet-dlya-grazhdan.php | J16: Пункт 4 не соответствует (целевые показатели представлены не по всем муниципальным программам, из 31 МП только по 17). Обратите внимание на наименования столбцов на стр. 23
A17: 7 | B17: Аткарский | C17: Опубликован и содержит информацию по пяти и более ключевым элементам | E17: =IF(C17=C5,3,IF(C17=C6,2,IF(C17=C7,1,0))) -> 2 | H17: =E17*(1-F17)*(1-G17) -> 2 | I17: http://atkarsk.moyaokruga.ru/CityArticles.aspx?articleid=10567 | J17: Пункт 2 не соответствует (отутствует детализация по безвозмездным поступлениям, только общие суммы в динамике), пункт 4 не соотвествует (отсутствуют финансирование на 2018-2019 годы и целевые показатели по каждой МП в динамике 2018-2021 годов, желательно информацию разбить на две отдельные таблицы).
A18: 8 | B18: Базарно-Карабулакский | C18: Опубликован и содержит информацию по пяти и более ключевым элементам | E18: =IF(C18=C5,3,IF(C18=C6,2,IF(C18=C7,1,0))) -> 2 | H18: =E18*(1-F18)*(1-G18) -> 2 | I18: http://bkarabulak.sarmo.ru/index.php?option=com_content&view=article&id=3965&Itemid=312 | J18: Пункт 1 не соответствует (отсутствуют показатели, характеризующие численность и состав населения за 2020-2022 года), пункт 4 не соответствует (отсутствуют целевые показатели).
A19: 9 | B19: Балаковский | C19: Опубликован и содержит информацию по всем ключевым элементам | E19: =IF(C19=C5,3,IF(C19=C6,2,IF(C19=C7,1,0))) -> 3 | G19: 0.5 | H19: =E19*(1-F19)*(1-G19) -> 1.5 | I19: http://balkomfin.ru/ | J19: Дата последнего изменения файла - 26.03.2020. Бюджет для граждан, разработанный на основе решения о бюджете, должен быть опубликован в течение 10 рабочих дней после принятия решения о бюджете муниципального образования (решение о бюджете принято 24.12.2019)
A20: 10 | B20: Балашовский | C20: Опубликован и содержит информацию по пяти и более ключевым элементам | E20: =IF(C20=C5,3,IF(C20=C6,2,IF(C20=C7,1,0))) -> 2 | H20: =E20*(1-F20)*(1-G20) -> 2 | I20: http://baladmin.ru/administration/divisions-structure/finance/otkritiy-byudzhet.php | J20: Пункт 4 не соотвествует (отсутствуют финансирование на 2018-2019 годы).
A21: 11 | B21: Балтайский | C21: Опубликован и содержит информацию по пяти и более ключевым элементам | E21: =IF(C21=C5,3,IF(C21=C6,2,IF(C21=C7,1,0))) -> 2 | H21: =E21*(1-F21)*(1-G21) -> 2 | I21: http://adm-baltay.ru/finansovoe-upravlenie/byudzhet-dlya-grazhdan/ | J21: Пункт 1 не соответствует (нет данных об общей численности населения в динамике 2018-2021 годов), пункт 4 не соответствует (отсутствуют целевые показатели).
A22: 12 | B22: Вольский | C22: Опубликован и содержит информацию по пяти и более ключевым элементам | E22: =IF(C22=C5,3,IF(C22=C6,2,IF(C22=C7,1,0))) -> 2 | H22: =E22*(1-F22)*(1-G22) -> 2 | I22: http://вольск.рф/ | J22: Пункт 1 не соответствует (нет данных об общей численности населения за 2018-2022 года) , пункт 5 не соответствует (информация представлена об одном проекте, реализованном в 2019 году, нет информации о проектах, запланированных к реализации в 2020-2022 годах).
A23: 13 | B23: Воскресенский | C23: Опубликован и содержит информацию по трем и более ключевым элементам | E23: =IF(C23=C5,3,IF(C23=C6,2,IF(C23=C7,1,0))) -> 1 | H23: =E23*(1-F23)*(1-G23) -> 1 | I23: http://voskresensk64.ru/administration/statistics/Budget%20for%20citizens/2020-god/ | J23: Отсутствует пункт 5, пункт 1 не соответствует (отсутствуют показатели, характеризующие объем производства ), пункт 4 не соотвествует (нет данных за 2018 и 2022 года, отсутствуют целевые показатели), пункт 6 не соотвествует (нет динамики за 2018-2019 года).
A24: 14 | B24: Дергачевский | C24: Опубликован и содержит информацию по пяти и более ключевым элементам | E24: =IF(C24=C5,3,IF(C24=C6,2,IF(C24=C7,1,0))) -> 2 | H24: =E24*(1-F24)*(1-G24) -> 2 | I24: http://dergachi.sarmo.ru/byudzhet-dlya-grazhdan/ | J24: Пункт 2 не соответствует (на стр 22 представлена структура доходов консолидированного бюджета, а не бюджета муниципального района).
A25: 15 | B25: Духовницкий | C25: Не опубликован или содержит информацию менее чем по трем ключевым элементам | E25: =IF(C25=C5,3,IF(C25=C6,2,IF(C25=C7,1,0))) -> 0 | H25: =E25*(1-F25)*(1-G25) -> 0 | I25: http://duhovnitskoe.sarmo.ru/byudzhet-dlya-grazhdan/byudzhet-dlya-grazhdan/ | J25: Дата последнего изменения файла - 31.03.2020. Бюджет для граждан, разработанный на основе решения о бюджете, должен быть опубликован в течение 10 рабочих дней после принятия решения о бюджете муниципального образования (решение о бюджете принято 19.12.2019). Отсутствует пункт 5, пункт 1 не соответствует (нет данных об общей численности населения), пункт 2 не соответствует (отсутствует данамика, нет цифровых значений по показателям, входящим в структуру неналоговых доходов и безвозмездных поступлений), пункт 3 не соответстует (отсутствуют данные по 2018-2019 годам), пункт 4 не соответстует (отсутствуют целевые показатели).
A26: 16 | B26: Екатериновский | C26: Опубликован и содержит информацию по трем и более ключевым элементам | E26: =IF(C26=C5,3,IF(C26=C6,2,IF(C26=C7,1,0))) -> 1 | H26: =E26*(1-F26)*(1-G26) -> 1 | I26: http://ekaterinovka.sarmo.ru/byudzhet-dlya-grazhdan/ | J26: Отсутствуют пункты 4, 6 и 7.
A27: 17 | B27: Ершовский | C27: Опубликован и содержит информацию по пяти и более ключевым элементам | E27: =IF(C27=C5,3,IF(C27=C6,2,IF(C27=C7,1,0))) -> 2 | H27: =E27*(1-F27)*(1-G27) -> 2 | I27: http://ershov.sarmo.ru/byudzhet-i-finansy/byudzhet-dlya-grazhdan/ | J27: По предоставленной ссылке http://ershov.sarmo.ru/byudzhet-i-finansy/byudzhet-dlya-grazhdan/prezentaziya_byudjzet_na_2019_god.pptx открывается бюджет для граждан к решению о бюджете на 2019-2021 годы. Пункт 5 не соответствует (информация представлена об одном проекте, реализованном в 2019 году, нет информации о проектах, запланированных к реализации в 2020-2022 годах).
A28: 18 | B28: Ивантеевский | C28: Опубликован и содержит информацию по всем ключевым элементам | E28: =IF(C28=C5,3,IF(C28=C6,2,IF(C28=C7,1,0))) -> 3 | H28: =E28*(1-F28)*(1-G28) -> 3 | I28: http://ivanteevka.sarmo.ru/byudzhet-dlya-grazhdan/byudzhet-dlya-grazhdan/2020/
A29: 19 | B29: Калининский | C29: Не опубликован или содержит информацию менее чем по трем ключевым элементам | E29: =IF(C29=C5,3,IF(C29=C6,2,IF(C29=C7,1,0))) -> 0 | H29: =E29*(1-F29)*(1-G29) -> 0 | I29: http://kalininsk.sarmo.ru/byudzhet/byudzhet-dlya-grazhdan/ | J29: По предоставленной ссылке размещен бюджет для граждан, разработанный на основе проекта решения о бюджете муниципального образования, который был оценен в показателе 8.2 мониторинга прошлого года. В целях оценки показателя учитывается публикация бюджета для граждан, разработанного на основе первоначально принятого решения о бюджете муниципального образования на текущий финансовый год (текущий финансовый год и плановый период).
A30: 20 | B30: Красноармейский | C30: Не опубликован или содержит информацию менее чем по трем ключевым элементам | E30: =IF(C30=C5,3,IF(C30=C6,2,IF(C30=C7,1,0))) -> 0 | H30: =E30*(1-F30)*(1-G30) -> 0 | I30: http://krasnoarmeysk.sarmo.ru/krasnoarmeyskiy-rayon/byudzhet/byudzhet-dlya-grazhdan/ | J30: По предоставленной ссылке бюджет для граждан, разработанный на основе решения о бюджете муниципального образования на 2020 -2022 годы, отсутствует.
A31: 21 | B31: Краснокутский | C31: Опубликован и содержит информацию по пяти и более ключевым элементам | E31: =IF(C31=C5,3,IF(C31=C6,2,IF(C31=C7,1,0))) -> 2 | H31: =E31*(1-F31)*(1-G31) -> 2 | I31: http://krasny-kut.ru/krasnokutskij_rajon/finansy/novosti/ | J31: Пункт 4 не соотвествует (отсутствует финансирование в разбивке по программам в динамике 2018-2022 годов и целевые показатели в динамике 2018-2022 годов), пункт 6 не соответствует (нет данных за 2018 и 2019 годы).
A32: 22 | B32: Краснопартизанский | C32: Опубликован и содержит информацию по всем ключевым элементам | D32: Лишняя архивация одного файла. | E32: =IF(C32=C5,3,IF(C32=C6,2,IF(C32=C7,1,0))) -> 3 | H32: =E32*(1-F32)*(1-G32) -> 3 | I32: http://adminkmr.ru/index.php?option=com_content&view=article&id=1105:2014-05-20-10-48-44&catid=34:%D0%9E%D1%81%D0%BD%D0%BE%D0%B2%D0%BD%D0%B0%D1%8F%20%D0%BA%D0%B0%D1%82%D0%B5%D0%B3%D0%BE%D1%80%D0%B8%D1%8F
A33: 23 | B33: Лысогорский | C33: Опубликован и содержит информацию по трем и более ключевым элементам | E33: =IF(C33=C5,3,IF(C33=C6,2,IF(C33=C7,1,0))) -> 1 | H33: =E33*(1-F33)*(1-G33) -> 1 | I33: http://adm.lysyegory.ru/base/6658-byudzhet-dlja-grazhdan-lysogorskogo-mr-k-resheniyu-sobranija-lysogorskogo-mr-ot-20-12-2019-g-14.html | J33: Отсутствует пункт 5, 6 ,пункт 4 не соотвествует (отсутствуют целевые показатели).
A34: 24 | B34: Марксовский | C34: Опубликован и содержит информацию по трем и более ключевым элементам | E34: =IF(C34=C5,3,IF(C34=C6,2,IF(C34=C7,1,0))) -> 1 | H34: =E34*(1-F34)*(1-G34) -> 1 | I34: http://marksadm.ru/bdg-kf.html | J34: Обратите внимание, брошюра подготовлена на основании принятого решения о бюджете муниципального образования, а в заголовках некоторых слайдов, столбцов у таблиц и графиков подписано - проект. Пункты 1 и 5 отсутствуют, пункт 3 не соответствуют (отсутствует динамика за 2018-2022 года), пункт 6 не соответствует (нет данных по 2017-2018 годам).
A35: 25 | B35: Новобурасский | C35: Опубликован и содержит информацию по всем ключевым элементам | E35: =IF(C35=C5,3,IF(C35=C6,2,IF(C35=C7,1,0))) -> 3 | H35: =E35*(1-F35)*(1-G35) -> 3 | I35: http://www.nbfin.ru/byudzhet_dlya_grazhdan1/novoburasskij_municipal_nyj_rajon/2020_god/ | J35: В пункте 6 желательно указывать не только общую сумму муниципального долга, но и его структуру
A36: 26 | B36: Новоузенский | C36: Опубликован и содержит информацию по всем ключевым элементам | E36: =IF(C36=C5,3,IF(C36=C6,2,IF(C36=C7,1,0))) -> 3 | H36: =E36*(1-F36)*(1-G36) -> 3 | I36: http://novouzensk.ru/budget%20for%20people/byudzhet-dlya-grazhdan-2020/index.php
A37: 27 | B37: Озинский | C37: Опубликован и содержит информацию по трем и более ключевым элементам | E37: =IF(C37=C5,3,IF(C37=C6,2,IF(C37=C7,1,0))) -> 1 | H37: =E37*(1-F37)*(1-G37) -> 1 | I37: http://ozinki.sarmo.ru/byudzhet/byudzhet-dlya-grazhdan.php?ELEMENT_ID=4362 | J37: Обратите внимание, брошюра подготовлена на основании принятого решения о бюджете муниципального образования, а в заголовках столбцов у некоторых таблиц подписано - проект. Пункт 5 отсутствует, пункт 4 не соответствует (целевые показатели не по всем муниципальным программам представлены в динамике), пункт 6 не соответствует (в таблице нет данных за 2018-2019 года, а на графики не подписаны значения показателей).
A38: 28 | B38: Перелюбский | C38: Опубликован и содержит информацию по всем ключевым элементам | E38: =IF(C38=C5,3,IF(C38=C6,2,IF(C38=C7,1,0))) -> 3 | H38: =E38*(1-F38)*(1-G38) -> 3 | I38: http://adm-perelyb.ru/byudzhet-dlya-grazhdan/
A39: 29 | B39: Петровский | C39: Опубликован и содержит информацию по всем ключевым элементам | E39: =IF(C39=C5,3,IF(C39=C6,2,IF(C39=C7,1,0))) -> 3 | H39: =E39*(1-F39)*(1-G39) -> 3 | I39: https://petrovsk64.ru/sub-org/fin-upr/otkrytyy-byudzhet/byudzhet-dlya-grazhdan/ | J39: Обратите внимание, что на графиках на слайдах 7 и 8 ошибка при отражении значений.
A40: 30 | B40: Питерский | C40: Опубликован и содержит информацию по пяти и более ключевым элементам | E40: =IF(C40=C5,3,IF(C40=C6,2,IF(C40=C7,1,0))) -> 2 | H40: =E40*(1-F40)*(1-G40) -> 2 | I40: http://piterka.sarmo.ru/byudzhet-piterskogo-mr/byudzhet-dlya-grazhdan/byudzhet2020.php | J40: Отсутствует пункт 5, пункт 4 не соответствует (отсутствуют целевые показатели в динамике 2018-2022 г).
A41: 31 | B41: Пугачевский | C41: Опубликован и содержит информацию по пяти и более ключевым элементам | E41: =IF(C41=C5,3,IF(C41=C6,2,IF(C41=C7,1,0))) -> 2 | H41: =E41*(1-F41)*(1-G41) -> 2 | I41: http://pugachev-adm.ru/2020-2 | J41: Пункт 5 не соответствует (сведения представлены только по 2019 году, про плановый период 2020-2022 годов информация отсутствует).
A42: 32 | B42: Ровенский | C42: Опубликован и содержит информацию по всем ключевым элементам | E42: =IF(C42=C5,3,IF(C42=C6,2,IF(C42=C7,1,0))) -> 3 | H42: =E42*(1-F42)*(1-G42) -> 3 | I42: http://rovnoe.sarmo.ru/byudzhet/byudzhet-dlyagrazhdan/
A43: 33 | B43: Романовский | C43: Опубликован и содержит информацию по всем ключевым элементам | E43: =IF(C43=C5,3,IF(C43=C6,2,IF(C43=C7,1,0))) -> 3 | H43: =E43*(1-F43)*(1-G43) -> 3 | I43: http://romanovka.sarmo.ru/byudzhet-dlya-grazhdan/byudzhet-romanovskogo-munitsipalnogo-rayona/byudzhet-dlya-grazhdan.php
A44: 34 | B44: Ртищевский | C44: Опубликован и содержит информацию по пяти и более ключевым элементам | E44: =IF(C44=C5,3,IF(C44=C6,2,IF(C44=C7,1,0))) -> 2 | H44: =E44*(1-F44)*(1-G44) -> 2 | I44: http://rtishevo.sarmo.ru/finansovyy-organ/rtishchevskiy-munitsipalnyy-rayon/2020-god/byudzhet-dlya-grazhdan/ | J44: Пункт 1 не соответствует (отсутствуют данные об общей численности населения на 2020-2022 г), пункт 2 не соответствует (отсутствует данные о доходах в разрезе видов доходов в динамике 2018-2022 г).
A45: 35 | B45: Самойловский | C45: Опубликован и содержит информацию по пяти и более ключевым элементам | E45: =IF(C45=C5,3,IF(C45=C6,2,IF(C45=C7,1,0))) -> 2 | H45: =E45*(1-F45)*(1-G45) -> 2 | I45: https://sam64.ru/ekonomika-i-byudzhet/byudzhet/byudzhet-dlya-grazhdan/ | J45: Отсутствует пункт 5, пункт 4 не соответствует (оотсутствуют целевые показатели в динамике 2018-2022 годов).
A46: 36 | B46: Саратовский | C46: Опубликован и содержит информацию по трем и более ключевым элементам | E46: =IF(C46=C5,3,IF(C46=C6,2,IF(C46=C7,1,0))) -> 1 | H46: =E46*(1-F46)*(1-G46) -> 1 | I46: http://saratovskiyraion.ru/mestnyy-byudzhet/byudzhet-dlya-grazhdan/ | J46: Пункт 1 не соответствует (отсутствуют показатели, характеризующие общую численность населения в динамике 2018-2022), пункт 4 не соответствует ( не по всем муниципальным программамм указаны целевые показатели в динамике 2018-2022 г), пункт 6 не соответствует (нет данных по 2018-2019 годам).
A47: 37 | B47: Советский | C47: Опубликован и содержит информацию по пяти и более ключевым элементам | E47: =IF(C47=C5,3,IF(C47=C6,2,IF(C47=C7,1,0))) -> 2 | H47: =E47*(1-F47)*(1-G47) -> 2 | I47: https://stepnoe-adm.ru/administration/use-budget-funds/byudzhet-dlya-grazhdan/ | J47: Пункт 4 не соответствует ( не по всем муниципальным программамм указаны целевые показатели в динамике 2018-2022 г)
A48: 38 | B48: Татищевский | C48: Опубликован и содержит информацию по пяти и более ключевым элементам | D48: Есть баннер. | E48: =IF(C48=C5,3,IF(C48=C6,2,IF(C48=C7,1,0))) -> 2 | H48: =E48*(1-F48)*(1-G48) -> 2 | I48: http://tatishevo.saratov.gov.ru/index.php?option=com_content&view=article&id=Itemid=1827 | J48: Пункт 2 не соответствует (отсутствует данные о доходах в разрезе видов доходов в динамике 2018-2022 г), пункт 4 не соответствует ( не по всем муниципальным программамм указаны целевые показатели в динамике 2018-2022 г)
A49: 39 | B49: Турковский | C49: Опубликован и содержит информацию по трем и более ключевым элементам | E49: =IF(C49=C5,3,IF(C49=C6,2,IF(C49=C7,1,0))) -> 1 | H49: =E49*(1-F49)*(1-G49) -> 1 | I49: http://turki.sarmo.ru/otkrytyy-byudzhet/byudzhet-dlya-grazhdan/ | J49: Пункт 5 отсутствует, пункт 1 не соответствует (отсутствуют показатели, характеризующие состав населения за 2020-2022 года), пункт 2 не соответствует (не расписаны безвозмездные поступления в динамике 2018-2022 г), пункт 4 не соответствует (целевые показатели по муниципальным программамм указаны не в динамике 2018-2022 г)
A50: 40 | B50: Федоровский | C50: Опубликован и содержит информацию по пяти и более ключевым элементам | E50: =IF(C50=C5,3,IF(C50=C6,2,IF(C50=C7,1,0))) -> 2 | H50: =E50*(1-F50)*(1-G50) -> 2 | I50: http://fedormr.ru/byudzhet/2020/index.php | J50: Пункт 4 не соответствует (по некоторым муниципальным программам отсутствуют конкретные целевые показатели по каждому году)
A51: 41 | B51: Хвалынский | C51: Опубликован и содержит информацию по пяти и более ключевым элементам | E51: =IF(C51=C5,3,IF(C51=C6,2,IF(C51=C7,1,0))) -> 2 | H51: =E51*(1-F51)*(1-G51) -> 2 | I51: http://hvalynsk.sarmo.ru/administratsiya-khvalynskogo-munitsipalnogo-rayona/byudzhet/byudzhet-dlya-grazhdan.php | J51: Пункт 4 не соответствует (целевые показатели по муниципальным программамм указаны не в динамике 2018-2022 г).
A52: 42 | B52: Энгельсский | C52: Опубликован и содержит информацию по пяти и более ключевым элементам | E52: =IF(C52=C5,3,IF(C52=C6,2,IF(C52=C7,1,0))) -> 2 | H52: =E52*(1-F52)*(1-G52) -> 2 | I52: http://www.engels-city.ru/byudzhet-dlya-grazhdan | J52: Пункт 4 не соответствует ( не по всем муниципальным программамм указаны целевые показатели в динамике 2018-2022 г. ).

Sheet Раздел 2
A1: 2.1 Итоговое значение рейтинга открытости и прозрачности муниципальных учреждений муниципального образования, рассчитанного на основе данных раздела «Независимая система оценки качества» официального сайта Российской Федерации для размещения информации о государственных (муниципальных) учреждениях (www.bus.gov.ru)
A2: Источник информации | C2: Официальный сайт Российской Федерации для размещения информации о государственных (муниципальных) учреждениях (www.bus.gov.ru), раздел «Независимая система оценки качества»; перечень муниципальных учреждений муниципального образования, представляемый финансовыми органами муниципальных образований в министерство финансов в срок, предусмотренный для направления информации по I этапу.
A3: Дата проведения оценки | C3: 06 -30.04.2020
A4: № п/п | B4: Наименование муниципального образования Саратовской обалсти | C4: ='Методика I этап'!B19 -> Итоговое значение рейтинга открытости и прозрачности муниципальных учреждений муниципального образования, рассчитанного на основе данных раздела «Независимая система оценки качества» официального сайта Российской Федерации для размещения информации о государственных (муниципальных) учреждениях (www.bus.gov.ru) | D4: Оценка показателя 2.1
C5: 0,95 и более | D5: баллы
C6: 0,9 и более
C7: 0,8 и более
C8: менее 0,8
B9: Городские округа
A10: 1 | B10: г. Саратов | C10: ='Раздел 2. г. Саратов'!I398 -> 1 | D10: =IF(C10>=0.95,3,IF(C10>=0.9,2,IF(C10>=0.8,1,0))) -> 3
A11: 2 | B11: п. Михайловское | C11: ='Раздел 2. п. Михайловское'!I15 -> 1 | D11: =IF(C11>=0.95,3,IF(C11>=0.9,2,IF(C11>=0.8,1,0))) -> 3
A12: 3 | B12: ЗАТО Светлый | C12: ='Раздел 2. ЗАТО Светлый'!I22 -> 1 | D12: =IF(C12>=0.95,3,IF(C12>=0.9,2,IF(C12>=0.8,1,0))) -> 3
A13: 4 | B13: г. Шиханы | C13: ='Раздел 2. г. Шиханы'!I19 -> 1 | D13: =IF(C13>=0.95,3,IF(C13>=0.9,2,IF(C13>=0.8,1,0))) -> 3
B14: Муниципальные районы
A15: 5 | B15: Александрово-Гайский | C15: ='Раздел 2.Александрово-Гайский '!I34 -> 1 | D15: =IF(C15>=0.95,3,IF(C15>=0.9,2,IF(C15>=0.8,1,0))) -> 3
A16: 6 | B16: Аркадакский | C16: ='Раздел 2. Аркадский '!I40 -> 1 | D16: =IF(C16>=0.95,3,IF(C16>=0.9,2,IF(C16>=0.8,1,0))) -> 3
A17: 7 | B17: Аткарский | C17: ='Раздел 2. Аткарский'!I46 -> 1 | D17: =IF(C17>=0.95,3,IF(C17>=0.9,2,IF(C17>=0.8,1,0))) -> 3
A18: 8 | B18: Базарно-Карабулакский | C18: ='Раздел 2. Базарно-Карабулакский'!I80 -> 1 | D18: =IF(C18>=0.95,3,IF(C18>=0.9,2,IF(C18>=0.8,1,0))) -> 3
A19: 9 | B19: Балаковский | C19: ='Раздел 2. Балаковский'!I135 -> 0.99685039 | D19: =IF(C19>=0.95,3,IF(C19>=0.9,2,IF(C19>=0.8,1,0))) -> 3
A20: 10 | B20: Балашовский | C20: ='Раздел 2. Балашовский'!I100 -> 0.99130435 | D20: =IF(C20>=0.95,3,IF(C20>=0.9,2,IF(C20>=0.8,1,0))) -> 3
A21: 11 | B21: Балтайский | C21: ='Раздел 2. Балтайский'!I35 -> 1 | D21: =IF(C21>=0.95,3,IF(C21>=0.9,2,IF(C21>=0.8,1,0))) -> 3
A22: 12 | B22: Вольский | C22: ='Раздел 2. Вольский '!I90 -> 1 | D22: =IF(C22>=0.95,3,IF(C22>=0.9,2,IF(C22>=0.8,1,0))) -> 3
A23: 13 | B23: Воскресенский | C23: ='Раздел 2. Воскресенский'!I32 -> 1 | D23: =IF(C23>=0.95,3,IF(C23>=0.9,2,IF(C23>=0.8,1,0))) -> 3
A24: 14 | B24: Дергачевский | C24: ='Раздел 2. Дергачевский'!I52 -> 1 | D24: =IF(C24>=0.95,3,IF(C24>=0.9,2,IF(C24>=0.8,1,0))) -> 3
A25: 15 | B25: Духовницкий | C25: ='Раздел 2. Духовницкий'!I34 -> 1 | D25: =IF(C25>=0.95,3,IF(C25>=0.9,2,IF(C25>=0.8,1,0))) -> 3
A26: 16 | B26: Екатериновский | C26: ='Раздел 2. Екатериновский'!I46 -> 0.98947368 | D26: =IF(C26>=0.95,3,IF(C26>=0.9,2,IF(C26>=0.8,1,0))) -> 3
A27: 17 | B27: Ершовский | C27: ='Раздел 2. Ершовский'!I58 -> 1 | D27: =IF(C27>=0.95,3,IF(C27>=0.9,2,IF(C27>=0.8,1,0))) -> 3
A28: 18 | B28: Ивантеевский | C28: ='Раздел 2. Ивантеевский'!I36 -> 1 | D28: =IF(C28>=0.95,3,IF(C28>=0.9,2,IF(C28>=0.8,1,0))) -> 3
A29: 19 | B29: Калининский | C29: ='Раздел 2. Калининский'!I55 -> 1 | D29: =IF(C29>=0.95,3,IF(C29>=0.9,2,IF(C29>=0.8,1,0))) -> 3
A30: 20 | B30: Красноармейский | C30: ='Раздел 2. Красноармейский'!I70 -> 1 | D30: =IF(C30>=0.95,3,IF(C30>=0.9,2,IF(C30>=0.8,1,0))) -> 3
A31: 21 | B31: Краснокутский | C31: ='Раздел 2. Краснокутский'!I62 -> 1 | D31: =IF(C31>=0.95,3,IF(C31>=0.9,2,IF(C31>=0.8,1,0))) -> 3
A32: 22 | B32: Краснопартизанский | C32: ='Раздел 2. Краснопартизанский'!I31 -> 1 | D32: =IF(C32>=0.95,3,IF(C32>=0.9,2,IF(C32>=0.8,1,0))) -> 3
A33: 23 | B33: Лысогорский | C33: ='Раздел 2. Лысогорский'!I46 -> 1 | D33: =IF(C33>=0.95,3,IF(C33>=0.9,2,IF(C33>=0.8,1,0))) -> 3
A34: 24 | B34: Марксовский | C34: ='Раздел 2. Марксовский'!I81 -> 1 | D34: =IF(C34>=0.95,3,IF(C34>=0.9,2,IF(C34>=0.8,1,0))) -> 3
A35: 25 | B35: Новобурасский | C35: ='Раздел 2. Новобурасский'!I50 -> 1 | D35: =IF(C35>=0.95,3,IF(C35>=0.9,2,IF(C35>=0.8,1,0))) -> 3
A36: 26 | B36: Новоузенский | C36: ='Раздел 2. Новоузенский'!I73 -> 0.98490566 | D36: =IF(C36>=0.95,3,IF(C36>=0.9,2,IF(C36>=0.8,1,0))) -> 3
A37: 27 | B37: Озинский | C37: ='Раздел 2. Озинский'!I53 -> 1 | D37: =IF(C37>=0.95,3,IF(C37>=0.9,2,IF(C37>=0.8,1,0))) -> 3
A38: 28 | B38: Перелюбский | C38: ='Раздел 2. Перелюбский'!I44 -> 0.97777778 | D38: =IF(C38>=0.95,3,IF(C38>=0.9,2,IF(C38>=0.8,1,0))) -> 3
A39: 29 | B39: Петровский | C39: ='Раздел 2. Петровский'!I62 -> 0.99259259 | D39: =IF(C39>=0.95,3,IF(C39>=0.9,2,IF(C39>=0.8,1,0))) -> 3
A40: 30 | B40: Питерский | C40: ='Раздел 2. Питерский'!I48 -> 1 | D40: =IF(C40>=0.95,3,IF(C40>=0.9,2,IF(C40>=0.8,1,0))) -> 3
A41: 31 | B41: Пугачевский | C41: ='Раздел 2. Пугачевский'!I89 -> 0.99012346 | D41: =IF(C41>=0.95,3,IF(C41>=0.9,2,IF(C41>=0.8,1,0))) -> 3
A42: 32 | B42: Ровенский | C42: ='Раздел 2. Ровенский'!I48 -> 1 | D42: =IF(C42>=0.95,3,IF(C42>=0.9,2,IF(C42>=0.8,1,0))) -> 3
A43: 33 | B43: Романовский | C43: ='Раздел 2. Романовский'!I39 -> 1 | D43: =IF(C43>=0.95,3,IF(C43>=0.9,2,IF(C43>=0.8,1,0))) -> 3
A44: 34 | B44: Ртищевский | C44: ='Раздел 2. Ртищевский'!I81 -> 1 | D44: =IF(C44>=0.95,3,IF(C44>=0.9,2,IF(C44>=0.8,1,0))) -> 3
A45: 35 | B45: Самойловский | C45: ='Раздел 2. Самойловский'!I32 -> 1 | D45: =IF(C45>=0.95,3,IF(C45>=0.9,2,IF(C45>=0.8,1,0))) -> 3
A46: 36 | B46: Саратовский | C46: ='Раздел 2. Саратовский'!I68 -> 1 | D46: =IF(C46>=0.95,3,IF(C46>=0.9,2,IF(C46>=0.8,1,0))) -> 3
A47: 37 | B47: Советский | C47: ='Раздел 2. Советский'!I42 -> 1 | D47: =IF(C47>=0.95,3,IF(C47>=0.9,2,IF(C47>=0.8,1,0))) -> 3
A48: 38 | B48: Татищевский | C48: ='Раздел 2. Татищевский'!I38 -> 1 | D48: =IF(C48>=0.95,3,IF(C48>=0.9,2,IF(C48>=0.8,1,0))) -> 3
A49: 39 | B49: Турковский | C49: ='Раздел 2. Турковский'!I37 -> 1 | D49: =IF(C49>=0.95,3,IF(C49>=0.9,2,IF(C49>=0.8,1,0))) -> 3
A50: 40 | B50: Федоровский | C50: ='Раздел 2. Федоровский'!I41 -> 1 | D50: =IF(C50>=0.95,3,IF(C50>=0.9,2,IF(C50>=0.8,1,0))) -> 3
A51: 41 | B51: Хвалынский | C51: ='Раздел 2. Хвалынский'!I42 -> 1 | D51: =IF(C51>=0.95,3,IF(C51>=0.9,2,IF(C51>=0.8,1,0))) -> 3
A52: 42 | B52: Энгельсский | C52: ='Раздел 2. Энгельсский'!I197 -> 1 | D52: =IF(C52>=0.95,3,IF(C52>=0.9,2,IF(C52>=0.8,1,0))) -> 3

Sheet Раздел 2. г. Саратов
A1: 2.1 Итоговое значение рейтинга открытости и прозрачности муниципальных учреждений муниципального образования, рассчитанного на основе данных раздела «Независимая система оценки качества» официального сайта Российской Федерации для размещения информации о государственных (муниципальных) учреждениях (www.bus.gov.ru)
A2: Наименование муниципального образования | C2: г. Саратов
A3: Дата проведения оценки | C3: 43951
A4: Комментарий:
A5: Показатели Roii, Rmzi, Rpfhdi при наличии опубликованной информации на указанном сайте принимают значения 1, в иных случаях – 0. Если муниципальному учреждению муниципальное задание не предоставляется (муниципальное учреждение является казенным или учреждение осуществляет деятельность в сфере обязательного медицинского страхования на основании договора на оказание и оплату медицинской помощи по обязательному медицинскому страхованию), то показатель Rmzi принимает значение 1, в иных случаях – 0.
A6: № п/п | B6: Полное наименование учреждения | C6: Сокращенное наименование учреждения | D6: Тип учреждения | E6: Отметка об отсутствии муниципального задания и/или плана финансово-хозяйственной деятельности с указанием причины | F6: Общая информация (Roii) | G6: на 2020 год | I6: Рейтинг открытости и прозрачности по учреждению (Ri=Roii*0,2+ Rmzi*0,4+ Rpfhdi*0,4) | J6: Комментарии
G7: Информация о муниципальном задании (Rmzi) | H7: Информация о ПФХД или показателях бюджетной сметы (Rpfhdi)
A8: 1 | B8: муниципальное бюджетное учреждение дополнительного образования "Центральная детская музыкальная школа" | C8: МБУДО "ЦДМШ" | D8: бюджетное | F8: 1 | G8: 1 | H8: 1 | I8: =F8*0.2+G8*0.4+H8*0.4 -> 1
A9: 2 | B9: муниципальное бюджетное учреждение дополнительного образования "Детская школа искусств №1" | C9: МБУДО "ДШИ № 1" | D9: бюджетное | F9: 1 | G9: 1 | H9: 1 | I9: =F9*0.2+G9*0.4+H9*0.4 -> 1
A10: 3 | B10: муниципальное бюджетное учреждение дополнительного образования "Детская школа искусств № 2" | C10: МБУДО "ДШИ № 2" | D10: бюджетное | F10: 1 | G10: 1 | H10: 1 | I10: =F10*0.2+G10*0.4+H10*0.4 -> 1
A11: 4 | B11: муниципальное бюджетное учреждение дополнительного образования "Детская музыкальная школа № 3" | C11: МБУДО "ДМШ № 3" | D11: бюджетное | F11: 1 | G11: 1 | H11: 1 | I11: =F11*0.2+G11*0.4+H11*0.4 -> 1
A12: 5 | B12: муниципальное бюджетное учреждение дополнительного образования "Детская музыкальная школа № 4" | C12: МБУДО "ДМШ № 4" | D12: бюджетное | F12: 1 | G12: 1 | H12: 1 | I12: =F12*0.2+G12*0.4+H12*0.4 -> 1
A13: 6 | B13: муниципальное бюджетное учреждение дополнительного образования "Детская музыкальная школа № 5" | C13: МБУДО "ДМШ № 5" | D13: бюджетное | F13: 1 | G13: 1 | H13: 1 | I13: =F13*0.2+G13*0.4+H13*0.4 -> 1
A14: 7 | B14: муниципальное бюджетное учреждение дополнительного образования "Детская музыкальная школа № 6" | C14: МБУДО "ДМШ № 6" | D14: бюджетное | F14: 1 | G14: 1 | H14: 1 | I14: =F14*0.2+G14*0.4+H14*0.4 -> 1
A15: 8 | B15: муниципальное бюджетное учреждение дополнительного образования "Детская музыкальная школа № 7" | C15: МБУДО "ДМШ № 7" | D15: бюджетное | F15: 1 | G15: 1 | H15: 1 | I15: =F15*0.2+G15*0.4+H15*0.4 -> 1
A16: 9 | B16: муниципальное бюджетное учреждение дополнительного образования "Детская школа искусств № 8" | C16: МБУДО "ДШИ № 8" | D16: бюджетное | F16: 1 | G16: 1 | H16: 1 | I16: =F16*0.2+G16*0.4+H16*0.4 -> 1
A17: 10 | B17: муниципальное бюджетное учреждение дополнительного образования "Детская музыкальная школа № 9" | C17: МБУДО "ДМШ № 9" | D17: бюджетное | F17: 1 | G17: 1 | H17: 1 | I17: =F17*0.2+G17*0.4+H17*0.4 -> 1
A18: 11 | B18: муниципальное бюджетное учреждение дополнительного образования "Детская школа искусств № 10" | C18: МБУДО "ДШИ № 10" | D18: бюджетное | F18: 1 | G18: 1 | H18: 1 | I18: =F18*0.2+G18*0.4+H18*0.4 -> 1
A19: 12 | B19: муниципальное бюджетное учреждение дополнительного образования "Детская школа искусств № 11" | C19: МБУДО "ДШИ № 11" | D19: бюджетное | F19: 1 | G19: 1 | H19: 1 | I19: =F19*0.2+G19*0.4+H19*0.4 -> 1
... A57: 50 | B57: Муниципальное бюджетное дошкольное образовательное учреждение "Детский сад компенсирующего вида № 82" г. Саратова | C57: МБДОУ "Детский сад компенсирующего вида № 82" г. Саратова | D57: бюджетное | F57: 1 | G57: 1 | H57: 1 | I57: =F57*0.2+G57*0.4+H57*0.4 -> 1
A58: 51 | B58: Муниципальное бюджетное дошкольное образовательное учреждение "Детский сад присмотра и оздоровления № 108" г. Саратова | C58: МБДОУ "ДСПиО № 108" | D58: бюджетное | F58: 1 | G58: 1 | H58: 1 | I58: =F58*0.2+G58*0.4+H58*0.4 -> 1 | J58: Обратите внимание, на странице не указан номер муниципального задания.
A59: 52 | B59: Муниципальное бюджетное дошкольное образовательное учреждение "Детский сад компенсирующего вида № 137" | C59: МБДОУ "Детский сад компенсирующего вида № 137" | D59: бюджетное | F59: 1 | G59: 1 | H59: 1 | I59: =F59*0.2+G59*0.4+H59*0.4 -> 1
A60: 53 | B60: муниципальное автономное дошкольное образовательное учреждение "Детский сад компенсирующего вида № 146" г. Саратова | C60: МАДОУ "Детский сад компенсирующего вида № 146" | D60: автономное | F60: 1 | G60: 1 | H60: 1 | I60: =F60*0.2+G60*0.4+H60*0.4 -> 1
A61: 54 | B61: Муниципальное бюджетное дошкольное образовательное учреждение "Детский сад присмотра и оздоровления № 151" г. Саратова | C61: МБДОУ "Детский сад присмотра и оздоровления № 151" г. Саратова | D61: бюджетное | F61: 1 | G61: 1 | H61: 1 | I61: =F61*0.2+G61*0.4+H61*0.4 -> 1
A62: 55 | B62: Муниципальное бюджетное дошкольное образовательное учреждение "Детский сад компенсирующего вида № 159" г. Саратова | C62: МБДОУ "Детский сад компенсирующего вида № 159" | D62: бюджетное | F62: 1 | G62: 1 | H62: 1 | I62: =F62*0.2+G62*0.4+H62*0.4 -> 1
A63: 56 | B63: Муниципальное бюджетное дошкольное образовательное учреждение "Детский сад компенсирующего вида № 163" г. Саратова | C63: МБДОУ "Детский сад компенсирующего вида № 163" | D63: бюджетное | F63: 1 | G63: 1 | H63: 1 | I63: =F63*0.2+G63*0.4+H63*0.4 -> 1
A64: 57 | B64: Муниципальное бюджетное дошкольное образовательное учреждение "Детский сад присмотра и оздоровления № 190" города Саратова | C64: МБДОУ "Детский сад присмотра и оздоровления № 190" г. Саратова | D64: бюджетное | F64: 1 | G64: 1 | H64: 1 | I64: =F64*0.2+G64*0.4+H64*0.4 -> 1
A65: 58 | B65: муниципальное бюджетное дошкольное образовательное учреждение - детский сад № 196 компенсирующего вида города Саратова | C65: МБДОУ - детский сад № 196 компенсирующего вида г. Саратова | D65: бюджетное | F65: 1 | G65: 1 | H65: 1 | I65: =F65*0.2+G65*0.4+H65*0.4 -> 1
A66: 59 | B66: муниципальное бюджетное дошкольное образовательное учреждение "Детский сад присмотра и оздоровления № 203" города Саратова | C66: МБДОУ "Детский сад присмотра и оздоровления № 203" г. Саратова | D66: бюджетное | F66: 1 | G66: 1 | H66: 1 | I66: =F66*0.2+G66*0.4+H66*0.4 -> 1
A67: 60 | B67: Муниципальное бюджетное дошкольное образовательное учреждение "Детский сад компенсирующего вида № 223" г. Саратова | C67: МБДОУ "Детский сад компенсирующего вида № 223" г. Саратова | D67: бюджетное | F67: 1 | G67: 1 | H67: 1 | I67: =F67*0.2+G67*0.4+H67*0.4 -> 1
A68: 61 | B68: Муниципальное бюджетное дошкольное образовательное учреждение "Детский сад компенсирующего вида № 225" г. Саратова | C68: МБДОУ "Детский сад компенсирующего вида № 225" | D68: бюджетное | F68: 1 | G68: 1 | H68: 1 | I68: =F68*0.2+G68*0.4+H68*0.4 -> 1
A69: 62 | B69: Муниципальное автономное дошкольное образовательное учреждение "Детский сад комбинированного вида № 232" города Саратова | C69: МАДОУ "Детский сад комбинированного вида № 232" города Саратова | D69: автономное | F69: 1 | G69: 1 | H69: 1 | I69: =F69*0.2+G69*0.4+H69*0.4 -> 1
A70: 63 | B70: муниципальное бюджетное общеобразовательное учреждение "Прогимназия № 237 "Семицветик" г. Саратова | C70: МБОУ "Прогимназия № 237 "Семицветик" | D70: бюджетное | F70: 1 | G70: 1 | H70: 1 | I70: =F70*0.2+G70*0.4+H70*0.4 -> 1
... A79: 72 | B79: муниципальное дошкольное образовательное учреждение "Детский сад № 119 " г.Саратова | C79: МДОУ "Детский сад № 119" г. Саратова | D79: бюджетное | F79: 1 | G79: 1 | H79: 1 | I79: =F79*0.2+G79*0.4+H79*0.4 -> 1
A80: 73 | B80: Муниципальное учреждение "Центральная спортивная школа олимпийского резерва" | C80: МУ "ЦСШОР" | D80: бюджетное | F80: 1 | G80: 1 | H80: 1 | I80: =F80*0.2+G80*0.4+H80*0.4 -> 1 | J80: Обратите внимание, на странице не указан номер муниципального задания.
A81: 74 | B81: Муниципальное учреждение "Спортивная школа олимпийского резерва № 3" г. Саратова | C81: МУ "СШОР № 3" г. Саратова | D81: бюджетное | F81: 1 | G81: 1 | H81: 1 | I81: =F81*0.2+G81*0.4+H81*0.4 -> 1
A82: 75 | B82: Муниципальное автономное учреждение "Спортивная школа олимпийского резерва №14 "Волга" | C82: МАУ "СШОР №14 "Волга" | D82: автономное | F82: 1 | G82: 1 | H82: 1 | I82: =F82*0.2+G82*0.4+H82*0.4 -> 1
A83: 76 | B83: Муниципальное автономное учреждение "Дирекция физкультурно-оздоровительных и спортивных сооружений" | C83: МАУ "ДФОСС" | D83: автономное | F83: 1 | G83: 1 | H83: 1 | I83: =F83*0.2+G83*0.4+H83*0.4 -> 1
A84: 77 | B84: Муниципальное автономное учреждение дополнительного образования "Детский оздоровительно-образовательный спортивный центр" | C84: МАУ ДО "ДООСЦ" | D84: автономное | F84: 1 | G84: 1 | H84: 1 | I84: =F84*0.2+G84*0.4+H84*0.4 -> 1
A85: 78 | B85: Муниципальное бюджетное учреждение «Городская аварийно-ремонтная служба 05» | C85: МБУ "ГАРС-05" | D85: бюджетное | F85: 1 | G85: 1 | H85: 1 | I85: =F85*0.2+G85*0.4+H85*0.4 -> 1
A86: 79 | B86: муниципальное бюджетное учреждение "Служба благоустройства города" | C86: МБУ "Служба благоустройства города" | D86: бюджетное | F86: 1 | G86: 1 | H86: 1 | I86: =F86*0.2+G86*0.4+H86*0.4 -> 1
A87: 80 | B87: Муниципальное бюджетное учреждение "Дорстрой" | C87: МБУ "Дорстрой" | D87: бюджетное | F87: 1 | G87: 1 | H87: 1 | I87: =F87*0.2+G87*0.4+H87*0.4 -> 1
A88: 81 | B88: муниципальное бюджетное учреждение "Спецавтохозяйство по уборке города" | C88: МБУ "Спецавтохозяйство по уборке города" | D88: бюджетное | F88: 1 | G88: 1 | H88: 1 | I88: =F88*0.2+G88*0.4+H88*0.4 -> 1
A89: 82 | B89: муниципальное автономное дошкольное образовательное учреждение "Детский сад № 2 "Песенка" Фрунзенского района г. Саратова | C89: МАДОУ "Детский сад № 2 "Песенка" | D89: автономное | F89: 1 | G89: 1 | H89: 1 | I89: =F89*0.2+G89*0.4+H89*0.4 -> 1
A90: 83 | B90: Муниципальное дошкольное образовательное учреждение "Детский сад комбинированного вида №8 "Ягодка" Фрунзенского района г.Саратова | C90: МДОУ "Детский сад комбинированного вида №8" | D90: бюджетное | F90: 1 | G90: 1 | H90: 1 | I90: =F90*0.2+G90*0.4+H90*0.4 -> 1
A91: 84 | B91: Муниципальное дошкольное образовательное учреждение "Детский сад № 14 "Ёжик" Фрунзенского района г. Саратова | C91: МДОУ "Детский сад № 14 "Ёжик" Фрунзенского района г. Саратова | D91: бюджетное | F91: 1 | G91: 1 | H91: 1 | I91: =F91*0.2+G91*0.4+H91*0.4 -> 1
A92: 85 | B92: Муниципальное дошкольное образовательное учреждение "Детский сад № 25 "Маячок" Фрунзенского района г. Саратова | C92: МДОУ "Детский сад № 25 "Маячок" | D92: бюджетное | F92: 1 | G92: 1 | H92: 1 | I92: =F92*0.2+G92*0.4+H92*0.4 -> 1
... A108: 101 | B108: Муниципальное дошкольное образовательное учреждение "Детский сад комбинированного вида № 17" Ленинского района г. Саратова | C108: МДОУ "Детский сад комбинированного вида № 17" | D108: бюджетное | F108: 1 | G108: 1 | H108: 1 | I108: =F108*0.2+G108*0.4+H108*0.4 -> 1
A109: 102 | B109: Муниципальное дошкольное образовательное учреждение "Детский сад № 46" Ленинского района г. Саратова | C109: МДОУ "Детский сад № 46" | D109: бюджетное | F109: 1 | G109: 1 | H109: 1 | I109: =F109*0.2+G109*0.4+H109*0.4 -> 1 | J109: Обратите внимание, на странице не указан номер муниципального задания.
A110: 103 | B110: Муниципальное дошкольное образовательное учреждение "Детский сад № 48" Ленинского района г. Саратова | C110: МДОУ "Детский сад № 48" | D110: бюджетное | F110: 1 | G110: 1 | H110: 1 | I110: =F110*0.2+G110*0.4+H110*0.4 -> 1
A111: 104 | B111: муниципальное дошкольное образовательное учреждение "Детский сад № 53" Ленинского района г. Саратова | C111: МДОУ "Детский сад № 53" | D111: бюджетное | F111: 1 | G111: 1 | H111: 1 | I111: =F111*0.2+G111*0.4+H111*0.4 -> 1 | J111: Обратите внимание, на странице не указан номер муниципального задания.
A112: 105 | B112: Муниципальное дошкольное образовательное учреждение "Детский сад № 75" Ленинского района г. Саратова | C112: МДОУ "Детский сад № 75" | D112: бюджетное | F112: 1 | G112: 1 | H112: 1 | I112: =F112*0.2+G112*0.4+H112*0.4 -> 1
A113: 106 | B113: Муниципальное дошкольное образовательное учреждение "Детский сад № 76" Ленинского района г. Саратова | C113: МДОУ "Детский сад № 76" | D113: бюджетное | F113: 1 | G113: 1 | H113: 1 | I113: =F113*0.2+G113*0.4+H113*0.4 -> 1
A114: 107 | B114: Муниципальное дошкольное образовательное учреждение "Детский сад № 77" Ленинского района г. Саратова | C114: МДОУ "Детский сад № 77" | D114: бюджетное | F114: 1 | G114: 1 | H114: 1 | I114: =F114*0.2+G114*0.4+H114*0.4 -> 1
A115: 108 | B115: Муниципальное общеобразовательное учреждение "Начальная общеобразовательная школа № 78" Ленинского района г.Саратова | C115: МОУ "НОШ № 78" | D115: бюджетное | F115: 1 | G115: 1 | H115: 1 | I115: =F115*0.2+G115*0.4+H115*0.4 -> 1
A116: 109 | B116: Муниципальное дошкольное образовательное учреждение "Детский сад № 83" Ленинского района г. Саратова | C116: МДОУ "Детский сад № 83" | D116: бюджетное | F116: 1 | G116: 1 | H116: 1 | I116: =F116*0.2+G116*0.4+H116*0.4 -> 1 | J116: Обратите внимание, на странице не указан номер муниципального задания.
A117: 110 | B117: муниципальное дошкольное образовательное учреждение "Детский сад №84" Ленинского района г. Саратова | C117: МДОУ "Детский сад № 84" | D117: бюджетное | F117: 1 | G117: 1 | H117: 1 | I117: =F117*0.2+G117*0.4+H117*0.4 -> 1
A118: 111 | B118: муниципальное общеобразовательное учреждение "Начальная общеобразовательная школа № 88" Ленинского района г. Саратова | C118: МОУ НОШ № 88 | D118: бюджетное | F118: 1 | G118: 1 | H118: 1 | I118: =F118*0.2+G118*0.4+H118*0.4 -> 1
A119: 112 | B119: Муниципальное дошкольное образовательное учреждение "Детский сад № 95" Ленинского района г.Саратова | C119: МДОУ "Детский сад № 95" | D119: бюджетное | F119: 1 | G119: 1 | H119: 1 | I119: =F119*0.2+G119*0.4+H119*0.4 -> 1 | J119: Обратите внимание, на странице не указан номер муниципального задания.
A120: 113 | B120: МУНИЦИПАЛЬНОЕ ДОШКОЛЬНОЕ ОБРАЗОВАТЕЛЬНОЕ УЧРЕЖДЕНИЕ "ДЕТСКИЙ САД КОМБИНИРОВАННОГО ВИДА № 114" ЛЕНИНСКОГО РАЙОНА Г. САРАТОВА | C120: МДОУ "ДЕТСКИЙ САД № 114 " | D120: бюджетное | F120: 1 | G120: 1 | H120: 1 | I120: =F120*0.2+G120*0.4+H120*0.4 -> 1 | J120: Обратите внимание, на странице не указан номер муниципального задания.
A121: 114 | B121: Муниципальное дошкольное образовательное учреждение "Детский сад комбинированного вида № 117" Ленинского района г. Саратова | C121: МДОУ "Детский сад комбинированного вида № 117" | D121: бюджетное | F121: 1 | G121: 1 | H121: 1 | I121: =F121*0.2+G121*0.4+H121*0.4 -> 1
A122: 115 | B122: Муниципальное дошкольное образовательное учреждение "Детский сад № 118" Ленинского района г. Саратова | C122: МДОУ "Детский сад № 118" | D122: бюджетное | F122: 1 | G122: 1 | H122: 1 | I122: =F122*0.2+G122*0.4+H122*0.4 -> 1
A123: 116 | B123: Муниципальное дошкольное образовательное учреждение "Детский сад № 125" Ленинского района г. Саратова | C123: МДОУ "Детский сад № 125" | D123: бюджетное | F123: 1 | G123: 1 | H123: 1 | I123: =F123*0.2+G123*0.4+H123*0.4 -> 1
A124: 117 | B124: Муниципальное дошкольное образовательное учреждение "Детский сад № 128" Ленинского района г. Саратова | C124: МДОУ "Детский сад № 128" | D124: бюджетное | F124: 1 | G124: 1 | H124: 1 | I124: =F124*0.2+G124*0.4+H124*0.4 -> 1
A125: 118 | B125: Муниципальное дошкольное образовательное учреждение "Детский сад № 132" Ленинского района г. Саратова | C125: МДОУ "Детский сад № 132" | D125: бюджетное | F125: 1 | G125: 1 | H125: 1 | I125: =F125*0.2+G125*0.4+H125*0.4 -> 1 | J125: Обратите внимание, на странице не указан номер муниципального задания.
A126: 119 | B126: Муниципальное дошкольное образовательное учреждение "Детский сад № 138" Ленинского района г. Саратова | C126: МДОУ "Детский сад № 138" | D126: бюджетное | F126: 1 | G126: 1 | H126: 1 | I126: =F126*0.2+G126*0.4+H126*0.4 -> 1
A127: 120 | B127: Муниципальное дошкольное образовательное учреждение "Детский сад № 142" Ленинского района г. Саратова | C127: МДОУ "Детский сад № 142" | D127: бюджетное | F127: 1 | G127: 1 | H127: 1 | I127: =F127*0.2+G127*0.4+H127*0.4 -> 1
A128: 121 | B128: Муниципальное дошкольное образовательное учреждение "Детский сад № 150" Ленинского района г. Саратова | C128: МДОУ "Детский сад № 150" | D128: бюджетное | F128: 1 | G128: 1 | H128: 1 | I128: =F128*0.2+G128*0.4+H128*0.4 -> 1 | J128: Обратите внимание, на странице не указан номер муниципального задания.
A129: 122 | B129: Муниципальное дошкольное образовательное учреждение "Детский сад № 152" Ленинского района г.Саратова | C129: МДОУ "Детский сад № 152" | D129: бюджетное | F129: 1 | G129: 1 | H129: 1 | I129: =F129*0.2+G129*0.4+H129*0.4 -> 1 | J129: Обратите внимание, на странице не указан номер муниципального задания.
A130: 123 | B130: Муниципальное дошкольное образовательное учреждение "Детский сад № 153" Ленинского района г.Саратова | C130: МДОУ "Детский сад № 153" | D130: бюджетное | F130: 1 | G130: 1 | H130: 1 | I130: =F130*0.2+G130*0.4+H130*0.4 -> 1
A131: 124 | B131: Муниципальное дошкольное образовательное учреждение "Детский сад комбинированного вида № 156" Ленинского района г.Саратова | C131: МДОУ "Детский сад комбинированного вида № 156" | D131: бюджетное | F131: 1 | G131: 1 | H131: 1 | I131: =F131*0.2+G131*0.4+H131*0.4 -> 1
A132: 125 | B132: Муниципальное дошкольное образовательное учреждение "Детский сад комбинированного вида № 158" Ленинского района г. Саратова | C132: МДОУ "Детский сад комбинированного вида № 158" | D132: бюджетное | F132: 1 | G132: 1 | H132: 1 | I132: =F132*0.2+G132*0.4+H132*0.4 -> 1 | J132: Обратите внимание, на странице не указан номер муниципального задания.
A133: 126 | B133: Муниципальное дошкольное образовательное учреждение "Детский сад № 160" Ленинского района г.Саратова | C133: МДОУ "Детский сад № 160" Ленинского района г. Саратова | D133: бюджетное | F133: 1 | G133: 1 | H133: 1 | I133: =F133*0.2+G133*0.4+H133*0.4 -> 1
A134: 127 | B134: Муниципальное дошкольное образовательное учреждение "Детский сад № 161" Ленинского района г. Саратова | C134: МДОУ "Детский сад № 161" | D134: бюджетное | F134: 1 | G134: 1 | H134: 1 | I134: =F134*0.2+G134*0.4+H134*0.4 -> 1
A135: 128 | B135: Муниципальное дошкольное образовательное учреждение "Детский сад № 162" Ленинского района г. Саратова | C135: МДОУ "Детский сад № 162" | D135: бюджетное | F135: 1 | G135: 1 | H135: 1 | I135: =F135*0.2+G135*0.4+H135*0.4 -> 1 | J135: Обратите внимание, на странице не указан номер муниципального задания.
A136: 129 | B136: муниципальное дошкольное образовательное учреждение "Детский сад № 165" Ленинского района г. Саратова | C136: МДОУ "Детский сад № 165" | D136: бюджетное | F136: 1 | G136: 1 | H136: 1 | I136: =F136*0.2+G136*0.4+H136*0.4 -> 1
A137: 130 | B137: Муниципальное дошкольное образовательное учреждение "Детский сад комбинированного вида № 167" Ленинского района г. Саратова | C137: МДОУ "Детский сад комбинированного вида № 167" | D137: бюджетное | F137: 1 | G137: 1 | H137: 1 | I137: =F137*0.2+G137*0.4+H137*0.4 -> 1 | J137: Обратите внимание, на странице не указан номер муниципального задания.
A138: 131 | B138: Муниципальное дошкольное образовательное учреждение "Детский сад № 168" Ленинского района г. Саратова | C138: МДОУ "Детский сад № 168" | D138: бюджетное | F138: 1 | G138: 1 | H138: 1 | I138: =F138*0.2+G138*0.4+H138*0.4 -> 1 | J138: Обратите внимание, на странице не указан номер муниципального задания.
A139: 132 | B139: Муниципальное дошкольное образовательное учреждение "Детский сад комбинированного вида № 172" Ленинского района г. Саратова | C139: МДОУ "Детский сад комбинированного вида № 172" | D139: бюджетное | F139: 1 | G139: 1 | H139: 1 | I139: =F139*0.2+G139*0.4+H139*0.4 -> 1
A140: 133 | B140: Муниципальное дошкольное образовательное учреждение "Детский сад № 175" Ленинского района г. Саратова | C140: МДОУ "Детский сад № 175" | D140: бюджетное | F140: 1 | G140: 1 | H140: 1 | I140: =F140*0.2+G140*0.4+H140*0.4 -> 1
A141: 134 | B141: Муниципальное дошкольное образовательное учреждение "Детский сад комбинированного вида № 177" Ленинского района г. Саратова | C141: МДОУ "Детский сад комбинированного вида № 177" | D141: бюджетное | F141: 1 | G141: 1 | H141: 1 | I141: =F141*0.2+G141*0.4+H141*0.4 -> 1 | J141: Обратите внимание, на странице не указан номер муниципального задания.
A142: 135 | B142: МУНИЦИПАЛЬНОЕ ДОШКОЛЬНОЕ ОБРАЗОВАТЕЛЬНОЕ УЧРЕЖДЕНИЕ "ДЕТСКИЙ САД КОМПЕНСИРУЮЩЕГО ВИДА № 179" ЛЕНИНСКОГО РАЙОНА Г.САРАТОВА | C142: МДОУ "ДЕТСКИЙ САД КОМПЕНСИРУЮЩЕГО ВИДА № 179" | D142: бюджетное | F142: 1 | G142: 1 | H142: 1 | I142: =F142*0.2+G142*0.4+H142*0.4 -> 1
A143: 136 | B143: Муниципальное дошкольное образовательное учреждение "Детский сад № 185" Ленинского района г. Саратова | C143: МДОУ "Детский сад № 185" | D143: бюджетное | F143: 1 | G143: 1 | H143: 1 | I143: =F143*0.2+G143*0.4+H143*0.4 -> 1
A144: 137 | B144: Муниципальное дошкольное образовательное учреждение "Детский сад № 187" Ленинского района г. Саратова | C144: МДОУ "Детский сад № 187" | D144: бюджетное | F144: 1 | G144: 1 | H144: 1 | I144: =F144*0.2+G144*0.4+H144*0.4 -> 1 | J144: Обратите внимание, на странице не указан номер муниципального задания.
A145: 138 | B145: Муниципальное дошкольное образовательное учреждение "Центр развития ребенка - детский сад №188" | C145: МДОУ "ЦРР - детский сад №188" | D145: бюджетное | F145: 1 | G145: 1 | H145: 1 | I145: =F145*0.2+G145*0.4+H145*0.4 -> 1 | J145: Обратите внимание, на странице не указан номер муниципального задания.
A146: 139 | B146: Муниципальное дошкольное образовательное учреждение "Детский сад № 191" Ленинского района г. Саратова | C146: МДОУ "Детский сад №191" | D146: бюджетное | F146: 1 | G146: 1 | H146: 1 | I146: =F146*0.2+G146*0.4+H146*0.4 -> 1
A147: 140 | B147: Муниципальное дошкольное образовательное учреждение "Детский сад № 193" Ленинского района г. Саратова | C147: МДОУ "Детский сад № 193" | D147: бюджетное | F147: 1 | G147: 1 | H147: 1 | I147: =F147*0.2+G147*0.4+H147*0.4 -> 1
A148: 141 | B148: Муниципальное дошкольное образовательное учреждение "Детский сад № 194" Ленинского района г. Саратова | C148: МДОУ "Детский сад № 194" | D148: бюджетное | F148: 1 | G148: 1 | H148: 1 | I148: =F148*0.2+G148*0.4+H148*0.4 -> 1
A149: 142 | B149: Муниципальное дошкольное образовательное учреждение "Детский сад № 195" Ленинского района г. Саратова | C149: МДОУ "Детский сад № 195" | D149: бюджетное | F149: 1 | G149: 1 | H149: 1 | I149: =F149*0.2+G149*0.4+H149*0.4 -> 1
A150: 143 | B150: Муниципальное дошкольное образовательное учреждение "Детский сад №198" Ленинского района г. Саратова | C150: МДОУ "Детский сад №198" | D150: бюджетное | F150: 1 | G150: 1 | H150: 1 | I150: =F150*0.2+G150*0.4+H150*0.4 -> 1 | J150: Обратите внимание, на странице не указан номер муниципального задания.
A151: 144 | B151: Муниципальное дошкольное образовательное учреждение "Детский сад комбинированного вида № 199" Ленинского района г. Саратова | C151: МДОУ "Детский сад комбинированного вида № 199" | D151: бюджетное | F151: 1 | G151: 1 | H151: 1 | I151: =F151*0.2+G151*0.4+H151*0.4 -> 1 | J151: Обратите внимание, на странице не указан номер муниципального задания.
A152: 145 | B152: Муниципальное дошкольное образовательное учреждение "Детский сад № 202" Ленинского района г. Саратова | C152: МДОУ "Детский сад № 202" | D152: бюджетное | F152: 1 | G152: 1 | H152: 1 | I152: =F152*0.2+G152*0.4+H152*0.4 -> 1 | J152: Обратите внимание, на странице не указан номер муниципального задания.
A153: 146 | B153: Муниципальное дошкольное образовательное учреждение "Детский сад № 205" Ленинского района г. Саратова | C153: МДОУ "Детский сад № 205" | D153: бюджетное | F153: 1 | G153: 1 | H153: 1 | I153: =F153*0.2+G153*0.4+H153*0.4 -> 1
A154: 147 | B154: Муниципальное дошкольное образовательное учреждение "Детский сад № 206" Ленинского района г. Саратова | C154: МДОУ "Детский сад № 206" | D154: бюджетное | F154: 1 | G154: 1 | H154: 1 | I154: =F154*0.2+G154*0.4+H154*0.4 -> 1
A155: 148 | B155: Муниципальное дошкольное образовательное учреждение "Детский сад № 207" Ленинского района г.Саратова | C155: МДОУ "Детский сад № 207" | D155: бюджетное | F155: 1 | G155: 1 | H155: 1 | I155: =F155*0.2+G155*0.4+H155*0.4 -> 1 | J155: Обратите внимание, на странице не указан номер муниципального задания.
A156: 149 | B156: Муниципальное дошкольное образовательное учреждение "Детский сад № 208" Ленинского района г.Саратова | C156: МДОУ "Детский сад № 208" | D156: бюджетное | F156: 1 | G156: 1 | H156: 1 | I156: =F156*0.2+G156*0.4+H156*0.4 -> 1
A157: 150 | B157: Муниципальное дошкольное образовательное учреждение "Детский сад № 209" Ленинского района г. Саратова | C157: МДОУ "Детский сад № 209" | D157: бюджетное | F157: 1 | G157: 1 | H157: 1 | I157: =F157*0.2+G157*0.4+H157*0.4 -> 1
A158: 151 | B158: Муниципальное дошкольное образовательное учреждение "Детский сад № 210" Ленинского района г.Саратова | C158: МДОУ "Детский сад № 210" | D158: бюджетное | F158: 1 | G158: 1 | H158: 1 | I158: =F158*0.2+G158*0.4+H158*0.4 -> 1 | J158: Обратите внимание, на странице не указан номер муниципального задания.
A159: 152 | B159: Муниципальное дошкольное образовательное учреждение "Детский сад № 216" Ленинского района г. Саратова | C159: МДОУ "Детский сад № 216" | D159: бюджетное | F159: 1 | G159: 1 | H159: 1 | I159: =F159*0.2+G159*0.4+H159*0.4 -> 1 | J159: Обратите внимание, на странице не указан номер муниципального задания.
A160: 153 | B160: Муниципальное дошкольное образовательное учреждение "Детский сад № 217" Ленинского района г. Саратова | C160: МДОУ "Детский сад № 217" | D160: бюджетное | F160: 1 | G160: 1 | H160: 1 | I160: =F160*0.2+G160*0.4+H160*0.4 -> 1
...

Sheet Раздел 2. п. Михайловское
A1: 2.1 Итоговое значение рейтинга открытости и прозрачности муниципальных учреждений муниципального образования, рассчитанного на основе данных раздела «Независимая система оценки качества» официального сайта Российской Федерации для размещения информации о государственных (муниципальных) учреждениях (www.bus.gov.ru)
A2: Наименование муниципального образования | C2: п. Михайловское
A3: Дата проведения оценки | C3: 43927
A4: Комментарий:
A5: Показатели Roii, Rmzi, Rpfhdi при наличии опубликованной информации на указанном сайте принимают значения 1, в иных случаях – 0. Если муниципальному учреждению муниципальное задание не предоставляется (муниципальное учреждение является казенным или учреждение осуществляет деятельность в сфере обязательного медицинского страхования на основании договора на оказание и оплату медицинской помощи по обязательному медицинскому страхованию), то показатель Rmzi принимает значение 1, в иных случаях – 0.
A6: № п/п | B6: Полное наименование учреждения | C6: Сокращенное наименование учреждения | D6: Тип учреждения | E6: Отметка об отсутствии муниципального задания и/или плана финансово-хозяйственной деятельности с указанием причины | F6: Общая информация (Roii) | G6: на 2020 год | I6: Рейтинг открытости и прозрачности по учреждению (Ri=Roii*0,2+ Rmzi*0,4+ Rpfhdi*0,4) | J6: Комментарии
G7: Информация о муниципальном задании (Rmzi) | H7: Информация о ПФХД или показателях бюджетной сметы (Rpfhdi)
A8: 1 | B8: МУНИЦИПАЛЬНОЕ ДОШКОЛЬНОЕ ОБРАЗОВАТЕЛЬНОЕ УЧРЕЖДЕНИЕ ДЕТСКИЙ САД №1 "СКАЗКА" МУНИЦИПАЛЬНОГО ОБРАЗОВАНИЯ ПОСЕЛКА МИХАЙЛОВСКИЙ САРАТОВСКОЙ ОБЛАСТИ | C8: МДОУ Д/С №1 "СКАЗКА" МО П. МИХАЙЛОВСКИЙ | D8: БЮДЖЕТНОЕ | F8: 1 | G8: 1 | H8: 1 | I8: =F8*0.2+G8*0.4+H8*0.4 -> 1
A9: 2 | B9: МУНИЦИПАЛЬНОЕ ОБЩЕОБРАЗОВАТЕЛЬНОЕ УЧРЕЖДЕНИЕ "СРЕДНЯЯ ОБЩЕОБРАЗОВАТЕЛЬНАЯ ШКОЛА МУНИЦИПАЛЬНОГО ОБРАЗОВАНИЯ ПОСЕЛОК МИХАЙЛОВСКИЙ САРАТОВСКОЙ ОБЛАСТИ" | C9: МОУ "СОШ МО ПОС. МИХАЙЛОВСКИЙ" | D9: БЮДЖЕТНОЕ | F9: 1 | G9: 1 | H9: 1 | I9: =F9*0.2+G9*0.4+H9*0.4 -> 1
A10: 3 | B10: МУНИЦИПАЛЬНОЕ КАЗЕННОЕ УЧРЕЖДЕНИЕ "СПОРТИВНАЯ ШКОЛА МУНИЦИПАЛЬНОГО ОБРАЗОВАНИЯ П.МИХАЙЛОВСКИЙ САРАТОВСКОЙ ОБЛАСТИ" | C10: МКУ "СШ МО П.МИХАЙЛОВСКИЙ" | D10: КАЗЕННОЕ | F10: 1 | G10: 1 | H10: 1 | I10: =F10*0.2+G10*0.4+H10*0.4 -> 1
A11: 4 | B11: МУНИЦИПАЛЬНОЕ УЧРЕЖДЕНИЕ "РЕДАКЦИЯ ГАЗЕТЫ "МИХАЙЛОВСКИЕ НОВОСТИ" МУНИЦИПАЛЬНОГО ОБРАЗОВАНИЯ ПОСЕЛОК МИХАЙЛОВСКИЙ САРАТОВСКОЙ ОБЛАСТИ | C11: МУ "РЕДАКЦИЯ ГАЗЕТЫ "МИХАЙЛОВСКИЕ НОВОСТИ" | D11: БЮДЖЕТНОЕ | F11: 1 | G11: 1 | H11: 1 | I11: =F11*0.2+G11*0.4+H11*0.4 -> 1
A12: 5 | B12: МУНИЦИПАЛЬНОЕ УЧРЕЖДЕНИЕ "ЦЕНТРАЛИЗОВАННАЯ БУХГАЛТЕРИЯ И СЛУЖБА МАТЕРИАЛЬНО-ТЕХНИЧЕСКОГО ОБЕСПЕЧЕНИЯ И ТРАНСПОРТНОГО ОБСЛУЖИВАНИЯ ОРГАНОВ МЕСТНОГО САМОУПРАВЛЕНИЯ МУНИЦИПАЛЬНОГО ОБРАЗОВАНИЯ ПОСЕЛОК МИХАЙЛОВСКИЙ САРАТОВСКОЙ ОБЛАСТИ" | C12: МУ "ЦБ И СЛУЖБА МТО И ТО ОМС МУНИЦИПАЛЬНОГО ОБРАЗОВАНИЯ П.МИХАЙЛОВСКИЙ" | D12: КАЗЕННОЕ | F12: 1 | G12: 1 | H12: 1 | I12: =F12*0.2+G12*0.4+H12*0.4 -> 1
A13: 6 | B13: МУНИЦИПАЛЬНОЕ УЧРЕЖДЕНИЕ "ЕДИНАЯ ДЕЖУРНО-ДИСПЕТЧЕРСКАЯ СЛУЖБА - 112 МУНИЦИПАЛЬНОГО ОБРАЗОВАНИЯ ПОСЕЛОК МИХАЙЛОВСКИЙ САРАТОВСКОЙ ОБЛАСТИ" | C13: МУ "ЕДДС - 112 МО П. МИХАЙЛОВСКИЙ САРАТОВСКОЙ ОБЛАСТИ" | D13: КАЗЕННОЕ | F13: 1 | G13: 1 | H13: 1 | I13: =F13*0.2+G13*0.4+H13*0.4 -> 1
A14: 7 | B14: МУНИЦИПАЛЬНОЕ КАЗЕННОЕ УЧРЕЖДЕНИЕ КУЛЬТУРЫ "ДОМ КУЛЬТУРЫ" МУНИЦИПАЛЬНОГО ОБРАЗОВАНИЯ ПОСЕЛОК МИХАЙЛОВСКИЙ САРАТОВСКОЙ ОБЛАСТИ | C14: МКУК "ДК" МО П. МИХАЙЛОВСКИЙ САРАТОВСКОЙ ОБЛ. | D14: КАЗЕННОЕ | F14: 1 | G14: 1 | H14: 1 | I14: =F14*0.2+G14*0.4+H14*0.4 -> 1
A15: ИТОГО (Rмо=(∑mi=1Ri)/m) | I15: =SUM(I8:I14)/COUNT(I8:I14) -> 1

Sheet Раздел 2. ЗАТО Светлый
A1: 2.1 Итоговое значение рейтинга открытости и прозрачности муниципальных учреждений муниципального образования, рассчитанного на основе данных раздела «Независимая система оценки качества» официального сайта Российской Федерации для размещения информации о государственных (муниципальных) учреждениях (www.bus.gov.ru)
A2: Наименование муниципального образования | C2: ЗАТО Светлый
A3: Дата проведения оценки | C3: 43927
A4: Комментарий:
A5: Показатели Roii, Rmzi, Rpfhdi при наличии опубликованной информации на указанном сайте принимают значения 1, в иных случаях – 0. Если муниципальному учреждению муниципальное задание не предоставляется (муниципальное учреждение является казенным или учреждение осуществляет деятельность в сфере обязательного медицинского страхования на основании договора на оказание и оплату медицинской помощи по обязательному медицинскому страхованию), то показатель Rmzi принимает значение 1, в иных случаях – 0.
A6: № п/п | B6: Полное наименование учреждения | C6: Сокращенное наименование учреждения | D6: Тип учреждения | E6: Отметка об отсутствии муниципального задания и/или плана финансово-хозяйственной деятельности с указанием причины | F6: Общая информация (Roii) | G6: на 2020 год | I6: Рейтинг открытости и прозрачности по учреждению (Ri=Roii*0,2+ Rmzi*0,4+ Rpfhdi*0,4) | J6: Комментарии
G7: Информация о муниципальном задании (Rmzi) | H7: Информация о ПФХД или показателях бюджетной сметы (Rpfhdi)
A8: 1 | B8: Муниципальное учреждение "Централизованная бухгалтерия городского округа ЗАТО Светлый" | C8: МУ "ЦБ городского округа ЗАТО Светлый" | D8: Казенное | F8: 1 | G8: 1 | H8: 1 | I8: =F8*0.2+G8*0.4+H8*0.4 -> 1
A9: 2 | B9: Муниципальное дошкольное образовательное учреждение "Детский сад № 3 "Сказка" городского округа ЗАТО Светлый Саратовской области" | C9: МДОУ "Детский сад № 3 "Сказка" городского округа ЗАТО Светлый Саратовской области" | D9: Казенное | F9: 1 | G9: 1 | H9: 1 | I9: =F9*0.2+G9*0.4+H9*0.4 -> 1
A10: 3 | B10: Муниципальное дошкольное образовательное учреждение "Детский сад № 4 "Солнышко" городского округа ЗАТО Светлый Саратовской области" | C10: МДОУ "Детский сад № 4 "Солнышко" городского округа ЗАТО Светлый Саратовской области | D10: Казенное | F10: 1 | G10: 1 | H10: 1 | I10: =F10*0.2+G10*0.4+H10*0.4 -> 1
A11: 4 | B11: Муниципальное дошкольное образовательное учреждение "Детский сад № 5 "Ромашка" городского округа ЗАТО Светлый Саратовской области" | C11: МДОУ "Детский сад № 5 "Ромашка" городского округа ЗАТО Светлый Саратовской области" | D11: Казенное | F11: 1 | G11: 1 | H11: 1 | I11: =F11*0.2+G11*0.4+H11*0.4 -> 1
A12: 5 | B12: Муниципальное учреждение «Управление административно-хозяйственного и транспортного обеспечения» городского округа ЗАТО Светлый | C12: МУ «Управление административно-хозяйственного и транспортного обеспечения» городского округа ЗАТО Светлый | D12: Казенное | F12: 1 | G12: 1 | H12: 1 | I12: =F12*0.2+G12*0.4+H12*0.4 -> 1
A13: 6 | B13: Муниципальное учреждение «Управление муниципальным хозяйством» городского округа ЗАТО Светлый | C13: МУ «Управление муниципальным хозяйством» | D13: Казенное | F13: 1 | G13: 1 | H13: 1 | I13: =F13*0.2+G13*0.4+H13*0.4 -> 1
A14: 7 | B14: Муниципальное учреждение "Управление образования, культуры, спорта и молодежной политики администрации городского округа ЗАТО Светлый Саратовской области" | C14: МУ "Управление образования, культуры, спорта и молодежной политики администрации ГО ЗАТО Светлый Саратовской области" | D14: Казенное | F14: 1 | G14: 1 | H14: 1 | I14: =F14*0.2+G14*0.4+H14*0.4 -> 1
A15: 8 | B15: Муниципальное учреждение "Редакция газеты "Светлые вести" | C15: МУ "Редакция газеты "Светлые вести" | D15: Казенное | F15: 1 | G15: 1 | H15: 1 | I15: =F15*0.2+G15*0.4+H15*0.4 -> 1
A16: 9 | B16: Муниципальное учреждение дополнительного образования «Дом детского творчества городского округа ЗАТО Светлый Саратовской области» | C16: МУ ДО «ДДТ городского округа ЗАТО Светлый Саратовской области» | D16: Бюджетное | F16: 1 | G16: 1 | H16: 1 | I16: =F16*0.2+G16*0.4+H16*0.4 -> 1
A17: 10 | B17: Муниципальное учреждение дополнительного образования «Детско-юношеская спортивная школа городского округа ЗАТО Светлый Саратовской области» | C17: МУ ДО ДЮСШ городского округа ЗАТО Светлый Саратовской области | D17: Бюджетное | F17: 1 | G17: 1 | H17: 1 | I17: =F17*0.2+G17*0.4+H17*0.4 -> 1
A18: 11 | B18: Муниципальное учреждение дополнительного образования «Детская школа искусств городского округа ЗАТО Светлый Саратовской области» | C18: МУ ДО ДШИ городского округа ЗАТО Светлый | D18: Бюджетное | F18: 1 | G18: 1 | H18: 1 | I18: =F18*0.2+G18*0.4+H18*0.4 -> 1
A19: 12 | B19: Муниципальное учреждение культуры «Дом культуры городского округа ЗАТО Светлый Саратовской области» | C19: МУК «ДК ГО ЗАТО Светлый» | D19: Бюджетное | F19: 1 | G19: 1 | H19: 1 | I19: =F19*0.2+G19*0.4+H19*0.4 -> 1
... A21: 14 | B21: Муниципальное общеобразовательное учреждение «Средняя общеобразовательная школа № 2 городского округа закрытого административно-территориального образования Светлый Саратовской области» | C21: МОУ «СОШ № 2 городского округа ЗАТО Светлый Саратовской области» | D21: Бюджетное | F21: 1 | G21: 1 | H21: 1 | I21: =F21*0.2+G21*0.4+H21*0.4 -> 1
A22: ИТОГО (Rмо=(∑mi=1Ri)/m) | I22: =SUM(I8:I21)/COUNT(I8:I21) -> 1

Sheet Раздел 2. г. Шиханы
A1: 2.1 Итоговое значение рейтинга открытости и прозрачности муниципальных учреждений муниципального образования, рассчитанного на основе данных раздела «Независимая система оценки качества» официального сайта Российской Федерации для размещения информации о государственных (муниципальных) учреждениях (www.bus.gov.ru)
A2: Наименование муниципального образования | C2: г. Шиханы
A3: Дата проведения оценки | C3: 43928
A4: Комментарий:
A5: Показатели Roii, Rmzi, Rpfhdi при наличии опубликованной информации на указанном сайте принимают значения 1, в иных случаях – 0. Если муниципальному учреждению муниципальное задание не предоставляется (муниципальное учреждение является казенным или учреждение осуществляет деятельность в сфере обязательного медицинского страхования на основании договора на оказание и оплату медицинской помощи по обязательному медицинскому страхованию), то показатель Rmzi принимает значение 1, в иных случаях – 0.
A6: № п/п | B6: Полное наименование учреждения | C6: Сокращенное наименование учреждения | D6: Тип учреждения | E6: Отметка об отсутствии муниципального задания и/или плана финансово-хозяйственной деятельности с указанием причины | F6: Общая информация (Roii) | G6: на 2020 год | I6: Рейтинг открытости и прозрачности по учреждению (Ri=Roii*0,2+ Rmzi*0,4+ Rpfhdi*0,4) | J6: Комментарии
G7: Информация о муниципальном задании (Rmzi) | H7: Информация о ПФХД или показателях бюджетной сметы (Rpfhdi)
A8: 1 | B8: Муниципальное казенное учреждение "Управление образования, культуры и спорта" муниципального образования города Шиханы Саратовской области | C8: МКУ «Управление образования культуры и спорта» | D8: Казенное учреждение | F8: 1 | G8: 1 | H8: 1 | I8: =F8*0.2+G8*0.4+H8*0.4 -> 1
A9: 2 | B9: Муниципальное общеобразовательное учреждение "Средняя общеобразовательная школа №12 города Шиханы" Саратовской области | C9: МОУ "СОШ №12 города Шиханы" | D9: Бюджетное учреждение | F9: 1 | G9: 1 | H9: 1 | I9: =F9*0.2+G9*0.4+H9*0.4 -> 1
A10: 3 | B10: Муниципальное образовательное учреждение дополнительного образования детей "Детская школа искусств № 2" города Шиханы Саратовской области | C10: МБУДО "ДШИ № 2" | D10: Бюджетное учреждение | F10: 1 | G10: 1 | H10: 1 | I10: =F10*0.2+G10*0.4+H10*0.4 -> 1
A11: 4 | B11: Муниципальное учреждение Дворец культуры "Корунд" города Шиханы Саратовской области | C11: МУ ДК "Корунд" | D11: Бюджетное учреждение | F11: 1 | G11: 1 | H11: 1 | I11: =F11*0.2+G11*0.4+H11*0.4 -> 1
A12: 5 | B12: Муниципальное дошкольное образовательное учреждение "Детский сад №1"Звездочка" комбинированного вида" города Шиханы Саратовской области | C12: МДОУ"Детский сад №1"Звездочка" комбинированного вида" | D12: Бюджетное учреждение | F12: 1 | G12: 1 | H12: 1 | I12: =F12*0.2+G12*0.4+H12*0.4 -> 1
A13: 6 | B13: Муниципальное образовательное учреждение дополнительного образования "Детско-юношеская спортивная школа" города Шиханы Саратовской области | C13: МБУДО "ДЮСШ" | D13: Бюджетное учреждение | F13: 1 | G13: 1 | H13: 1 | I13: =F13*0.2+G13*0.4+H13*0.4 -> 1
A14: 7 | B14: Муниципальное казенное учреждение "Редакция газеты "Шиханские новости" муниципального образования города Шиханы Саратовской области | C14: МКУ "Редакция газеты "Шиханские новости" | D14: Казенное учреждение | F14: 1 | G14: 1 | H14: 1 | I14: =F14*0.2+G14*0.4+H14*0.4 -> 1
A15: 8 | B15: Муниципальное казенное учреждение "Управление делами" муниципального образования города Шиханы Саратовской области | C15: МКУ "Управление делами" | D15: Казенное учреждение | F15: 1 | G15: 1 | H15: 1 | I15: =F15*0.2+G15*0.4+H15*0.4 -> 1
A16: 9 | B16: Муниципальное казенное учреждение "Управление по делам гражданской обороны, предупреждение и ликвидации последствий чрезвычайных ситуаций" муниципального образования города Шиханы Саратовской области | C16: МКУ "Управление по делам ГО и ЧС" | D16: Казенное учреждение | F16: 1 | G16: 1 | H16: 1 | I16: =F16*0.2+G16*0.4+H16*0.4 -> 1
A17: 10 | B17: Муниципальное казенное учреждение «Централизованная бухгалтерия» муниципального образования города Шиханы Саратовской области | C17: МКУ "Ц.Б." | D17: Казенное учреждение | F17: 1 | G17: 1 | H17: 1 | I17: =F17*0.2+G17*0.4+H17*0.4 -> 1
A18: 11 | B18: Муниципальное казенное учреждение "Управление городского хозяйства" муниципального образования города Шиханы Саратовской области | C18: МКУ "УГХ" | D18: Казенное учреждение | F18: 1 | G18: 1 | H18: 1 | I18: =F18*0.2+G18*0.4+H18*0.4 -> 1
A19: ИТОГО (Rмо=(∑mi=1Ri)/m) | I19: =SUM(I8:I18)/COUNT(I8:I18) -> 1

Sheet Раздел 2.Александрово-Гайский 
A1: 2.1 Итоговое значение рейтинга открытости и прозрачности муниципальных учреждений муниципального образования, рассчитанного на основе данных раздела «Независимая система оценки качества» официального сайта Российской Федерации для размещения информации о государственных (муниципальных) учреждениях (www.bus.gov.ru)
A2: Наименование муниципального образования | C2: Александрово-Гайский муниципальный район
A3: Дата проведения оценки | C3: 43928
A4: Комментарий:
A5: Показатели Roii, Rmzi, Rpfhdi при наличии опубликованной информации на указанном сайте принимают значения 1, в иных случаях – 0. Если муниципальному учреждению муниципальное задание не предоставляется (муниципальное учреждение является казенным или учреждение осуществляет деятельность в сфере обязательного медицинского страхования на основании договора на оказание и оплату медицинской помощи по обязательному медицинскому страхованию), то показатель Rmzi принимает значение 1, в иных случаях – 0.
A6: № п/п | B6: Полное наименование учреждения | C6: Сокращенное наименование учреждения | D6: Тип учреждения | E6: Отметка об отсутствии муниципального задания и/или плана финансово-хозяйственной деятельности с указанием причины | F6: Общая информация (Roii) | G6: на 2020 год | I6: Рейтинг открытости и прозрачности по учреждению (Ri=Roii*0,2+ Rmzi*0,4+ Rpfhdi*0,4) | J6: Комментарии
G7: Информация о муниципальном задании (Rmzi) | H7: Информация о ПФХД или показателях бюджетной сметы (Rpfhdi)
A8: 1 | B8: Муниципальное бюджетное дошкольное образовательное учреждение «детский сад «Пчелка» с. Александров Гай Александрово-Гайского муниципального района Саратовской области | C8: МБДОУ детский сад «Пчелка» | D8: БУ | F8: 1 | G8: 1 | H8: 1 | I8: =F8*0.2+G8*0.4+H8*0.4 -> 1
A9: 2 | B9: Муниципальное бюджетное дошкольное образовательное учреждение детский сад «Колосок» с. Александров Гай Александрово-Гайского муниципального района Саратовской области | C9: МБДОУ детский сад «Колосок» | D9: БУ | F9: 1 | G9: 1 | H9: 1 | I9: =F9*0.2+G9*0.4+H9*0.4 -> 1
A10: 3 | B10: Муниципальное бюджетное дошкольное образовательное учреждение детский сад «Малыш» с. Александров Гай Александрово-Гайского муниципального района Саратовской области | C10: МБДОУ детский сад «Малыш» | D10: БУ | F10: 1 | G10: 1 | H10: 1 | I10: =F10*0.2+G10*0.4+H10*0.4 -> 1
A11: 4 | B11: Муниципальное бюджетное дошкольное образовательное учреждение детский сад «Теремок» с. Александров Гай Александрово-Гайского муниципального района Саратовской области | C11: МБДОУ детский сад «Теремок» | D11: БУ | F11: 1 | G11: 1 | H11: 1 | I11: =F11*0.2+G11*0.4+H11*0.4 -> 1
A12: 5 | B12: Муниципальное бюджетное дошкольное образовательное учреждение детский сад «Улыбка» с. Александров Гай Александрово-Гайского муниципального района Саратовской области | C12: МБДОУ детский сад «Улыбка» | D12: БУ | F12: 1 | G12: 1 | H12: 1 | I12: =F12*0.2+G12*0.4+H12*0.4 -> 1
A13: 6 | B13: Муниципальное бюджетное общеобразовательное учреждение средняя общеобразовательная школа поселка Приузенский Александрово-Гайского муниципального района Саратовской области | C13: МБОУ СОШ п. Приузенский | D13: БУ | F13: 1 | G13: 1 | H13: 1 | I13: =F13*0.2+G13*0.4+H13*0.4 -> 1
A14: 7 | B14: Муниципальное бюджетное общеобразовательное учреждение средняя общеобразовательная школа № 3 с. Александров Гай Александрово-Гайского муниципального района Саратовской области | C14: МБОУ СОШ №3 | D14: БУ | F14: 1 | G14: 1 | H14: 1 | I14: =F14*0.2+G14*0.4+H14*0.4 -> 1
A15: 8 | B15: Муниципальное бюджетное общеобразовательное учреждение средняя общеобразовательная школа № 1 с. Александров Гай Александрово-Гайского муниципального района Саратовской области | C15: МБОУ СОШ №1 | D15: БУ | F15: 1 | G15: 1 | H15: 1 | I15: =F15*0.2+G15*0.4+H15*0.4 -> 1 | J15: Обратите внимание, что на странице отсутствует ФИО уполномоченного лица, утвердившего муниципальное задание.
A16: 9 | B16: Муниципальное бюджетное общеобразовательное учреждение средняя общеобразовательная школа № 2 с. Александров Гай Александрово-Гайского муниципального района Саратовской области | C16: МБОУ СОШ №2 | D16: БУ | F16: 1 | G16: 1 | H16: 1 | I16: =F16*0.2+G16*0.4+H16*0.4 -> 1
A17: 10 | B17: Муниципальное бюджетное общеобразовательное учреждение средняя общеобразовательная школа с. Варфоломеевка Александрово-Гайского муниципального района Саратовской области | C17: МБОУ СОШ с. Варфоломеевка | D17: БУ | F17: 1 | G17: 1 | H17: 1 | I17: =F17*0.2+G17*0.4+H17*0.4 -> 1
A18: 11 | B18: Муниципальное бюджетное общеобразовательное учреждение средняя общеобразовательная школа с. Камышки Александрово-Гайского муниципального района Саратовской области | C18: МБОУ СОШ с. Камышки | D18: БУ | F18: 1 | G18: 1 | H18: 1 | I18: =F18*0.2+G18*0.4+H18*0.4 -> 1
A19: 12 | B19: Муниципальное бюджетное общеобразовательное учреждение средняя общеобразовательная школа с. Канавка Александрово-Гайского муниципального района | C19: МБОУ СОШ с. Канавка | D19: БУ | F19: 1 | G19: 1 | H19: 1 | I19: =F19*0.2+G19*0.4+H19*0.4 -> 1
A20: 13 | B20: Муниципальное бюджетное общеобразовательное учреждение средняя общеобразовательная школа с. Луков Кордон Александрово-Гайского муниципального района Саратовской области | C20: МБОУ СОШ с. Луков Кордон | D20: БУ | F20: 1 | G20: 1 | H20: 1 | I20: =F20*0.2+G20*0.4+H20*0.4 -> 1
A21: 14 | B21: Муниципальное бюджетное общеобразовательное учреждение средняя общеобразовательная школа с. Новоалександровка имени героя Советского Союза Федора Дмитриевича Глухова Александрово-Гайского муниципального района Саратовской области | C21: МБОУ СОШ с. Новоалександровка | D21: БУ | F21: 1 | G21: 1 | H21: 1 | I21: =F21*0.2+G21*0.4+H21*0.4 -> 1
A22: 15 | B22: Муниципальное бюджетное учреждение «Служба единого балансодержателя» Александрово-Гайского муниципального района Саратовской области | C22: МБУ «СЕБ» | D22: БУ | F22: 1 | G22: 1 | H22: 1 | I22: =F22*0.2+G22*0.4+H22*0.4 -> 1
A23: 16 | B23: Муниципальное бюджетное учреждение дополнительного образования «Детская школа искусств с. Александров Гай» Александрово-Гайского муниципального района Саратовской области | C23: МБУ ДО «ДШИ» | D23: БУ | F23: 1 | G23: 1 | H23: 1 | I23: =F23*0.2+G23*0.4+H23*0.4 -> 1
A24: 17 | B24: Муниципальное бюджетное учреждение дополнительного образования «Детско-юношеская спортивная школа» с. Александров Гай Александрово-Гайского муниципального района Саратовской области | C24: МБУ ДО «ДЮСШ» | D24: БУ | F24: 1 | G24: 1 | H24: 1 | I24: =F24*0.2+G24*0.4+H24*0.4 -> 1
A25: 18 | B25: Муниципальное бюджетное учреждение дополнительного образования «Центр детского творчества» с. Александров Гай Александрово-Гайского муниципального района Саратовской области | C25: МБУ ДО «ЦДТ» | D25: БУ | F25: 1 | G25: 1 | H25: 1 | I25: =F25*0.2+G25*0.4+H25*0.4 -> 1
A26: 19 | B26: Муниципальное бюджетное учреждение культуры «Центр досуга» села Александров Гай Александрово-Гайского муниципального района Саратовской области | C26: МБУ «Центр досуга» | D26: БУ | F26: 1 | G26: 1 | H26: 1 | I26: =F26*0.2+G26*0.4+H26*0.4 -> 1
A27: 20 | B27: Муниципальное бюджетное учреждение культуры «Централизованная библиотечная ситема» Александрово-Гайского муниципального района Саратовской области | C27: МБУ «Централизованная библиотечная система» | D27: БУ | F27: 1 | G27: 1 | H27: 1 | I27: =F27*0.2+G27*0.4+H27*0.4 -> 1
A28: 21 | B28: Муниципальное бюджетное учреждение культуры «Централизованная клубная система» Александрово-Гайского муниципального района Саратовской области | C28: МБУ «Централизованная клубная система» | D28: БУ | F28: 1 | G28: 1 | H28: 1 | I28: =F28*0.2+G28*0.4+H28*0.4 -> 1
A29: 22 | B29: Муниципальное бюджетное учреждение физкультурно-оздоровительный комплекс «Заволжский» Александров Гай Александрово-Гайского муниципального района Саратовской области | C29: МБУ ФОК «Заволжский» | D29: БУ | F29: 1 | G29: 1 | H29: 1 | I29: =F29*0.2+G29*0.4+H29*0.4 -> 1 | J29: Обратите внимание, что на странице отсутствует ФИО уполномоченного лица, утвердившего муниципальное задание.
A30: 23 | B30: Муниципальное казенное учреждение «Отдел хозяйственного обслуживания муниципальных учреждений культуры Александрово-Гайского муниципального района Саратовской области» | C30: МКУ «ОХО» | D30: КУ | F30: 1 | G30: 1 | H30: 1 | I30: =F30*0.2+G30*0.4+H30*0.4 -> 1
A31: 24 | B31: Муниципальное казенное учреждение «Централизованная бухгалтерия Александрово-Гайского муниципального района Саратовской области» | C31: МКУ «Централизованная бухгалтерия» | D31: КУ | F31: 1 | G31: 1 | H31: 1 | I31: =F31*0.2+G31*0.4+H31*0.4 -> 1
A32: 25 | B32: Муниципальное казенное учреждение «Централизованная бухгалтерия управления образования» администрации Александрово-Гайского муниципального района Саратовской области | C32: МКУ «Централизованная бухгалтерия управления образования» | D32: КУ | F32: 1 | G32: 1 | H32: 1 | I32: =F32*0.2+G32*0.4+H32*0.4 -> 1
A33: 26 | B33: Муниципальное казенное учреждение «Централизованная бухгалтерия» управления культуры и кино администрации Александрово-Гайского муниципального района Саратовской области» | C33: МКУ «Централизованная бухгалтерия управления культуры и кино» | D33: КУ | F33: 1 | G33: 1 | H33: 1 | I33: =F33*0.2+G33*0.4+H33*0.4 -> 1
A34: ИТОГО (Rмо=(∑mi=1Ri)/m) | I34: =SUM(I8:I33)/COUNT(I8:I33) -> 1

Sheet Раздел 2. Аркадский 
A1: 2.1 Итоговое значение рейтинга открытости и прозрачности муниципальных учреждений муниципального образования, рассчитанного на основе данных раздела «Независимая система оценки качества» официального сайта Российской Федерации для размещения информации о государственных (муниципальных) учреждениях (www.bus.gov.ru)
A2: Наименование муниципального образования | C2: Аркадский муниципальный район
A3: Дата проведения оценки | C3: 43929
A4: Комментарий:
A5: Показатели Roii, Rmzi, Rpfhdi при наличии опубликованной информации на указанном сайте принимают значения 1, в иных случаях – 0. Если муниципальному учреждению муниципальное задание не предоставляется (муниципальное учреждение является казенным или учреждение осуществляет деятельность в сфере обязательного медицинского страхования на основании договора на оказание и оплату медицинской помощи по обязательному медицинскому страхованию), то показатель Rmzi принимает значение 1, в иных случаях – 0.
A6: № п/п | B6: Полное наименование учреждения | C6: Сокращенное наименование учреждения | D6: Тип учреждения | E6: Отметка об отсутствии муниципального задания и/или плана финансово-хозяйственной деятельности с указанием причины | F6: Общая информация (Roii) | G6: на 2020 год | I6: Рейтинг открытости и прозрачности по учреждению (Ri=Roii*0,2+ Rmzi*0,4+ Rpfhdi*0,4) | J6: Комментарии
G7: Информация о муниципальном задании (Rmzi) | H7: Информация о ПФХД или показателях бюджетной сметы (Rpfhdi)
A8: 1 | B8: МУНИЦИПАЛЬНОЕ КАЗЕННОЕ УЧРЕЖДЕНИЕ "ЦЕНТРАЛИЗОВАННАЯ БУХГАЛТЕРИЯ МУНИЦИПАЛЬНЫХ ОБРАЗОВАНИЙ АРКАДАКСКОГО МУНИЦИПАЛЬНОГО РАЙОНА" | C8: МКУ "ЦБ МО АРКАДАКСКОГОМУНИЦИПАЛЬНОГО РАЙОНА" | D8: Казенное учреждение | F8: 1 | G8: 1 | H8: 1 | I8: =F8*0.2+G8*0.4+H8*0.4 -> 1
A9: 2 | B9: МУНИЦИПАЛЬНОЕ КАЗЕННОЕ УЧРЕЖДЕНИЕ "ЦЕНТРАЛИЗОВАННАЯ БУХГАЛТЕРИЯ УЧРЕЖДЕНИЙ ОБРАЗОВАНИЯ АРКАДАКСКОГО МУНИЦИПАЛЬНОГО РАЙОНА САРАТОВСКОЙ ОБЛАСТИ" | C9: МКУ "ЦБ УО АРКАДАКСКОГО МУНИЦИПАЛЬНОГО РАЙОНА" | D9: Казенное учреждение | F9: 1 | G9: 1 | H9: 1 | I9: =F9*0.2+G9*0.4+H9*0.4 -> 1
A10: 3 | B10: МУНИЦИПАЛЬНОЕ УЧРЕЖДЕНИЕ "ЦЕНТРАЛИЗОВАННАЯ БУХГАЛТЕРИЯ УЧРЕЖДЕНИЙ КУЛЬТУРЫ АРКАДАКСКОГО МУНИЦИПАЛЬНОГО РАЙОНА" | C10: МУ "ЦБ УЧРЕЖДЕНИЙ КУЛЬТУРЫ АРКАДАКСКОГО МУНИЦИПАЛЬНОГО РАЙОНА" АРКАДАКСКОГО МУНИЦИПАЛЬНОГО РАЙОНА" | D10: Казенное учреждение | F10: 1 | G10: 1 | H10: 1 | I10: =F10*0.2+G10*0.4+H10*0.4 -> 1
A11: 4 | B11: МУНИЦИПАЛЬНОЕ УЧРЕЖДЕНИЕ "ОТДЕЛ ПО МАТЕРИАЛЬНО - ТЕХНИЧЕСКОМУ ОБСЛУЖИВАНИЮ УЧРЕЖДЕНИЙ КУЛЬТУРЫ АРКАДАКСКОГО МУНИЦИПАЛЬНОГО РАЙОНА" | C11: МУ "ОМТОУК" | D11: Казенное учреждение | F11: 1 | G11: 1 | H11: 1 | I11: =F11*0.2+G11*0.4+H11*0.4 -> 1
A12: 5 | B12: МУНИЦИПАЛЬНОЕ УЧРЕЖДЕНИЕ "АДМИНИСТРАТИВНО-ХОЗЯЙСТВЕННЫЙ ОТДЕЛ АДМИНИСТРАЦИИ МУНИЦИПАЛЬНОГО ОБРАЗОВАНИЯ АРКАДАКСКОГО МУНИЦИПАЛЬНОГО РАЙОНА" | C12: МУ "АХО АДМИНИСТРАЦИИ МО АРКАДАКСКОГО МР" | D12: Казенное учреждение | F12: 1 | G12: 1 | H12: 1 | I12: =F12*0.2+G12*0.4+H12*0.4 -> 1
A13: 6 | B13: МУНИЦИПАЛЬНОЕ БЮДЖЕТНОЕ ОБЩЕОБРАЗОВАТЕЛЬНОЕ УЧРЕЖДЕНИЕ - СРЕДНЯЯ ОБЩЕОБРАЗОВАТЕЛЬНАЯ ШКОЛА С. АЛЕКСЕЕВКА АРКАДАКСКОГО РАЙОНА САРАТОВСКОЙ ОБЛАСТИ | C13: МБОУ - СОШ С. АЛЕКСЕЕВКА АРКАДАКСКОГО РАЙОНА САРАТОВСКОЙ ОБЛАСТИ | D13: Бюджетное учреждение | F13: 1 | G13: 1 | H13: 1 | I13: =F13*0.2+G13*0.4+H13*0.4 -> 1 | J13: Обратите внимание, что на странице отсутствует ФИО уполномоченного лица, утвердившего муниципальное задание.
A14: 7 | B14: МУНИЦИПАЛЬНОЕ БЮДЖЕТНОЕ ДОШКОЛЬНОЕ ОБРАЗОВАТЕЛЬНОЕ УЧРЕЖДЕНИЕ - ДЕТСКИЙ САД "ТЕРЕМОК" С. ОЛЬШАНКА АРКАДАКСКОГО РАЙОНА САРАТОВСКОЙ ОБЛАСТИ | C14: МБДОУ - ДЕТСКИЙ САД "ТЕРЕМОК" С. ОЛЬШАНКА АРКАДАКСКОГО РАЙОНА САРАТОВСКОЙ ОБЛАСТИ | D14: Бюджетное учреждение | F14: 1 | G14: 1 | H14: 1 | I14: =F14*0.2+G14*0.4+H14*0.4 -> 1 | J14: Обратите внимание, что на странице отсутствует ФИО уполномоченного лица, утвердившего муниципальное задание.
A15: 8 | B15: МУНИЦИПАЛЬНОЕ БЮДЖЕТНОЕ ОБЩЕОБРАЗОВАТЕЛЬНОЕ УЧРЕЖДЕНИЕ "СРЕДНЯЯ ОБЩЕОБРАЗОВАТЕЛЬНАЯ ШКОЛА С. СЕМЕНОВКА" АРКАДАКСКОГО РАЙОНА САРАТОВСКОЙ ОБЛАСТИ | C15: МБОУ "СОШ С. СЕМЕНОВКА" АРКАДАКСКОГО РАЙОНА САРАТОВСКОЙ ОБЛАСТИ | D15: Бюджетное учреждение | F15: 1 | G15: 1 | H15: 1 | I15: =F15*0.2+G15*0.4+H15*0.4 -> 1 | J15: Обратите внимание, что на странице отсутствует ФИО уполномоченного лица, утвердившего муниципальное задание.
A16: 9 | B16: МУНИЦИПАЛЬНОЕ БЮДЖЕТНОЕ ОБЩЕОБРАЗОВАТЕЛЬНОЕ УЧРЕЖДЕНИЕ - ОСНОВНАЯ ОБЩЕОБРАЗОВАТЕЛЬНАЯ ШКОЛА С. ИВАНОВКА АРКАДАКСКОГО РАЙОНА САРАТОВСКОЙ ОБЛАСТИ | C16: МБОУ - ООШ С. ИВАНОВКА АРКАДАКСКОГО РАЙОНА САРАТОВСКОЙ ОБЛАСТИ | D16: Бюджетное учреждение | F16: 1 | G16: 1 | H16: 1 | I16: =F16*0.2+G16*0.4+H16*0.4 -> 1
A17: 10 | B17: МУНИЦИПАЛЬНОЕ БЮДЖЕТНОЕ ОБЩЕОБРАЗОВАТЕЛЬНОЕ УЧРЕЖДЕНИЕ - ОСНОВНАЯ ОБЩЕОБРАЗОВАТЕЛЬНАЯ ШКОЛА С. ПОДГОРНОЕ АРКАДАКСКОГО РАЙОНА САРАТОВСКОЙ ОБЛАСТИ | C17: МБОУ-ООШ С. ПОДГОРНОЕ АРКАДАКСКОГО РАЙОНА САРАТОВСКОЙ ОБЛАСТИ | D17: Бюджетное учреждение | F17: 1 | G17: 1 | H17: 1 | I17: =F17*0.2+G17*0.4+H17*0.4 -> 1
A18: 11 | B18: МУНИЦИПАЛЬНОЕ БЮДЖЕТНОЕ ОБЩЕОБРАЗОВАТЕЛЬНОЕ УЧРЕЖДЕНИЕ - СРЕДНЯЯ ОБЩЕОБРАЗОВАТЕЛЬНАЯ ШКОЛА С. БАКЛУШИ АРКАДАКСКОГО РАЙОНА САРАТОВСКОЙ ОБЛАСТИ | C18: МБОУ - СОШ С.БАКЛУШИ АРКАДАКСКОГО РАЙОНА САРАТОВСКОЙ ОБЛАСТИ | D18: Бюджетное учреждение | F18: 1 | G18: 1 | H18: 1 | I18: =F18*0.2+G18*0.4+H18*0.4 -> 1 | J18: Обратите внимание, что на странице отсутствует ФИО уполномоченного лица, утвердившего муниципальное задание.
A19: 12 | B19: МУНИЦИПАЛЬНОЕ БЮДЖЕТНОЕ ОБЩЕОБРАЗОВАТЕЛЬНОЕ УЧРЕЖДЕНИЕ - СРЕДНЯЯ ОБЩЕОБРАЗОВАТЕЛЬНАЯ ШКОЛА С. КРАСНОЕ ЗНАМЯ АРКАДАКСКОГО РАЙОНА САРАТОВСКОЙ ОБЛАСТИ | C19: МБОУ- СОШ С. КРАСНОЕ ЗНАМЯ АРКАДАКСКОГО РАЙОНА САРАТОВСКОЙ ОБЛАСТИ | D19: Бюджетное учреждение | F19: 1 | G19: 1 | H19: 1 | I19: =F19*0.2+G19*0.4+H19*0.4 -> 1 | J19: Обратите внимание, что на странице отсутствует ФИО уполномоченного лица, утвердившего муниципальное задание.
A20: 13 | B20: МУНИЦИПАЛЬНОЕ БЮДЖЕТНОЕ ОБЩЕОБРАЗОВАТЕЛЬНОЕ УЧРЕЖДЕНИЕ - СРЕДНЯЯ ОБЩЕОБРАЗОВАТЕЛЬНАЯ ШКОЛА С. МАЛИНОВКА АРКАДАКСКОГО РАЙОНА САРАТОВСКОЙ ОБЛАСТИ | C20: МБОУ - СОШ С. МАЛИНОВКА АРКАДАКСКОГО РАЙОНА САРАТОВСКОЙ ОБЛАСТИ | D20: Бюджетное учреждение | F20: 1 | G20: 1 | H20: 1 | I20: =F20*0.2+G20*0.4+H20*0.4 -> 1 | J20: Обратите внимание, что на странице отсутствует ФИО уполномоченного лица, утвердившего муниципальное задание.
A21: 14 | B21: МУНИЦИПАЛЬНОЕ БЮДЖЕТНОЕ ОБЩЕОБРАЗОВАТЕЛЬНОЕ УЧРЕЖДЕНИЕ - СРЕДНЯЯ ОБЩЕОБРАЗОВАТЕЛЬНАЯ ШКОЛА С. НОВОСЕЛЬСКОЕ АРКАДАКСКОГО РАЙОНА САРАТОВСКОЙ ОБЛАСТИ | C21: МБОУ-СОШ С.НОВОСЕЛЬСКОЕ | D21: Бюджетное учреждение | F21: 1 | G21: 1 | H21: 1 | I21: =F21*0.2+G21*0.4+H21*0.4 -> 1 | J21: Обратите внимание, что на странице отсутствует ФИО уполномоченного лица, утвердившего муниципальное задание, а также не указан номер муниципального задания.
A22: 15 | B22: МУНИЦИПАЛЬНОЕ БЮДЖЕТНОЕ ОБЩЕОБРАЗОВАТЕЛЬНОЕ УЧРЕЖДЕНИЕ - СРЕДНЯЯ ОБЩЕОБРАЗОВАТЕЛЬНАЯ ШКОЛА С.КИСТЕНДЕЙ АРКАДАКСКОГО РАЙОНА САРАТОВСКОЙ ОБЛАСТИ | C22: МБОУ- СОШ С.КИСТЕНДЕЙ АРКАДАКСКОГО РАЙОНА САРАТОВСКОЙ ОБЛАСТИ | D22: Бюджетное учреждение | F22: 1 | G22: 1 | H22: 1 | I22: =F22*0.2+G22*0.4+H22*0.4 -> 1 | J22: Обратите внимание, что на странице отсутствует ФИО уполномоченного лица, утвердившего муниципальное задание, а также не указан номер муниципального задания.
A23: 16 | B23: МУНИЦИПАЛЬНОЕ БЮДЖЕТНОЕ ОБЩЕОБРАЗОВАТЕЛЬНОЕ УЧРЕЖДЕНИЕ - СРЕДНЯЯ ОБЩЕОБРАЗОВАТЕЛЬНАЯ ШКОЛА С.ОЛЬШАНКА АРКАДАКСКОГО РАЙОНА САРАТОВСКОЙ ОБЛАСТИ | C23: МБОУ-СОШ С.ОЛЬШАНКА АРКАДАКСКОГО РАЙОНА САРАТОВСКОЙ ОБЛАСТИ | D23: Бюджетное учреждение | F23: 1 | G23: 1 | H23: 1 | I23: =F23*0.2+G23*0.4+H23*0.4 -> 1 | J23: Обратите внимание, что в общей информации отсутствует ссылка на официальный сайт учреждения. Также на странице отсутствует ФИО уполномоченного лица, утвердившего муниципальное задание и не указан номер муниципального задания.
A24: 17 | B24: МУНИЦИПАЛЬНОЕ БЮДЖЕТНОЕ УЧРЕЖДЕНИЕ ДОПОЛНИТЕЛЬНОГО ОБРАЗОВАНИЯ " ДЕТСКО - ЮНОШЕСКАЯ СПОРТИВНАЯ ШКОЛА" ГОРОДА АРКАДАКА САРАТОВСКОЙ ОБЛАСТИ | C24: МБУ ДО "ДЮСШ" Г. АРКАДАКА САРАТОВСКОЙ ОБЛ. | D24: Бюджетное учреждение | F24: 1 | G24: 1 | H24: 1 | I24: =F24*0.2+G24*0.4+H24*0.4 -> 1 | J24: Обратите внимание, что в общей информации отсутствует ссылка на официальный сайт учреждения. Также на странице отсутствует ФИО уполномоченного лица, утвердившего муниципальное задание.
A25: 18 | B25: МУНИЦИПАЛЬНОЕ БЮДЖЕТНОЕ ОБЩЕОБРАЗОВАТЕЛЬНОЕ УЧРЕЖДЕНИЕ - СРЕДНЯЯ ОБЩЕОБРАЗОВАТЕЛЬНАЯ ШКОЛА СЕЛА РОСТАШИ АРКАДАКСКОГО РАЙОНА САРАТОВСКОЙ ОБЛАСТИ | C25: МБОУ - СОШ С. РОСТАШИ АРКАДАКСКОГО РАЙОНА САРАТОВСКОЙ ОБЛАСТИ | D25: Бюджетное учреждение | F25: 1 | G25: 1 | H25: 1 | I25: =F25*0.2+G25*0.4+H25*0.4 -> 1 | J25: Обратите внимание, что в общей информации отсутствует ссылка на официальный сайт учреждения.
A26: 19 | B26: МУНИЦИПАЛЬНОЕ БЮДЖЕТНОЕ ОБЩЕОБРАЗОВАТЕЛЬНОЕ УЧРЕЖДЕНИЕ - СРЕДНЯЯ ОБЩЕОБРАЗОВАТЕЛЬНАЯ ШКОЛА №1 Г. АРКАДАКА САРАТОВСКОЙ ОБЛАСТИ | C26: МБОУ- СОШ №1 Г. АРКАДАКА САРАТОВСКОЙ ОБЛАСТИ | D26: Бюджетное учреждение | F26: 1 | G26: 1 | H26: 1 | I26: =F26*0.2+G26*0.4+H26*0.4 -> 1 | J26: Обратите внимание, что на странице отсутствует ФИО уполномоченного лица, утвердившего муниципальное задание, а также не указан номер муниципального задания и дата его утверждения.
A27: 20 | B27: МУНИЦИПАЛЬНОЕ БЮДЖЕТНОЕ ОБЩЕОБРАЗОВАТЕЛЬНОЕ УЧРЕЖДЕНИЕ - СРЕДНЯЯ ОБЩЕОБРАЗОВАТЕЛЬНАЯ ШКОЛА №2 ГОРОДА АРКАДАКА САРАТОВСКОЙ ОБЛАСТИ | C27: МБОУ - СОШ №2 ГОРОДА АРКАДАКА САРАТОВСКОЙ ОБЛАСТИ | D27: Бюджетное учреждение | F27: 1 | G27: 1 | H27: 1 | I27: =F27*0.2+G27*0.4+H27*0.4 -> 1 | J27: Обратите внимание, что в общей информации отсутствует ОКТМО учреждения. Также на странице отсутствует ФИО уполномоченного лица, утвердившего муниципальное задание и не указан номер муниципального задания.
A28: 21 | B28: МУНИЦИПАЛЬНОЕ БЮДЖЕТНОЕ ОБЩЕОБРАЗОВАТЕЛЬНОЕ УЧРЕЖДЕНИЕ - СРЕДНЯЯ ОБЩЕОБРАЗОВАТЕЛЬНАЯ ШКОЛА №3 ГОРОДА АРКАДАКА САРАТОВСКОЙ ОБЛАСТИ | C28: МБОУ - СОШ №3 ГОРОДА АРКАДАКА САРАТОВСКОЙ ОБЛАСТИ | D28: Бюджетное учреждение | F28: 1 | G28: 1 | H28: 1 | I28: =F28*0.2+G28*0.4+H28*0.4 -> 1 | J28: Обратите внимание, что в общей информации отсутствует ОКТМО учреждения и ссылка на официальный сайт учреждения
A29: 22 | B29: "МЕЖМУНИЦИПАЛЬНОЕ РАЙОННОЕ УЧРЕЖДЕНИЕ КУЛЬТУРЫ "ЦЕНТРАЛИЗОВАННАЯ КЛУБНАЯ СИСТЕМА" АРКАДАКСКОГО РАЙОНА" | C29: МРУК "ЦКС" | D29: Бюджетное учреждение | F29: 1 | G29: 1 | H29: 1 | I29: =F29*0.2+G29*0.4+H29*0.4 -> 1 | J29: Обратите внимание, что в общей информации отсутствует ссылка на официальный сайт учреждения
... A39: 32 | B39: МУНИЦИПАЛЬНОЕ БЮДЖЕТНОЕ ДОШКОЛЬНОЕ ОБРАЗОВАТЕЛЬНОЕ УЧРЕЖДЕНИЕ - ДЕТСКИЙ САД "СОЛНЫШКО" Г. АРКАДАКА САРАТОВСКОЙ ОБЛАСТИ | C39: МБДОУ - ДЕТСКИЙ САД "СОЛНЫШКО" Г. АРКАДАКА САРАТОВСКОЙ ОБЛАСТИ | D39: Бюджетное учреждение | F39: 1 | G39: 1 | H39: 1 | I39: =F39*0.2+G39*0.4+H39*0.4 -> 1 | J39: Обратите внимание, что на странице не указан номер муниципального задания.
A40: ИТОГО (Rмо=(∑mi=1Ri)/m) | I40: =SUM(I8:I39)/COUNT(I8:I39) -> 1

Sheet Раздел 2. Аткарский
A1: 2.1 Итоговое значение рейтинга открытости и прозрачности муниципальных учреждений муниципального образования, рассчитанного на основе данных раздела «Независимая система оценки качества» официального сайта Российской Федерации для размещения информации о государственных (муниципальных) учреждениях (www.bus.gov.ru)
A2: Наименование муниципального образования | C2: Аткарский муниципальный район
A3: Дата проведения оценки | C3: 43929
A4: Комментарий:
A5: Показатели Roii, Rmzi, Rpfhdi при наличии опубликованной информации на указанном сайте принимают значения 1, в иных случаях – 0. Если муниципальному учреждению муниципальное задание не предоставляется (муниципальное учреждение является казенным или учреждение осуществляет деятельность в сфере обязательного медицинского страхования на основании договора на оказание и оплату медицинской помощи по обязательному медицинскому страхованию), то показатель Rmzi принимает значение 1, в иных случаях – 0.
A6: № п/п | B6: Полное наименование учреждения | C6: Сокращенное наименование учреждения | D6: Тип учреждения | E6: Отметка об отсутствии муниципального задания и/или плана финансово-хозяйственной деятельности с указанием причины | F6: Общая информация (Roii) | G6: на 2020 год | I6: Рейтинг открытости и прозрачности по учреждению (Ri=Roii*0,2+ Rmzi*0,4+ Rpfhdi*0,4) | J6: Комментарии
G7: Информация о муниципальном задании (Rmzi) | H7: Информация о ПФХД или показателях бюджетной сметы (Rpfhdi)
A8: 1 | B8: Муниципальное общеобразовательное учреждение - средняя общеобразовательная школа № 1 имени 397-й Сарненской дивизии города Аткарска Саратовской области. | C8: МОУ – СОШ № 1 г. Аткарска | D8: автономное | F8: 1 | G8: 1 | H8: 1 | I8: =F8*0.2+G8*0.4+H8*0.4 -> 1
A9: 2 | B9: Муниципальное общеобразовательное учреждение - основная общеобразовательная школа №2 г. Аткарска Саратовской области. | C9: МОУ – ООШ №2 г. Аткарска Саратовской области | D9: автономное | F9: 1 | G9: 1 | H9: 1 | I9: =F9*0.2+G9*0.4+H9*0.4 -> 1
A10: 3 | B10: Муниципальное общеобразовательное учреждение - средняя общеобразовательная школа №3 города Аткарска Саратовской области имени Героя Советского Союза Антонова Владимира Семеновича. | C10: МОУ – СОШ №3 г. Аткарска Саратовской области имени Героя Советского Союза Антонова Владимира Семеновича | D10: автономное | F10: 1 | G10: 1 | H10: 1 | I10: =F10*0.2+G10*0.4+H10*0.4 -> 1
A11: 4 | B11: Муниципальное общеобразовательное учреждение – основная общеобразовательная школа №6 города Аткарска Саратовской области. | C11: МОУ – ООШ №6 г. Аткарска Саратовской области | D11: автономное | F11: 1 | G11: 1 | H11: 1 | I11: =F11*0.2+G11*0.4+H11*0.4 -> 1
A12: 5 | B12: Муниципальное общеобразовательное учреждение – средняя общеобразовательная школа № 8 города Аткарска Саратовской области | C12: МОУ-СОШ № 8 города Аткарска Саратовской области | D12: автономное | F12: 1 | G12: 1 | H12: 1 | I12: =F12*0.2+G12*0.4+H12*0.4 -> 1
A13: 6 | B13: Муниципальное общеобразовательное учреждение - средняя общеобразовательная школа № 9 города Аткарска Саратовской области | C13: МОУ – СОШ № 9 г. Аткарска Саратовской области | D13: автономное | F13: 1 | G13: 1 | H13: 1 | I13: =F13*0.2+G13*0.4+H13*0.4 -> 1
A14: 7 | B14: Муниципальное общеобразовательное учреждение - средняя общеобразовательная школа № 10 города Аткарска Саратовской области. | C14: МОУ – СОШ № 10 г. Аткарска саратовской области | D14: автономное | F14: 1 | G14: 1 | H14: 1 | I14: =F14*0.2+G14*0.4+H14*0.4 -> 1
A15: 8 | B15: Муниципальное общеобразовательное учреждение – основная общеобразовательная школа села Барановка Аткарского района Саратовской области. | C15: МОУ – ООШ с. Барановка Аткарского района Саратовской области | D15: автономное | F15: 1 | G15: 1 | H15: 1 | I15: =F15*0.2+G15*0.4+H15*0.4 -> 1 | J15: Обратите внимание, что на странице не указана дата утверждения муниципального задания.
A16: 9 | B16: Муниципальное общеобразовательное учреждение – средняя общеобразовательная школа села Большая Екатериновка Аткарского района Саратовской области. | C16: МОУ – СОШ села Большая Екатериновка Аткарского района Саратовской области | D16: автономное | F16: 1 | G16: 1 | H16: 1 | I16: =F16*0.2+G16*0.4+H16*0.4 -> 1 | J16: Обратите внимание, что в общей информации отсутствует ОКТМО учреждения.
A17: 10 | B17: Муниципальное общеобразовательное учреждение – основная общеобразовательная школа села Вяжля Аткарского района Саратовской области | C17: МОУ – ООШ села Вяжля Аткарского района Саратовской области | D17: автономное | F17: 1 | G17: 1 | H17: 1 | I17: =F17*0.2+G17*0.4+H17*0.4 -> 1 | J17: Обратите внимание, что на странице не указан номер муниципального задания и дата его утверждения.
A18: 11 | B18: Муниципальное общеобразовательное учреждение – средняя общеобразовательная школа села Даниловка Аткарского района Саратовской области | C18: МОУ – СОШ села Даниловка Аткарского района Саратовской области | D18: автономное | F18: 1 | G18: 1 | H18: 1 | I18: =F18*0.2+G18*0.4+H18*0.4 -> 1
A19: 12 | B19: Муниципальное общеобразовательное учреждение – средняя общеобразовательная школа села Елизаветино Аткарского района Саратовской области. | C19: МОУ – СОШ села Елизаветино Аткарского района Саратовской области | D19: автономное | F19: 1 | G19: 1 | H19: 1 | I19: =F19*0.2+G19*0.4+H19*0.4 -> 1
A20: 13 | B20: Муниципальное общеобразовательное учреждение – средняя общеобразовательная школа деревни Ершовка Аткарского района Саратовской области | C20: МОУ – СОШ деревни Ершовка Аткарского района Саратовской области | D20: автономное | F20: 1 | G20: 1 | H20: 1 | I20: =F20*0.2+G20*0.4+H20*0.4 -> 1
A21: 14 | B21: Муниципальное общеобразовательное учреждение «Школа» села Земляные Хутора Аткарского района Саратовской области. | C21: МОУ «Школа» села Земляные Хутора Аткарского района Саратовской области | D21: автономное | F21: 1 | G21: 1 | H21: 1 | I21: =F21*0.2+G21*0.4+H21*0.4 -> 1
A22: 15 | B22: Муниципальное общеобразовательное учреждение – средняя общеобразовательная школа села Кочетовка Аткарского района Саратовской области | C22: МОУ – СОШ села Кочетовка Аткарского района Саратовской области | D22: автономное | F22: 1 | G22: 1 | H22: 1 | I22: =F22*0.2+G22*0.4+H22*0.4 -> 1
A23: 16 | B23: Муниципальное общеобразовательное учреждение – средняя общеобразовательная школа поселка Лопуховка Аткарского района Саратовской области имени Героя Советского Союза Платицына Владимира Васильевича. | C23: МОУ – СОШ поселка Лопуховка Аткарского района Саратовской области имени Героя Советского Союза Платицына Владимира Васильевича | D23: автономное | F23: 1 | G23: 1 | H23: 1 | I23: =F23*0.2+G23*0.4+H23*0.4 -> 1
A24: 17 | B24: Муниципальное общеобразовательное учреждение – средняя общеобразовательная школа села Марфино Аткарского района Саратовской области | C24: МОУ – СОШ села Марфино Аткарского района Саратовской области | D24: автономное | F24: 1 | G24: 1 | H24: 1 | I24: =F24*0.2+G24*0.4+H24*0.4 -> 1
A25: 18 | B25: Муниципальное общеобразовательное учреждение – средняя общеобразовательная школа села Озерное Аткарского района Саратовской области. | C25: МОУ – СОШ села Озерное Аткарского района Саратовской области | D25: автономное | F25: 1 | G25: 1 | H25: 1 | I25: =F25*0.2+G25*0.4+H25*0.4 -> 1
A26: 19 | B26: Муниципальное общеобразовательное учреждение – основная общеобразовательная школа села Песчанка Аткарского района Саратовской области. | C26: МОУ – ООШ села Песчанка Аткарского района Саратовской области | D26: автономное | F26: 1 | G26: 1 | H26: 1 | I26: =F26*0.2+G26*0.4+H26*0.4 -> 1
A27: 20 | B27: муниципальное общеобразовательное учреждение – средняя общеобразовательная школа села Прокудино Аткарского района Саратовской области | C27: МОУ – СОШ с. Прокудино Аткарского района Саратовской области | D27: автономное | F27: 1 | G27: 1 | H27: 1 | I27: =F27*0.2+G27*0.4+H27*0.4 -> 1
A28: 21 | B28: Муниципальное общеобразовательное учреждение – Средняя общеобразовательная школа посёлка Сазоново Аткарского района Саратовской области. | C28: МОУ – СОШ поселка Сазоново Аткарского района Саратовской области | D28: автономное | F28: 1 | G28: 1 | H28: 1 | I28: =F28*0.2+G28*0.4+H28*0.4 -> 1
A29: 22 | B29: Муниципальное общеобразовательное учреждение – основная общеобразовательная школа поселка Тургенево Аткарского района Саратовской области. | C29: МОУ – ООШ поселка Тургенево Аткарского района Саратовской области | D29: автономное | F29: 1 | G29: 1 | H29: 1 | I29: =F29*0.2+G29*0.4+H29*0.4 -> 1 | J29: Обратите внимание, что на странице не указан номер муниципального задания и дата его утверждения.
A30: 23 | B30: Муниципальное общеобразовательное учреждение – средняя общеобразовательная школа села Умет Аткарского района Саратовской области. | C30: МОУ – СОШ села Умет Аткарского района Саратовской области | D30: автономное | F30: 1 | G30: 1 | H30: 1 | I30: =F30*0.2+G30*0.4+H30*0.4 -> 1
A31: 24 | B31: Муниципальное общеобразовательное учреждение – средняя общеобразовательная школа села Иваново-Языковка Аткарского района Саратовской области. | C31: МОУ – СОШ села Иваново – Языковка Аткарского района Саратовской области | D31: автономное | F31: 1 | G31: 1 | H31: 1 | I31: =F31*0.2+G31*0.4+H31*0.4 -> 1
A32: 25 | B32: Муниципальное автономное учреждение дополнительного образования «Центр детского творчества города Аткарска Саратовской области | C32: МАУ ДО ЦДТ | D32: автономное | F32: 1 | G32: 1 | H32: 1 | I32: =F32*0.2+G32*0.4+H32*0.4 -> 1
A33: 26 | B33: Муниципальное учреждение "Организационно-методический центр учреждений образования" Аткарского муниципального района | C33: МУ «ОМЦ УО Аткарского МР | D33: автономное | F33: 1 | G33: 1 | H33: 1 | I33: =F33*0.2+G33*0.4+H33*0.4 -> 1
A34: 27 | B34: Муниципальное учреждение "Хозяйственно-эксплуатационная группа учреждений образования Аткарского муниципального района" | C34: МУ «ХЭГ УО» Аткарского муниципального района | D34: казенное | E34: Нет, у казенных нет муниципального задания | F34: 1 | G34: 1 | H34: 1 | I34: =F34*0.2+G34*0.4+H34*0.4 -> 1
A35: 28 | B35: Муниципальное учреждение культуры «Районный культурный центр» | C35: МУК «РКЦ» | D35: бюджетное | F35: 1 | G35: 1 | H35: 1 | I35: =F35*0.2+G35*0.4+H35*0.4 -> 1
A36: 29 | B36: Муниципальное учреждение культуры «Аткарская межпоселенческая центральная библиотека» | C36: МУК «АМЦБ» | D36: бюджетное | F36: 1 | G36: 1 | H36: 1 | I36: =F36*0.2+G36*0.4+H36*0.4 -> 1 | J36: Обратите внимание, что на странице не указан номер муниципального задания.
A37: 30 | B37: Муниципальное автономное учреждение культуры «Культурно-просветительный центр досуга и кино им.Б.Андреева» Аткарского муниципального района | C37: МАУК «ЦДК» | D37: автономное | F37: 1 | G37: 1 | H37: 1 | I37: =F37*0.2+G37*0.4+H37*0.4 -> 1 | J37: Обратите внимание, что на странице не указан номер муниципального задания.
A38: 31 | B38: Муниципальное бюджетное учреждение «Городской дом культуры» | C38: МБУК «ГДК» | D38: бюджетное | F38: 1 | G38: 1 | H38: 1 | I38: =F38*0.2+G38*0.4+H38*0.4 -> 1 | J38: Обратите внимание, что на странице не указан номер муниципального задания.
A39: 32 | B39: Муниципальное автономное учреждение дополнительного образования «Детская школа искусств» | C39: МАУ ДО «ДШИ» | D39: автономное | F39: 1 | G39: 1 | H39: 1 | I39: =F39*0.2+G39*0.4+H39*0.4 -> 1 | J39: Обратите внимание, что на странице не указан номер муниципального задания.
A40: 33 | B40: Муниципальное учреждение культуры «Аткарский духовой оркестр «Возрождение» имени Ю.И. Перфилова» | C40: МУК «Возрождение» | D40: бюджетное | F40: 1 | G40: 1 | H40: 1 | I40: =F40*0.2+G40*0.4+H40*0.4 -> 1
A41: 34 | B41: Муниципальное учреждение «Хозяйственно-эксплуатационная группа учреждений культуры и кино» | C41: МУ «ХЭГ УК» | D41: казенное | F41: 1 | G41: 1 | H41: 1 | I41: =F41*0.2+G41*0.4+H41*0.4 -> 1
A42: 35 | B42: Муниципальное автономное учреждение «Спортивная школа г. Аткарска Саратовской области» | C42: МАУ «Спортивная школа г. Аткарска Саратовской области» | D42: автономное | F42: 1 | G42: 1 | H42: 1 | I42: =F42*0.2+G42*0.4+H42*0.4 -> 1
A43: 36 | B43: Муниципальное автономное учреждение «Аткарский физкультурно-оздоровительный комплекс «Дельфин» Аткарского муниципального района» | C43: МАУ ФОК «Дельфин» | D43: автономное | F43: 1 | G43: 1 | H43: 1 | I43: =F43*0.2+G43*0.4+H43*0.4 -> 1
A44: 37 | B44: Муниципальное казенное учреждение «Централизованное административно-хозяйственное управление органов местного самоуправления Аткарского муниципального района Саратовской области» | C44: МКУ «ЦАХУ» | D44: казенное | F44: 1 | G44: 1 | H44: 1 | I44: =F44*0.2+G44*0.4+H44*0.4 -> 1
A45: 38 | B45: Муниципальное казенное учреждение «Централизованная бухгалтерия Аткарского муниципального района» | C45: МКУ «ЦБ» | D45: казенное | F45: 1 | G45: 1 | H45: 1 | I45: =F45*0.2+G45*0.4+H45*0.4 -> 1
A46: ИТОГО (Rмо=(∑mi=1Ri)/m) | I46: =SUM(I8:I45)/COUNT(I8:I45) -> 1

Sheet Раздел 2. Базарно-Карабулакский
A1: 2.1 Итоговое значение рейтинга открытости и прозрачности муниципальных учреждений муниципального образования, рассчитанного на основе данных раздела «Независимая система оценки качества» официального сайта Российской Федерации для размещения информации о государственных (муниципальных) учреждениях (www.bus.gov.ru)
A2: Наименование муниципального образования | C2: Базарно-Карабулакский муниципальный район
A3: Дата проведения оценки | C3: 43930
A4: Комментарий:
A5: Показатели Roii, Rmzi, Rpfhdi при наличии опубликованной информации на указанном сайте принимают значения 1, в иных случаях – 0. Если муниципальному учреждению муниципальное задание не предоставляется (муниципальное учреждение является казенным или учреждение осуществляет деятельность в сфере обязательного медицинского страхования на основании договора на оказание и оплату медицинской помощи по обязательному медицинскому страхованию), то показатель Rmzi принимает значение 1, в иных случаях – 0.
A6: № п/п | B6: Полное наименование учреждения | C6: Сокращенное наименование учреждения | D6: Тип учреждения | E6: Отметка об отсутствии муниципального задания и/или плана финансово-хозяйственной деятельности с указанием причины | F6: Общая информация (Roii) | G6: на 2020 год | I6: Рейтинг открытости и прозрачности по учреждению (Ri=Roii*0,2+ Rmzi*0,4+ Rpfhdi*0,4) | J6: Комментарии
G7: Информация о муниципальном задании (Rmzi) | H7: Информация о ПФХД или показателях бюджетной сметы (Rpfhdi)
A8: 1 | B8: Муниципальное учреждение Базарно-Карабулакского муниципального района «Служба единого балансодержателя» | C8: МУ БКМР «СЕБ» | D8: казенное | F8: 1 | G8: 1 | H8: 1 | I8: =F8*0.2+G8*0.4+H8*0.4 -> 1 | J8: Обратите внимание, что на странице не указан номер муниципального задания.
A9: 2 | B9: Муниципальное бюджетное учреждение культуры «Базарно-Карабулакская Межпоселенческая центральная библиотека» | C9: МБУК «Базарно –Карабулакская МЦБ» | D9: бюджетное | F9: 1 | G9: 1 | H9: 1 | I9: =F9*0.2+G9*0.4+H9*0.4 -> 1 | J9: Обратите внимание, что на странице не указан номер муниципального задания.
A10: 3 | B10: Муниципальное бюджетное учреждение дополнительного образования «Базарнокарабулакская детская школа искусств» | C10: МБУ ДО «Базарнокарабулакская ДШИ» | D10: бюджетное | F10: 1 | G10: 1 | H10: 1 | I10: =F10*0.2+G10*0.4+H10*0.4 -> 1 | J10: Обратите внимание, что на странице не указан номер муниципального задания.
A11: 4 | B11: Муниципальное бюджетное учреждение культуры «Культурно- досуговый методический центр Базарнокарабулакского муниципального образования» | C11: МБУК «КДМЦ Базарнокарабулакского МО» | D11: бюджетное | F11: 1 | G11: 1 | H11: 1 | I11: =F11*0.2+G11*0.4+H11*0.4 -> 1 | J11: Обратите внимание, что в общей информации отсутствует ОКТМО учреждения.
A12: 5 | B12: Муниципальное бюджетное учреждение культуры «Культурно-досуговый центр Свободинского муниципального образования» | C12: МБУК «КДЦ Свободинского МО» | D12: бюджетное | F12: 1 | G12: 1 | H12: 1 | I12: =F12*0.2+G12*0.4+H12*0.4 -> 1
A13: 6 | B13: Муниципальное бюджетное учреждение культуры «Культурно-досуговый центр Алексеевского муниципального образования» | C13: МБУК «КДЦ Алексеевскогго МО» | D13: бюджетное | F13: 1 | G13: 1 | H13: 1 | I13: =F13*0.2+G13*0.4+H13*0.4 -> 1 | J13: Обратите внимание, что в общей информации отсутствует ОКТМО учреждения. Также на странице не указан номер муниципального задания.
A14: 7 | B14: Муниципальное бюджетное учреждение культуры «Культурно- досуговый центр Старобурасского муниципального образования» | C14: МБУК «КДЦ Старобурасского МО» | D14: бюджетное | F14: 1 | G14: 1 | H14: 1 | I14: =F14*0.2+G14*0.4+H14*0.4 -> 1 | J14: Обратите внимание, что на странице не указан номер муниципального задания.
A15: 8 | B15: Муниципальное бюджетное учреждение культуры «Культурно- досуговый центр Максимовского муниципального образования» | C15: МБУК «КДЦ Максимовского МО» | D15: бюджетное | F15: 1 | G15: 1 | H15: 1 | I15: =F15*0.2+G15*0.4+H15*0.4 -> 1 | J15: Обратите внимание, что на странице не указан номер муниципального задания.
A16: 9 | B16: Муниципальное бюджетное учреждение культуры «Культурно- досуговый центр Старожуковского муниципального образования» | C16: МБУК «КДЦ Старожуковского МО» | D16: бюджетное | F16: 1 | G16: 1 | H16: 1 | I16: =F16*0.2+G16*0.4+H16*0.4 -> 1 | J16: Обратите внимание, что на странице не указан номер муниципального задания.
A17: 10 | B17: Муниципальное бюджетное учреждение культуры «Культурно- досуговый центр Липовского муниципального образования» | C17: МБУК «КДЦ Липовского МО» | D17: бюджетное | F17: 1 | G17: 1 | H17: 1 | I17: =F17*0.2+G17*0.4+H17*0.4 -> 1 | J17: Обратите внимание, что на странице не указан номер муниципального задания.
A18: 11 | B18: Муниципальное бюджетное учреждение культуры «Культурно- досуговый центр Яковлевского муниципального образования» | C18: МБУК «КДЦ Яковлевского МО» | D18: бюджетное | F18: 1 | G18: 1 | H18: 1 | I18: =F18*0.2+G18*0.4+H18*0.4 -> 1 | J18: Обратите внимание, что на странице не указан номер муниципального задания.
A19: 12 | B19: Муниципальное бюджетное учреждение культуры «Культурно- досуговый центр Шняевского муниципального образования» | C19: МБУК «КДЦ Шняевского МО» | D19: бюджетное | F19: 1 | G19: 1 | H19: 1 | I19: =F19*0.2+G19*0.4+H19*0.4 -> 1 | J19: Обратите внимание, что на странице не указан номер муниципального задания.
A20: 13 | B20: Муниципальное бюджетное учреждение культуры «Культурно- досуговый центр Большечечуйского муниципального образования» | C20: МБУК «КДЦ Большечечуйского МО» | D20: бюджетное | F20: 1 | G20: 1 | H20: 1 | I20: =F20*0.2+G20*0.4+H20*0.4 -> 1
A21: 14 | B21: Муниципальное казенное учреждение «Централизованная бухгалтерия по обслуживанию муниципальных учреждений культуры Базарно – Карабулакского муниципального района» | C21: МКУ «ЦБМУК» | D21: казенное | F21: 1 | G21: 1 | H21: 1 | I21: =F21*0.2+G21*0.4+H21*0.4 -> 1
A22: 15 | B22: Муниципальное казенное учреждение «Учреждение по хозяйственному обслуживанию Базарно-Карабулакского муниципального образования» | C22: МКУ «УХО» | D22: казенное | F22: 1 | G22: 1 | H22: 1 | I22: =F22*0.2+G22*0.4+H22*0.4 -> 1
A23: 16 | B23: Муниципальное казенное учреждение «Централизованная бухгалтерия по обслуживанию муниципальных образований Базарно-Карабулакского муниципального района Саратовской области» | C23: МКУ «ЦБМО» | D23: казенное | F23: 1 | G23: 1 | H23: 1 | I23: =F23*0.2+G23*0.4+H23*0.4 -> 1
A24: 17 | B24: Муниципальное автономное учреждение дополнительного образования «Детско-юношеская спортивная школа» р.п. Базарный Карабулак Базарно-Карабулакского муниципального района Саратовской области | C24: МАУДО "ДЮСШ" р.п. Базарный Карабулак | D24: автономное | F24: 1 | G24: 1 | H24: 1 | I24: =F24*0.2+G24*0.4+H24*0.4 -> 1 | J24: Обратите внимание, что на странице не указан номер муниципального задания.
A25: 18 | B25: Муниципальное бюджетное учреждение дополнительного образования «Дом детского творчества» Базарно-Карабулакского муниципального района Саратовской области | C25: МБУДО "ДДТ" | D25: бюджетное | F25: 1 | G25: 1 | H25: 1 | I25: =F25*0.2+G25*0.4+H25*0.4 -> 1
A26: 19 | B26: Муниципальное бюджетное дошкольное образовательное учреждение «Детский сад № 1 «Теремок» р.п. Базарный Карабулак Саратовской области» | C26: МБДОУ ДС № 1 "Теремок" р.п. Базарный Карабулак | D26: бюджетное | F26: 1 | G26: 1 | H26: 1 | I26: =F26*0.2+G26*0.4+H26*0.4 -> 1 | J26: Обратите внимание, что на странице не указан номер муниципального задания.
A27: 20 | B27: Муниципальное бюджетное дошкольное образовательное учреждение «Детский сад № 2 «Светлячок» р.п. Базарный Карабулак Саратовской области» | C27: МБДОУ ДС № 2 "Светлячок" р.п. Базарный Карабулак | D27: бюджетное | F27: 1 | G27: 1 | H27: 1 | I27: =F27*0.2+G27*0.4+H27*0.4 -> 1 | J27: Обратите внимание, что на странице не указан номер муниципального задания.
A28: 21 | B28: Муниципальное бюджетное дошкольное образовательное учреждение «Детский сад № 5 «Радость» р.п. Базарный Карабулак Саратовской области» | C28: МБДОУ ДС № 5 "Радость" р.п. Базарный Карабулак | D28: бюджетное | F28: 1 | G28: 1 | H28: 1 | I28: =F28*0.2+G28*0.4+H28*0.4 -> 1 | J28: Обратите внимание, что на странице не указан номер муниципального задания.
A29: 22 | B29: Муниципальное автономное дошкольное образовательное учреждение «Детский сад «Радуга» р.п. Базарный Карабулак Саратовской области» | C29: МАДОУ ДС "Радуга" р.п. Базарный Карабулак | D29: автономное | F29: 1 | G29: 1 | H29: 1 | I29: =F29*0.2+G29*0.4+H29*0.4 -> 1 | J29: Обратите внимание, что на странице не указан номер муниципального задания.
A30: 23 | B30: Муниципальное бюджетное дошкольное образовательное учреждение «Детский сад с. Алексеевка Базарно-Карабулакского муниципального района Саратовской области» | C30: МБДОУ ДС с. Алексеевка | D30: бюджетное | F30: 1 | G30: 1 | H30: 1 | I30: =F30*0.2+G30*0.4+H30*0.4 -> 1 | J30: Обратите внимание, что на странице не указан номер муниципального задания.
A31: 24 | B31: Муниципальное бюджетное дошкольное образовательное учреждение «Детский сад с. Ивановка Базарно-Карабулакского муниципального района Саратовской области» | C31: МБДОУ ДС с. Ивановка | D31: бюджетное | F31: 1 | G31: 1 | H31: 1 | I31: =F31*0.2+G31*0.4+H31*0.4 -> 1
A32: 25 | B32: Муниципальное бюджетное дошкольное образовательное учреждение «Детский сад с. Вязовка Базарно-Карабулакского муниципального района Саратовской области» | C32: МБДОУ ДС с. Вязовка | D32: бюджетное | F32: 1 | G32: 1 | H32: 1 | I32: =F32*0.2+G32*0.4+H32*0.4 -> 1 | J32: Обратите внимание, что на странице не указан номер муниципального задания.
A33: 26 | B33: Муниципальное бюджетное дошкольное образовательное учреждение «Детский сад с. Казанла Базарно-Карабулакского муниципального района Саратовской области» | C33: МБДОУ ДС с. Казанла | D33: бюджетное | F33: 1 | G33: 1 | H33: 1 | I33: =F33*0.2+G33*0.4+H33*0.4 -> 1 | J33: Обратите внимание, что на странице не указан номер муниципального задания.
A34: 27 | B34: Муниципальное бюджетное дошкольное образовательное учреждение «Детский сад с. Березовка Базарно-Карабулакского муниципального района Саратовской области» | C34: МБДОУ ДС с. Березовка | D34: бюджетное | F34: 1 | G34: 1 | H34: 1 | I34: =F34*0.2+G34*0.4+H34*0.4 -> 1 | J34: Обратите внимание, что на странице не указан номер муниципального задания.
A35: 28 | B35: Муниципальное бюджетное дошкольное образовательное учреждение «Детский сад р.п. Свободный Базарно-Карабулакского муниципального района Саратовской области» | C35: МБДОУ ДС р.п. Свободный | D35: бюджетное | F35: 1 | G35: 1 | H35: 1 | I35: =F35*0.2+G35*0.4+H35*0.4 -> 1 | J35: Обратите внимание, что на странице не указан номер муниципального задания.
A36: 29 | B36: Муниципальное бюджетное дошкольное образовательное учреждение «Детский сад с. Сухой Карабулак Базарно-Карабулакского муниципального района Саратовской области» | C36: МБДОУ ДС с. Сухой Карабулак | D36: бюджетное | F36: 1 | G36: 1 | H36: 1 | I36: =F36*0.2+G36*0.4+H36*0.4 -> 1 | J36: Обратите внимание, что на странице не указан номер муниципального задания.
A37: 30 | B37: Муниципальное бюджетное дошкольное образовательное учреждение «Детский сад с. Ключи Базарно-Карабулакского муниципального района Саратовской области» | C37: МБДОУ ДС с. Ключи | D37: бюджетное | F37: 1 | G37: 1 | H37: 1 | I37: =F37*0.2+G37*0.4+H37*0.4 -> 1 | J37: Обратите внимание, что на странице не указан номер муниципального задания.
A38: 31 | B38: Муниципальное бюджетное дошкольное образовательное учреждение «Детский сад с. Тепляковка Базарно-Карабулакского муниципального района Саратовской области» | C38: МБДОУ ДС с. Тепляковка | D38: бюджетное | F38: 1 | G38: 1 | H38: 1 | I38: =F38*0.2+G38*0.4+H38*0.4 -> 1 | J38: Обратите внимание, что на странице не указан номер муниципального задания.
A39: 32 | B39: Муниципальное бюджетное дошкольное образовательное учреждение «Детский сад с. Большая Гусиха Базарно-Карабулакского муниципального района Саратовской области» | C39: МБДОУ ДС с. Большая Гусиха | D39: бюджетное | F39: 1 | G39: 1 | H39: 1 | I39: =F39*0.2+G39*0.4+H39*0.4 -> 1 | J39: Обратите внимание, что на странице не указан номер муниципального задания.
A40: 33 | B40: Муниципальное бюджетное дошкольное образовательное учреждение «Детский сад с. Шняево Базарно-Карабулакского муниципального района Саратовской области» | C40: МБДОУ ДС с. Шняево | D40: бюджетное | F40: 1 | G40: 1 | H40: 1 | I40: =F40*0.2+G40*0.4+H40*0.4 -> 1 | J40: Обратите внимание, что на странице не указан номер муниципального задания.
A41: 34 | B41: Муниципальное бюджетное дошкольное образовательное учреждение «Детский сад с. Первая Ханенёвка Базарно-Карабулакского муниципального района Саратовской области» | C41: МБДОУ ДС с. Первая Ханеневка | D41: бюджетное | F41: 1 | G41: 1 | H41: 1 | I41: =F41*0.2+G41*0.4+H41*0.4 -> 1
A42: 35 | B42: Муниципальное бюджетное дошкольное образовательное учреждение «Детский сад с. Старая Жуковка Базарно-Карабулакского муниципального района Саратовской области» | C42: МБДОУ ДС с. Старая Жуковка | D42: бюджетное | F42: 1 | G42: 1 | H42: 1 | I42: =F42*0.2+G42*0.4+H42*0.4 -> 1 | J42: Обратите внимание, что на странице не указан номер муниципального задания и дата его утверждения.
A43: 36 | B43: Муниципальное бюджетное дошкольное образовательное учреждение «Детский сад с. Яковлевка Базарно-Карабулакского муниципального района Саратовской области» | C43: МБДОУ ДС с. Яковлевка | D43: бюджетное | F43: 1 | G43: 1 | H43: 1 | I43: =F43*0.2+G43*0.4+H43*0.4 -> 1 | J43: Обратите внимание, что на странице не указан номер муниципального задания.
A44: 37 | B44: Муниципальное бюджетное дошкольное образовательное учреждение «Детский сад с. Стригай Базарно-Карабулакского муниципального района Саратовской области» | C44: МБДОУ ДС с. Стригай | D44: бюджетное | F44: 1 | G44: 1 | H44: 1 | I44: =F44*0.2+G44*0.4+H44*0.4 -> 1
A45: 38 | B45: Муниципальное бюджетное дошкольное образовательное учреждение «Детский сад с. Максимовка Базарно-Карабулакского муниципального района Саратовской области» | C45: МБДОУ ДС с. Максимовка | D45: бюджетное | F45: 1 | G45: 1 | H45: 1 | I45: =F45*0.2+G45*0.4+H45*0.4 -> 1
A46: 39 | B46: Муниципальное бюджетное дошкольное образовательное учреждение «Детский сад с. Лесная Нееловка Базарно-Карабулакского муниципального района Саратовской области» | C46: МБДОУ ДС с. Лесная Нееловка | D46: бюджетное | F46: 1 | G46: 1 | H46: 1 | I46: =F46*0.2+G46*0.4+H46*0.4 -> 1
A47: 40 | B47: Муниципальное бюджетное дошкольное образовательное учреждение «Детский сад «Родничок» с. Большая Чечуйка Базарно-Карабулакского муниципального района Саратовской области» | C47: МБДОУ ДС с. Большая Чечуйка | D47: бюджетное | F47: 1 | G47: 1 | H47: 1 | I47: =F47*0.2+G47*0.4+H47*0.4 -> 1 | J47: Обратите внимание, что на странице не указан номер муниципального задания.
A48: 41 | B48: Муниципальное бюджетное дошкольное образовательное учреждение «Детский сад «Колосок» с. Хватовка Базарно-Карабулакского муниципального района Саратовской области» | C48: МБДОУ ДС с. Хватовка | D48: бюджетное | F48: 1 | G48: 1 | H48: 1 | I48: =F48*0.2+G48*0.4+H48*0.4 -> 1 | J48: Обратите внимание, что на странице не указан номер муниципального задания.
A49: 42 | B49: Муниципальное бюджетное дошкольное образовательное учреждение «Детский сад с. Большой Содом Базарно-Карабулакского муниципального района Саратовской области» | C49: МБДОУ ДС с. Большой Содом | D49: бюджетное | F49: 1 | G49: 1 | H49: 1 | I49: =F49*0.2+G49*0.4+H49*0.4 -> 1 | J49: Обратите внимание, что на странице не указан номер муниципального задания и дата его утверждения.
A50: 43 | B50: Муниципальное бюджетное дошкольное образовательное учреждение «Центр развития ребенка – детский сад с. Старые Бурасы Базарно-Карабулакского муниципального района Саратовской области» | C50: МБДОУ ДС с. Старые Бурасы | D50: бюджетное | F50: 1 | G50: 1 | H50: 1 | I50: =F50*0.2+G50*0.4+H50*0.4 -> 1 | J50: Обратите внимание, что на странице не указан номер муниципального задания.
A51: 44 | B51: Муниципальное бюджетное общеобразовательное учреждение «Средняя общеобразовательная школа № 1 р.п. Базарный Карабулак Саратовской области» | C51: МБОУ СОШ № 1 р.п. Базарный Карабулак | D51: бюджетное | F51: 1 | G51: 1 | H51: 1 | I51: =F51*0.2+G51*0.4+H51*0.4 -> 1
A52: 45 | B52: Муниципальное бюджетное общеобразовательное учреждение «Средняя общеобразовательная школа № 2 р.п. Базарный Карабулак Саратовской области» | C52: МБОУ СОШ № 2 р.п. Базарный Карабулак | D52: бюджетное | F52: 1 | G52: 1 | H52: 1 | I52: =F52*0.2+G52*0.4+H52*0.4 -> 1 | J52: Обратите внимание, что на странице не указан номер муниципального задания.
A53: 46 | B53: Муниципальное автономное общеобразовательное учреждение «Средняя общеобразовательная школа р. п. Свободный Базарно-Карабулакского муниципального района Саратовской области» | C53: МАОУ СОШ р.п. Свободный | D53: автономное | F53: 1 | G53: 1 | H53: 1 | I53: =F53*0.2+G53*0.4+H53*0.4 -> 1 | J53: Обратите внимание, что на странице не указан номер муниципального задания.
A54: 47 | B54: Муниципальное бюджетное общеобразовательное учреждение «Средняя общеобразовательная школа с. Хватовка Базарно-Карабулакского муниципального района Саратовской области» | C54: МБОУ СОШ с. Хватовка | D54: бюджетное | F54: 1 | G54: 1 | H54: 1 | I54: =F54*0.2+G54*0.4+H54*0.4 -> 1 | J54: Обратите внимание, что на странице не указан номер муниципального задания.
A55: 48 | B55: Муниципальное бюджетное общеобразовательное учреждение «Средняя общеобразовательная школа с. Алексеевка Базарно-Карабулакского муниципального района Саратовской области» | C55: МБОУ СОШ с. Алексеевка | D55: бюджетное | F55: 1 | G55: 1 | H55: 1 | I55: =F55*0.2+G55*0.4+H55*0.4 -> 1 | J55: Обратите внимание, что на странице не указан номер муниципального задания.
A56: 49 | B56: Муниципальное бюджетное общеобразовательное учреждение «Средняя общеобразовательная школа с. Большая Чечуйка Базарно-Карабулакского муниципального района Саратовской области» | C56: МБОУ СОШ с. Большая Чечуйка | D56: бюджетное | F56: 1 | G56: 1 | H56: 1 | I56: =F56*0.2+G56*0.4+H56*0.4 -> 1
A57: 50 | B57: Муниципальное бюджетное общеобразовательное учреждение «Средняя общеобразовательная школа с. Вязовка» Базарно-Карабулакского муниципального района Саратовской области | C57: МБОУ СОШ с. Вязовка | D57: бюджетное | F57: 1 | G57: 1 | H57: 1 | I57: =F57*0.2+G57*0.4+H57*0.4 -> 1 | J57: Обратите внимание, что на странице не указан номер муниципального задания.
A58: 51 | B58: Муниципальное бюджетное общеобразовательное учреждение «Средняя общеобразовательная школа с. Ивановка Базарно-Карабулакского муниципального района Саратовской области» | C58: МБОУ СОШ с. Ивановка | D58: бюджетное | F58: 1 | G58: 1 | H58: 1 | I58: =F58*0.2+G58*0.4+H58*0.4 -> 1 | J58: Обратите внимание, что на странице не указан номер муниципального задания.
A59: 52 | B59: Муниципальное бюджетное общеобразовательное учреждение «Средняя общеобразовательная школа имени Героя Советского Союза Н. И. Полещикова с. Казанла Базарно-Карабулакского муниципального района Саратовской области» | C59: МБОУ СОШ с. Казанла | D59: бюджетное | F59: 1 | G59: 1 | H59: 1 | I59: =F59*0.2+G59*0.4+H59*0.4 -> 1 | J59: Обратите внимание, что на странице не указан номер муниципального задания.
A60: 53 | B60: Муниципальное бюджетное общеобразовательное учреждение «Средняя общеобразовательная школа имени Героя Советского Союза И.Н. Сытова с. Липовка Базарно-Карабулакского муниципального района Саратовской области» | C60: МБОУ СОШ с. Липовка | D60: бюджетное | F60: 1 | G60: 1 | H60: 1 | I60: =F60*0.2+G60*0.4+H60*0.4 -> 1 | J60: Обратите внимание, что на странице не указан номер муниципального задания.
A61: 54 | B61: Муниципальное бюджетное общеобразовательное учреждение «Средняя общеобразовательная школа с. Сухой Карабулак Базарно-Карабулакского муниципального района Саратовской области» | C61: МБОУ СОШ с. Сухой Карабулак | D61: бюджетное | F61: 1 | G61: 1 | H61: 1 | I61: =F61*0.2+G61*0.4+H61*0.4 -> 1 | J61: Обратите внимание, что на странице не указан номер муниципального задания.
A62: 55 | B62: Муниципальное бюджетное общеобразовательное учреждение «Средняя общеобразовательная школа с. Стригай Базарно-Карабулакского муниципального района Саратовской области» | C62: МБОУ СОШ с. Стригай | D62: бюджетное | F62: 1 | G62: 1 | H62: 1 | I62: =F62*0.2+G62*0.4+H62*0.4 -> 1 | J62: Обратите внимание, что на странице не указан номер муниципального задания.
A63: 56 | B63: Муниципальное бюджетное общеобразовательное учреждение «Средняя общеобразовательная школа с. Старые Бурасы Базарно-Карабулакского муниципального района Саратовской области» | C63: МБОУ СОШ с. Старые Бурасы | D63: бюджетное | F63: 1 | G63: 1 | H63: 1 | I63: =F63*0.2+G63*0.4+H63*0.4 -> 1 | J63: Обратите внимание, что на странице не указан номер муниципального задания.
A64: 57 | B64: Муниципальное автономное общеобразовательное учреждение «Средняя общеобразовательная школа с. Шняево Базарно-Карабулакского муниципального района Саратовской области» | C64: МАОУ СОШ с. Шняево | D64: автономное | F64: 1 | G64: 1 | H64: 1 | I64: =F64*0.2+G64*0.4+H64*0.4 -> 1 | J64: Обратите внимание, что на странице не указан номер муниципального задания.
A65: 58 | B65: Муниципальное бюджетное общеобразовательное учреждение «Средняя общеобразовательная школа с. Яковлевка Базарно-Карабулакского муниципального района Саратовской области» | C65: МБОУ СОШ с. Яковлевка | D65: бюджетное | F65: 1 | G65: 1 | H65: 1 | I65: =F65*0.2+G65*0.4+H65*0.4 -> 1 | J65: Обратите внимание, что на странице не указан номер муниципального задания.
A66: 59 | B66: Муниципальное бюджетное общеобразовательное учреждение «Основная общеобразовательная школа с. Ключи Базарно-Карабулакского муниципального района Саратовской области» | C66: МБОУ ООШ с. Ключи | D66: бюджетное | F66: 1 | G66: 1 | H66: 1 | I66: =F66*0.2+G66*0.4+H66*0.4 -> 1 | J66: Обратите внимание, что на странице не указан номер муниципального задания.
A67: 60 | B67: Муниципальное бюджетное общеобразовательное учреждение «Основная общеобразовательная школа с. Репьевка Базарно-Карабулакского муниципального района Саратовской области» | C67: МБОУ ООШ с. Репьевка | D67: бюджетное | F67: 1 | G67: 1 | H67: 1 | I67: =F67*0.2+G67*0.4+H67*0.4 -> 1 | J67: Обратите внимание, что на странице не указан номер муниципального задания.
A68: 61 | B68: Муниципальное бюджетное общеобразовательное учреждение «Основная общеобразовательная школа имени Героя Советского Союза Н.Д. Павлова с. Берёзовка Базарно-Карабулакского муниципального района Саратовской области» | C68: МБОУ ООШ с. Березовка | D68: бюджетное | F68: 1 | G68: 1 | H68: 1 | I68: =F68*0.2+G68*0.4+H68*0.4 -> 1 | J68: Обратите внимание, что на странице не указан номер муниципального задания.
... A74: 67 | B74: Муниципальное бюджетное общеобразовательное учреждение «Основная общеобразовательная школа имени Героя Советского Союза Н.С. Маркелова с. Максимовка Базарно-Карабулакского муниципального района Саратовской области» | C74: МБОУ ООШ с. Максимовка | D74: бюджетное | F74: 1 | G74: 1 | H74: 1 | I74: =F74*0.2+G74*0.4+H74*0.4 -> 1 | J74: Обратите внимание, что на странице не указан номер муниципального задания.
A75: 68 | B75: Муниципальное бюджетное учреждение "Информационно-методический центр Базарно-Карабулакского муниципального района Саратовской области" | C75: МБУ "ИМЦ" | D75: бюджетное | F75: 1 | G75: 1 | H75: 1 | I75: =F75*0.2+G75*0.4+H75*0.4 -> 1
A76: 69 | B76: Муниципальное бюджетное учреждение «Базарно-Карабулакский оздоровительный комплекс «Ласточка» | C76: МБУ "ОК «Ласточка" | D76: бюджетное | F76: 1 | G76: 1 | H76: 1 | I76: =F76*0.2+G76*0.4+H76*0.4 -> 1 | J76: Обратите внимание, что на странице не указан номер муниципального задания.
A77: 70 | B77: Муниципальное казенное учреждение «Центр по обслуживанию учреждений образования Базарно-Карабулакского муниципального района» | C77: МКУ "ЦОУО" | D77: казенное | F77: 1 | G77: 1 | H77: 1 | I77: =F77*0.2+G77*0.4+H77*0.4 -> 1
A78: 71 | B78: Муниципальное бюджетное учреждение "Спортивный комплекс "Колос" Базарно-Карабулакского муниципального образования" | C78: МБУ «СК «Колос» | D78: бюджетное | E78: Находится в стадии ликвидации, муниципальное задание не утверждено | J78: Учреждение находится в стадии ликвидации, деятельность не осуществляет, поэтому не учитывается при расчете итогового рейтинга открытости и прозрачности муниципального района.
A79: 72 | B79: Муниципальное автономное учреждение "Физкультурно-оздоровительный комплекс "Лидер" р.п.Базарный Карабулак Саратовской области" | C79: МАУ «ФОК «Лидер» | D79: автономное | E79: Находится в стадии ликвидации, муниципальное задание не утверждено | J79: Учреждение находится в стадии ликвидации, деятельность не осуществляет, поэтому не учитывается при расчете итогового рейтинга открытости и прозрачности муниципального района.
A80: ИТОГО (Rмо=(∑mi=1Ri)/m) | I80: =SUM(I8:I77)/COUNT(I8:I77) -> 1

Sheet Раздел 2. Балаковский
A1: 2.1 Итоговое значение рейтинга открытости и прозрачности муниципальных учреждений муниципального образования, рассчитанного на основе данных раздела «Независимая система оценки качества» официального сайта Российской Федерации для размещения информации о государственных (муниципальных) учреждениях (www.bus.gov.ru)
A2: Наименование муниципального образования | C2: Балаковский муниципальный район
A3: Дата проведения оценки | C3: 43931
A4: Комментарий:
A5: Показатели Roii, Rmzi, Rpfhdi при наличии опубликованной информации на указанном сайте принимают значения 1, в иных случаях – 0. Если муниципальному учреждению муниципальное задание не предоставляется (муниципальное учреждение является казенным или учреждение осуществляет деятельность в сфере обязательного медицинского страхования на основании договора на оказание и оплату медицинской помощи по обязательному медицинскому страхованию), то показатель Rmzi принимает значение 1, в иных случаях – 0.
A6: № п/п | B6: Полное наименование учреждения | C6: Сокращенное наименование учреждения | D6: Тип учреждения | E6: Отметка об отсутствии муниципального задания и/или плана финансово-хозяйственной деятельности с указанием причины | F6: Общая информация (Roii) | G6: на 2020 год | I6: Рейтинг открытости и прозрачности по учреждению (Ri=Roii*0,2+ Rmzi*0,4+ Rpfhdi*0,4) | J6: Комментарии
G7: Информация о муниципальном задании (Rmzi) | H7: Информация о ПФХД или показателях бюджетной сметы (Rpfhdi)
A8: 1 | B8: Муниципальное казенное учреждение Балаковского муниципального района "Управление жилищно-коммунального хозяйства" | C8: МКУ «УЖКХ» | D8: Казенное | F8: 1 | G8: 1 | H8: 1 | I8: =F8*0.2+G8*0.4+H8*0.4 -> 1
A9: 2 | B9: Муниципальное казенное учреждение "Централизованная бухгалтерия органов местного самоуправления Балаковского муниципального района" | C9: МКУ «ЦБ ОМС БМР» | D9: Казенное | F9: 1 | G9: 1 | H9: 1 | I9: =F9*0.2+G9*0.4+H9*0.4 -> 1
A10: 3 | B10: Муниципальное казённое учреждение муниципального образования город Балаково "Управление дорожного хозяйства и благоустройства" | C10: МКУ «УДХБ» | D10: Казенное | F10: 1 | G10: 1 | H10: 1 | I10: =F10*0.2+G10*0.4+H10*0.4 -> 1 | J10: Обратите внимание, что в общей информации отсутствует ссылка на официальный сайт учреждения.
A11: 4 | B11: Муниципальное казенное учреждение "Централизованная бухгалтерия учреждений образования Балаковского муниципального района Саратовской области" | C11: МКУ «ЦБ | D11: Казенное | F11: 1 | G11: 1 | H11: 1 | I11: =F11*0.2+G11*0.4+H11*0.4 -> 1
A12: 5 | B12: Муниципальное казённое учреждение "Управление по делам гражданской обороны, предупреждения и ликвидации последствий чрезвычайных ситуаций администрации Балаковского муниципального района" | C12: МКУ «УПРАВЛЕНИЕ ПО ДЕЛАМ ГО и ЧС БМР» | D12: Казенное | F12: 1 | G12: 1 | H12: 1 | I12: =F12*0.2+G12*0.4+H12*0.4 -> 1
A13: 6 | B13: Муниципальное казенное учреждение "Управление по транспортно-хозяйственному обеспечению, работе с населением, делопроизводству и архивному делу" Балаковского муниципального района | C13: МКУ «УТХО РНД И АД» БМР | D13: Казенное | F13: 1 | G13: 1 | H13: 1 | I13: =F13*0.2+G13*0.4+H13*0.4 -> 1 | J13: Обратите внимание, что в общей информации отсутствует ссылка на официальный сайт учреждения. В строке с номерами телефонов отсутствует пробел между двумя номерами.
A14: 7 | B14: Муниципальное казенное учреждение Балаковского муниципального района "Служба субсидий" | C14: СЛУЖБА СУБСИДИЙ | D14: Казенное | F14: 1 | G14: 1 | H14: 1 | I14: =F14*0.2+G14*0.4+H14*0.4 -> 1 | J14: Обратите внимание, что в общей информации отсутствует ссылка на официальный сайт учреждения.
A15: 8 | B15: Муниципальное казенное учреждение "Организационно-методический центр Балаковского муниципального района Саратовской области" | C15: МКУ ОМЦ | D15: Казенное | F15: 1 | G15: 1 | H15: 1 | I15: =F15*0.2+G15*0.4+H15*0.4 -> 1
A16: 9 | B16: Муниципальное казённое учреждение "Центр бухгалтерского обслуживания Балаковского муниципального района" | C16: МКУ «ЦБО БМР» | D16: Казенное | F16: 1 | G16: 1 | H16: 1 | I16: =F16*0.2+G16*0.4+H16*0.4 -> 1 | J16: Обратите внимание, что в общей информации отсутствует ссылка на официальный сайт учреждения.
A17: 10 | B17: Муниципальное бюджетное учреждение муниципального образования город Балаково "Балавтодор" | C17: МБУ «БАЛАВТОДОР» | D17: Бюджетное | F17: 1 | G17: 1 | H17: 1 | I17: =F17*0.2+G17*0.4+H17*0.4 -> 1
A18: 11 | B18: Муниципальное бюджетное специализированное похоронное учреждение муниципального образования город Балаково "Комбинат благоустройства" | C18: «КОМБИНАТ БЛАГОУСТРОЙСТВА» | D18: Бюджетное | F18: 1 | G18: 1 | H18: 1 | I18: =F18*0.2+G18*0.4+H18*0.4 -> 1
A19: 12 | B19: Муниципальное бюджетное учреждение "Центр военно-патриотического воспитания молодежи и подростков "Набат" муниципального образования город Балаково | C19: МБУ «ЦЕНТР «НАБАТ» | D19: Бюджетное | F19: 1 | G19: 1 | H19: 1 | I19: =F19*0.2+G19*0.4+H19*0.4 -> 1 | J19: Обратите внимание, что на странице не указан номер муниципального задания.
A20: 13 | B20: Муниципальное бюджетное учреждение культуры Натальинского муниципального образования Балаковского муниципального района Саратовской области "Натальинский центр культуры" | C20: МБУК «НАТАЛЬИНСКИЙ ЦК» | D20: Бюджетное | F20: 1 | G20: 1 | H20: 1 | I20: =F20*0.2+G20*0.4+H20*0.4 -> 1
A21: 14 | B21: Муниципальное бюджетное учреждение Натальинского муниципального образования Балаковского муниципального района Саратовской области "Натальинская служба благоустройства и водоснабжения" | C21: МБУ НМО «НСБИВ» | D21: Бюджетное | F21: 1 | G21: 1 | H21: 1 | I21: =F21*0.2+G21*0.4+H21*0.4 -> 1 | J21: Обратите внимание, что в общей информации отсутствует ссылка на официальный сайт учреждения.
A22: 15 | B22: Муниципальное автономное учреждение "Бизнес-инкубатор Балаковского муниципального района Саратовской области" | C22: МАУ «БИЗНЕС-ИНКУБАТОР БМР» | D22: Автономное | E22: В связи с обновлением в отраслевых (базовых) перечнях сведений о государственных (муниципальных) Услугах/Работах и закрытием функции ручного ввода данных об Услугах/Работах, в настоящее время выбор Услуг работ при формировании государственного (муниципального задания на сайте ОС ГМУ (www/bus.gov.ru) осуществляются из федеральных, региональных или общероссийских перечней (в зависимости от вида учреждения путем использования данных справочника, при этом вся информация по Услуге/Работе (УНРЗ, наименование показателей и т.д.) загружается автоматически. В справочнике общероссийских и региональных перечней отсутствуют необходимые услуги/работы, оказываемые МАУ «Бизнес-инкубатор БМР» в отношении субъектов предпринимательства, а услуги, включенные в федеральный перечень (классификатор) государственных (муниципальных) услуг и работ для учреждения недоступны. Комитет по распоряжению муниципальной собственностью и земельными ресурсами администрации Балаковского муниципального района (учредитель) обратился в Министерство экономического развития Саратовской области о внесении в региональный перечень (классификатор) государственных (муниципальных услуг) и работ. В настоящее время Министерством финансов Саратовской области ведется работа по включению в региональный перечень услуг для МАУ «Бизнес-инкубатор БМР». | F22: 1 | G22: 0 | H22: 1 | I22: =F22*0.2+G22*0.4+H22*0.4 -> 0.6 | J22: Обратите внимание, что в общей информации отсутствует ОКТМО учреждения в соответствующем поле. В присланном комментарии по поводу технических сложностей размещения муниципального задания не указаны конкретные даты обращения по данному вопросу в министерство экономического развития Саратовской области, в связи с чем трудно сделать вывод, когда именно учреждение занялось решением этого вопроса: сразу же после принятия муниципального задания или же перед направлением сведений по запросу для мониторинга. По состоянию на 10.04.2020 года на сайте отсутствует размещенное муниципальное задание.
A23: 16 | B23: Муниципальное автономное дошкольное образовательное учреждение "Детский сад компенсирующего вида № 1" г. Балаково Саратовской области | C23: МАДОУ ДЕТСКИЙ САД № 1 | D23: Автономное | F23: 1 | G23: 1 | H23: 1 | I23: =F23*0.2+G23*0.4+H23*0.4 -> 1 | J23: Обратите внимание, что на странице не указан номер муниципального задания.
A24: 17 | B24: Муниципальное автономное дошкольное образовательное учреждение "Детский сад № 2 "Ласточка" г. Балаково Саратовской области | C24: МАДОУ ДЕТСКИЙ САД № 2 | D24: Автономное | F24: 1 | G24: 1 | H24: 1 | I24: =F24*0.2+G24*0.4+H24*0.4 -> 1
A25: 18 | B25: Муниципальное автономное дошкольное образовательное учреждение - детский сад компенсирующего вида №3 "Радуга" г. Балаково Саратовской области | C25: МАДОУ ДЕТСКИЙ САД № 3 | D25: Автономное | F25: 1 | G25: 1 | H25: 1 | I25: =F25*0.2+G25*0.4+H25*0.4 -> 1
A26: 19 | B26: Муниципальное автономное дошкольное образовательное учреждение "Детский сад № 4" г. Балаково Саратовской области | C26: МАДОУ ДЕТСКИЙ САД № 4 | D26: Автономное | F26: 1 | G26: 1 | H26: 1 | I26: =F26*0.2+G26*0.4+H26*0.4 -> 1 | J26: Обратите внимание, что на странице не указан номер муниципального задания.
A27: 20 | B27: Муниципальное автономное дошкольное образовательное учреждение "Детский сад комбинированного вида №5 "Умка" г.Балаково Саратовской области | C27: МАДОУ ДЕТСКИЙ САД № 5 | D27: Автономное | F27: 1 | G27: 1 | H27: 1 | I27: =F27*0.2+G27*0.4+H27*0.4 -> 1 | J27: Обратите внимание, что на странице не указан номер муниципального задания.
A28: 21 | B28: Муниципальное автономное дошкольное образовательное учреждение "Детский сад № 6 "Тополёк" г. Балаково Саратовской области | C28: МАДОУ ДЕТСКИЙ САД № 6 | D28: Автономное | F28: 1 | G28: 1 | H28: 1 | I28: =F28*0.2+G28*0.4+H28*0.4 -> 1 | J28: Обратите внимание, что на странице не указан номер муниципального задания.
A29: 22 | B29: Муниципальное автономное дошкольное образовательное учреждение "Детский сад № 7 "Улыбка" г.Балаково Саратовской области | C29: МАДОУ ДЕТСКИЙ САД № 7 | D29: Автономное | F29: 1 | G29: 1 | H29: 1 | I29: =F29*0.2+G29*0.4+H29*0.4 -> 1 | J29: Обратите внимание, что на странице не указан номер муниципального задания.
A30: 23 | B30: Муниципальное автономное дошкольное образовательное учреждение "Детский сад № 8" г. Балаково Саратовской области | C30: МАДОУ ДЕТСКИЙ САД № 8 | D30: Автономное | F30: 1 | G30: 1 | H30: 1 | I30: =F30*0.2+G30*0.4+H30*0.4 -> 1 | J30: Обратите внимание, что на странице не указан номер муниципального задания и дата его утверждения.
A31: 24 | B31: Муниципальное автономное дошкольное образовательное учреждение "Детский сад № 9" г. Балаково Саратовской области | C31: МАДОУ ДЕТСКИЙ САД № 9 | D31: Автономное | F31: 1 | G31: 1 | H31: 1 | I31: =F31*0.2+G31*0.4+H31*0.4 -> 1 | J31: Обратите внимание, что на странице не указан номер муниципального задания.
A32: 25 | B32: Муниципальное автономное дошкольное образовательное учреждение "Детский сад № 10 "Подсолнушек" г.Балаково Саратовской области | C32: МАДОУ ДЕТСКИЙ САД № 10 | D32: Автономное | F32: 1 | G32: 1 | H32: 1 | I32: =F32*0.2+G32*0.4+H32*0.4 -> 1 | J32: Обратите внимание, что на странице не указан номер муниципального задания.
A33: 26 | B33: Муниципальное автономное дошкольное образовательное учреждение "Детский сад № 11 "Сказка" г.Балаково Саратовской области | C33: МАДОУ ДЕТСКИЙ САД № 11 | D33: Автономное | F33: 1 | G33: 1 | H33: 1 | I33: =F33*0.2+G33*0.4+H33*0.4 -> 1
A34: 27 | B34: Муниципальное автономное дошкольное образовательное учреждение "Детский сад комбинированного вида № 12 "Журавушка" г. Балаково Саратовской области | C34: МАДОУ ДЕТСКИЙ САД № 12 | D34: Автономное | F34: 1 | G34: 1 | H34: 1 | I34: =F34*0.2+G34*0.4+H34*0.4 -> 1
A35: 28 | B35: Муниципальное автономное дошкольное образовательное учреждение "Детский сад № 13 "Жемчужинка" г. Балаково Саратовской области | C35: МАДОУ ДЕТСКИЙ САД № 13 | D35: Автономное | F35: 1 | G35: 1 | H35: 1 | I35: =F35*0.2+G35*0.4+H35*0.4 -> 1 | J35: Обратите внимание, что на странице не указан номер муниципального задания.
A36: 29 | B36: Муниципальное автономное дошкольное образовательное учреждение «Детский сад №14» г.Балаково саратовской области | C36: МАДОУ ДЕТСКИЙ САД № 14 | D36: Автономное | F36: 1 | G36: 1 | H36: 1 | I36: =F36*0.2+G36*0.4+H36*0.4 -> 1 | J36: Обратите внимание, что на странице не указан номер муниципального задания.
A37: 30 | B37: Муниципальное автономное дошкольное образовательное учреждение "Детский сад №16 "Ромашка" г. Балаково Саратовской области | C37: МАДОУ ДЕТСКИЙ САД № 16 | D37: Автономное | F37: 1 | G37: 1 | H37: 1 | I37: =F37*0.2+G37*0.4+H37*0.4 -> 1
A38: 31 | B38: Муниципальное автономное дошкольное образовательное учреждение "Детский сад №17 "Затейники" г.Балаково Саратовской области | C38: МАДОУ ДЕТСКИЙ САД № 17 | D38: Автономное | F38: 1 | G38: 1 | H38: 1 | I38: =F38*0.2+G38*0.4+H38*0.4 -> 1
A39: 32 | B39: Муниципальное автономное дошкольное образовательное учреждение "Детский сад № 18 "Малыш" г.Балаково Саратовской области | C39: МАДОУ ДЕТСКИЙ САД № 18 | D39: Автономное | F39: 1 | G39: 1 | H39: 1 | I39: =F39*0.2+G39*0.4+H39*0.4 -> 1
A40: 33 | B40: Муниципальное автономное дошкольное образовательное учреждение «Детский сад №19 «Светлячок» г. Балаково Саратовской области | C40: МАДОУ ДЕТСКИЙ САД № 19 «СВЕТЛЯЧОК» | D40: Автономное | F40: 1 | G40: 1 | H40: 1 | I40: =F40*0.2+G40*0.4+H40*0.4 -> 1 | J40: Обратите внимание, что на странице не указан номер муниципального задания.
A41: 34 | B41: Муниципальное автономное дошкольное образовательное учреждение "Детский сад №20 "Олимпийская сказка" г.Балаково Саратовской области | C41: МАДОУ ДЕТСКИЙ САД № 20 | D41: Автономное | F41: 1 | G41: 1 | H41: 1 | I41: =F41*0.2+G41*0.4+H41*0.4 -> 1 | J41: Обратите внимание, что на странице не указан номер муниципального задания.
A42: 35 | B42: Муниципальное автономное дошкольное образовательное учреждение "Детский сад комбинированного вида № 22 "Ладушки" г. Балаково Саратовской области | C42: МАДОУ ДЕТСКИЙ САД № 22 | D42: Автономное | F42: 1 | G42: 1 | H42: 1 | I42: =F42*0.2+G42*0.4+H42*0.4 -> 1 | J42: Обратите внимание, что на странице не указан номер муниципального задания.
A43: 36 | B43: Муниципальное автономное дошкольное образовательное учреждение « Детский сад №23» г.Балаково Саратовской области | C43: МАДОУ ДЕТСКИЙ САД № 23 | D43: Автономное | F43: 1 | G43: 1 | H43: 1 | I43: =F43*0.2+G43*0.4+H43*0.4 -> 1
A44: 37 | B44: Муниципальное автономное дошкольное образовательное учреждение "Детский сад комбинированного вида № 24 "Непоседы" г. Балаково Саратовской области | C44: МАДОУ ДЕТСКИЙ САД № 24 | D44: Автономное | F44: 1 | G44: 1 | H44: 1 | I44: =F44*0.2+G44*0.4+H44*0.4 -> 1 | J44: Обратите внимание, что на странице не указан номер муниципального задания.
A45: 38 | B45: Муниципальное автономное дошкольное образовательное учреждение "Детский сад комбинированного вида № 33" г. Балаково Саратовской области | C45: МАДОУ ДЕТСКИЙ САД № 33 | D45: Автономное | F45: 1 | G45: 1 | H45: 1 | I45: =F45*0.2+G45*0.4+H45*0.4 -> 1
A46: 39 | B46: Муниципальное автономное дошкольное образовательное учреждение «Детский сад № 34 «Теремок» г. Балаково Саратовской области | C46: МАДОУ ДЕТСКИЙ САД № 34 | D46: Автономное | F46: 1 | G46: 1 | H46: 1 | I46: =F46*0.2+G46*0.4+H46*0.4 -> 1
A47: 40 | B47: Муниципальное автономное дошкольное образовательное учреждение «Детский сад №35» г.Балаково Саратовской области | C47: МАДОУ ДЕТСКИЙ САД № 35 | D47: Автономное | F47: 1 | G47: 1 | H47: 1 | I47: =F47*0.2+G47*0.4+H47*0.4 -> 1
A48: 41 | B48: Муниципальное автономное дошкольное образовательное учреждение "Детский сад комбинированного вида № 38 "Совёнок" г. Балаково Саратовской области | C48: МАДОУ ДЕТСКИЙ САД № 38 | D48: Автономное | F48: 1 | G48: 1 | H48: 1 | I48: =F48*0.2+G48*0.4+H48*0.4 -> 1 | J48: Обратите внимание, что на странице не указан номер муниципального задания.
A49: 42 | B49: Муниципальное автономное дошкольное образовательное учреждение "Детский сад № 39 "Солнышко" г.Балаково Саратовской области | C49: МАДОУ ДЕТСКИЙ САД № 39 | D49: Автономное | F49: 1 | G49: 1 | H49: 1 | I49: =F49*0.2+G49*0.4+H49*0.4 -> 1 | J49: Обратите внимание, что на странице не указан номер муниципального задания.
A50: 43 | B50: Муниципальное автономное дошкольное образовательное учреждение "Детский сад комбинированного вида № 41 "Березка" г. Балаково Саратовской области | C50: МАДОУ ДЕТСКИЙ САД № 41 | D50: Автономное | F50: 1 | G50: 1 | H50: 1 | I50: =F50*0.2+G50*0.4+H50*0.4 -> 1
A51: 44 | B51: Муниципальное автономное дошкольное образовательное учреждение "Детский сад комбинированного вида №50 "Тополек" г.Балаково Саратовской области | C51: МАДОУ ДЕТСКИЙ САД № 50 | D51: Автономное | F51: 1 | G51: 1 | H51: 1 | I51: =F51*0.2+G51*0.4+H51*0.4 -> 1 | J51: Обратите внимание, что на странице не указан номер муниципального задания.
A52: 45 | B52: Муниципальное автономное дошкольное образовательное учреждение "Детский сад № 56" г. Балаково Саратовской области | C52: МАДОУ ДЕТСКИЙ САД № 56 | D52: Автономное | F52: 1 | G52: 1 | H52: 1 | I52: =F52*0.2+G52*0.4+H52*0.4 -> 1
A53: 46 | B53: Муниципальное автономное дошкольное образовательное учреждение "Детский сад № 57 "Радужный мир" г. Балаково Саратовской области | C53: МАДОУ ДЕТСКИЙ САД № 57 | D53: Автономное | F53: 1 | G53: 1 | H53: 1 | I53: =F53*0.2+G53*0.4+H53*0.4 -> 1 | J53: Обратите внимание, что на странице не указан номер муниципального задания.
A54: 47 | B54: Муниципальное автономное дошкольное образовательное учреждение "Детский сад № 61 "Гномик" г. Балаково Саратовской области | C54: МАДОУ ДЕТСКИЙ САД № 61 | D54: Автономное | F54: 1 | G54: 1 | H54: 1 | I54: =F54*0.2+G54*0.4+H54*0.4 -> 1 | J54: Обратите внимание, что на странице не указан номер муниципального задания.
A55: 48 | B55: Муниципальное автономное дошкольное образовательное учреждение "Детский сад комбинированного вида № 62 "Золотая рыбка" г.Балаково Саратовской области | C55: МАДОУ ДЕТСКИЙ САД № 62 | D55: Автономное | F55: 1 | G55: 1 | H55: 1 | I55: =F55*0.2+G55*0.4+H55*0.4 -> 1
A56: 49 | B56: Муниципальное автономное дошкольное образовательное учреждение "Детский сад № 64" г. Балаково саратовской области | C56: МАДОУ ДЕТСКИЙ САД № 64 | D56: Автономное | F56: 1 | G56: 1 | H56: 1 | I56: =F56*0.2+G56*0.4+H56*0.4 -> 1
A57: 50 | B57: Муниципальное автономное дошкольное образовательное учреждение "Детский сад № 65" г. Балаково саратовской области | C57: МАДОУ ДЕТСКИЙ САД № 65 | D57: Автономное | F57: 1 | G57: 1 | H57: 1 | I57: =F57*0.2+G57*0.4+H57*0.4 -> 1 | J57: Обратите внимание, что на странице не указан номер муниципального задания.
A58: 51 | B58: Муниципальное автономное дошкольное образовательное учреждение «Детский сад №67» г.Балаково Саратовской области | C58: МАДОУ ДЕТСКИЙ САД № 67 | D58: Автономное | F58: 1 | G58: 1 | H58: 1 | I58: =F58*0.2+G58*0.4+H58*0.4 -> 1 | J58: Обратите внимание, что на странице не указан номер муниципального задания.
A59: 52 | B59: Муниципальное автономное дошкольное образовательное учреждение "Детский сад комбинированного вида № 72 "Родничок" г.Балаково Саратовской области | C59: МАДОУ ДЕТСКИЙ САД № 72 | D59: Автономное | F59: 1 | G59: 1 | H59: 1 | I59: =F59*0.2+G59*0.4+H59*0.4 -> 1 | J59: Обратите внимание, что на странице не указан номер муниципального задания.
A60: 53 | B60: Муниципальное автономное дошкольное образовательное учреждение "Центр развития ребенка - детский сад № 70 "Теремок" г. Балаково Саратовской области | C60: МАДОУ ЦРР -ДЕТСКИЙ САД № 70 | D60: Автономное | F60: 1 | G60: 1 | H60: 1 | I60: =F60*0.2+G60*0.4+H60*0.4 -> 1
A61: 54 | B61: Муниципальное автономное дошкольное образовательное учреждение "Центр развития ребенка - детский сад "Страна чудес" г.Балаково Саратовской области | C61: МАДОУ ЦЕНТР РАЗВИТИЯ РЕБЕНКА | D61: Автономное | F61: 1 | G61: 1 | H61: 1 | I61: =F61*0.2+G61*0.4+H61*0.4 -> 1
A62: 55 | B62: Муниципальное автономное дошкольное образовательное учреждение Детский сад № 1 села Натальино Балаковского района Саратовской области | C62: МАДОУ С.НАТАЛЬИНО | D62: Автономное | F62: 1 | G62: 1 | H62: 1 | I62: =F62*0.2+G62*0.4+H62*0.4 -> 1 | J62: Обратите внимание, что на странице не указан номер муниципального задания.
A63: 56 | B63: Муниципальное автономное дошкольное образовательное учреждение Детский сад села Маянга Балаковского района саратовской области | C63: МАДОУ С.МАЯНГА | D63: Автономное | F63: 1 | G63: 1 | H63: 1 | I63: =F63*0.2+G63*0.4+H63*0.4 -> 1
A64: 57 | B64: Муниципальное автономное общеобразовательное учреждение "Лицей №1" г. Балаково Саратовской области | C64: МАОУ ЛИЦЕЙ № 1 | D64: Автономное | F64: 1 | G64: 1 | H64: 1 | I64: =F64*0.2+G64*0.4+H64*0.4 -> 1 | J64: Обратите внимание, что на странице не указан номер муниципального задания.
A65: 58 | B65: Муниципальное автономное общеобразовательное учреждение "Лицей №2" г. Балаково Саратовской области | C65: МАОУ ЛИЦЕЙ №2 | D65: Автономное | F65: 1 | G65: 1 | H65: 1 | I65: =F65*0.2+G65*0.4+H65*0.4 -> 1 | J65: Обратите внимание, что на странице не указан номер муниципального задания.
A66: 59 | B66: Муниципальное автономное общеобразовательное учреждение "Гимназия №1 имени Героя Советского Союза Д.З. Тарасова" г. Балаково Саратовской области | C66: МАОУ ГИМНАЗИЯ № 1 | D66: Автономное | F66: 1 | G66: 1 | H66: 1 | I66: =F66*0.2+G66*0.4+H66*0.4 -> 1
A67: 60 | B67: Муниципальное автономное общеобразовательное учреждение "Гимназия № 2" г. Балаково Саратовской области | C67: МАОУ ГИМНАЗИЯ № 2 | D67: Автономное | F67: 1 | G67: 1 | H67: 1 | I67: =F67*0.2+G67*0.4+H67*0.4 -> 1 | J67: Обратите внимание, что на странице не указан номер муниципального задания.
A68: 61 | B68: Муниципальное автономное общеобразовательное учреждение "Средняя общеобразовательная школа №2" г. Балаково Саратовской области | C68: МАОУ СОШ № 2 | D68: Автономное | F68: 1 | G68: 1 | H68: 1 | I68: =F68*0.2+G68*0.4+H68*0.4 -> 1 | J68: Обратите внимание, что на странице не указан номер муниципального задания.
A69: 62 | B69: Муниципальное автономное общеобразовательное учреждение "Средняя общеобразовательная школа №3" г. Балаково Саратовской области | C69: МАОУ СОШ № 3 | D69: Автономное | F69: 1 | G69: 1 | H69: 1 | I69: =F69*0.2+G69*0.4+H69*0.4 -> 1 | J69: Обратите внимание, что на странице не указан номер муниципального задания.
A70: 63 | B70: Муниципальное автономное общеобразовательное учреждение "Средняя общеобразовательная школа № 4" г.Балаково Саратовской области | C70: МАОУ СОШ № 4 | D70: Автономное | F70: 1 | G70: 1 | H70: 1 | I70: =F70*0.2+G70*0.4+H70*0.4 -> 1 | J70: Обратите внимание, что на странице не указан номер муниципального задания.
A71: 64 | B71: Муниципальное автономное общеобразовательное учреждение "Средняя общеобразовательная школа № 5 имени героя советского союза В.К.Ерошкина" г.Балаково Саратовской области | C71: МАОУ СОШ № 5 | D71: Автономное | F71: 1 | G71: 1 | H71: 1 | I71: =F71*0.2+G71*0.4+H71*0.4 -> 1 | J71: Обратите внимание, что на странице не указан номер муниципального задания.
A72: 65 | B72: Муниципальное автономное общеобразовательное учреждение "Основная общеобразовательная школа №6" г.Балаково Саратовской области | C72: МАОУ ООШ № 6 | D72: Автономное | F72: 1 | G72: 1 | H72: 1 | I72: =F72*0.2+G72*0.4+H72*0.4 -> 1 | J72: Обратите внимание, что на странице не указан номер муниципального задания.
A73: 66 | B73: Муниципальное автономное общеобразовательное учреждение "Средняя общеобразовательная школа № 7 имени Героя Социалистического труда В.Н. Перегудова" г.Балаково Саратовской области | C73: МАОУ СОШ № 7 | D73: Автономное | F73: 1 | G73: 1 | H73: 1 | I73: =F73*0.2+G73*0.4+H73*0.4 -> 1 | J73: Обратите внимание, что в общей информации отсутствует ОКТМО учреждения в соответствующем поле, а также на странице не указан номер муниципального задания.
A74: 67 | B74: Муниципальное автономное общеобразовательное учреждение "Основная общеобразовательная школа № 10 имени майора В.В.Малярова" г. Балаково Саратовской области | C74: МАОУ ООШ № 10 | D74: Автономное | F74: 1 | G74: 1 | H74: 1 | I74: =F74*0.2+G74*0.4+H74*0.4 -> 1 | J74: Обратите внимание, что на странице не указан номер муниципального задания.
A75: 68 | B75: Муниципальное автономное общеобразовательное учреждение "Средняя общеобразовательная школа №11" г. Балаково Саратовской области | C75: МАОУ СОШ № 11 | D75: Автономное | F75: 1 | G75: 1 | H75: 1 | I75: =F75*0.2+G75*0.4+H75*0.4 -> 1 | J75: Обратите внимание, что на странице не указан номер муниципального задания.
A76: 69 | B76: Муниципальное автономное общеобразовательное учреждение "Средняя общеобразовательная школа № 12" г.Балаково Саратовской области | C76: МАОУ СОШ № 12 | D76: Автономное | F76: 1 | G76: 1 | H76: 1 | I76: =F76*0.2+G76*0.4+H76*0.4 -> 1 | J76: Обратите внимание, что на странице не указан номер муниципального задания.
A77: 70 | B77: Муниципальное автономное общеобразовательное учреждение "Средняя общеобразовательная школа №13" г. Балаково Саратовской области | C77: МАОУ СОШ № 13 | D77: Автономное | F77: 1 | G77: 1 | H77: 1 | I77: =F77*0.2+G77*0.4+H77*0.4 -> 1 | J77: Обратите внимание, что на странице не указан номер муниципального задания.
A78: 71 | B78: Муниципальное автономное общеобразовательное учреждение "Средняя общеобразовательная школа № 15" г. Балаково Саратовской области | C78: МАОУ СОШ № 15 | D78: Автономное | F78: 1 | G78: 1 | H78: 1 | I78: =F78*0.2+G78*0.4+H78*0.4 -> 1 | J78: Обратите внимание, что на странице не указан номер муниципального задания.
... A88: 81 | B88: Муниципальное автономное общеобразовательное учреждение "Основная общеобразовательная школа с. Быков Отрог" Балаковского района Саратовской области | C88: МАОУ ООШ С. БЫКОВ ОТРОГ | D88: Автономное | F88: 1 | G88: 1 | H88: 1 | I88: =F88*0.2+G88*0.4+H88*0.4 -> 1 | J88: Обратите внимание, что на странице не указан номер муниципального задания.
A89: 82 | B89: Муниципальное автономное общеобразовательное учреждение "Средняя общеобразовательная школа п. Головановский" Балаковского района Саратовской области | C89: МАОУ СОШ П. ГОЛОВАНОВСКИЙ | D89: Автономное | F89: 1 | G89: 1 | H89: 1 | I89: =F89*0.2+G89*0.4+H89*0.4 -> 1
A90: 83 | B90: Муниципальное автономное общеобразовательное учреждение "Основная общеобразовательная школа с. Еланка" Балаковского района Саратовской области | C90: МАОУ ООШ С. ЕЛАНКА | D90: Автономное | F90: 1 | G90: 1 | H90: 1 | I90: =F90*0.2+G90*0.4+H90*0.4 -> 1 | J90: Обратите внимание, что на странице не указан номер муниципального задания.
A91: 84 | B91: Муниципальное автономное общеобразовательное учреждение "Начальная общеобразовательная школа с. Ивановка" Балаковского района Саратовской области | C91: МАОУ НОШ С. ИВАНОВКА | D91: Автономное | F91: 1 | G91: 1 | H91: 1 | I91: =F91*0.2+G91*0.4+H91*0.4 -> 1
A92: 85 | B92: Муниципальное автономное общеобразовательное учреждение "Основная общеобразовательная школа с. Комсомольское" Балаковского района Саратовской области | C92: МАОУ ООШ С. КОМСОМОЛЬСКОЕ | D92: Автономное | F92: 1 | G92: 1 | H92: 1 | I92: =F92*0.2+G92*0.4+H92*0.4 -> 1 | J92: Обратите внимание, что на странице не указан номер муниципального задания.
A93: 86 | B93: Муниципальное автономное общеобразовательное учреждение "Средняя общеобразовательная школа с. Кормежка имени Ф.П.Полынина" Балаковского района Саратовской области | C93: МАОУ СОШ С. КОРМЕЖКА ИМ. Ф.П. ПОЛЫНИНА | D93: Автономное | F93: 1 | G93: 1 | H93: 1 | I93: =F93*0.2+G93*0.4+H93*0.4 -> 1
A94: 87 | B94: Муниципальное автономное общеобразовательное учреждение "Основная общеобразовательная школа с. Красный яр" Балаковского района Саратовской области | C94: МАОУ ООШ С. КРАСНЫЙ ЯР | D94: Автономное | F94: 1 | G94: 1 | H94: 1 | I94: =F94*0.2+G94*0.4+H94*0.4 -> 1 | J94: Обратите внимание, что на странице не указан номер муниципального задания.
A95: 88 | B95: Муниципальное автономное общеобразовательное учреждение "Основная общеобразовательная школа с. Малая быковка" Балаковского района Саратовской области | C95: МАОУ ООШ С. МАЛАЯ БЫКОВКА | D95: Автономное | F95: 1 | G95: 1 | H95: 1 | I95: =F95*0.2+G95*0.4+H95*0.4 -> 1 | J95: Обратите внимание, что на странице не указан номер муниципального задания.
A96: 89 | B96: Муниципальное автономное общеобразовательное учреждение "Основная общеобразовательная школа с. Малое Перекопное" Балаковского района Саратовской области | C96: МАОУ ООШ С. МАЛОЕ ПЕРЕКОПНОЕ | D96: Автономное | F96: 1 | G96: 1 | H96: 1 | I96: =F96*0.2+G96*0.4+H96*0.4 -> 1 | J96: Обратите внимание, что на странице не указан номер муниципального задания.
A97: 90 | B97: Муниципальное автономное общеобразовательное учреждение "Средняя общеобразовательная школа с. Маянга" Балаковского района Саратовской области | C97: МАОУ СОШ С. МАЯНГА | D97: Автономное | F97: 1 | G97: 1 | H97: 1 | I97: =F97*0.2+G97*0.4+H97*0.4 -> 1 | J97: Обратите внимание, что на странице не указан номер муниципального задания.
A98: 91 | B98: Муниципальное автономное общеобразовательное учреждение "Средняя общеобразовательная школа с. Натальино" Балаковского района Саратовской области | C98: МАОУ СОШ С. НАТАЛЬИНО | D98: Автономное | F98: 1 | G98: 1 | H98: 1 | I98: =F98*0.2+G98*0.4+H98*0.4 -> 1 | J98: Обратите внимание, что на странице не указан номер муниципального задания.
A99: 92 | B99: Муниципальное автономное общеобразовательное учреждение "Основная общеобразовательная школа с. Матвеевка имени Героя Советского Союза С.К. Остапенко" Балаковского района Саратовской области | C99: МАОУ ООШ С. МАТВЕЕВКА | D99: Автономное | F99: 1 | G99: 1 | H99: 1 | I99: =F99*0.2+G99*0.4+H99*0.4 -> 1
A100: 93 | B100: Муниципальное автономное общеобразовательное учреждение "Средняя общеобразовательная школа с. Наумовка" Балаковского района Саратовской области | C100: МАОУ СОШ С.НАУМОВКА | D100: Автономное | F100: 1 | G100: 1 | H100: 1 | I100: =F100*0.2+G100*0.4+H100*0.4 -> 1
A101: 94 | B101: Муниципальное автономное общеобразовательное учреждение "Средняя общеобразовательная школа с. Новая Елюзань" Балаковского района Саратовской области | C101: МАОУ СОШ С.НОВАЯ ЕЛЮЗАНЬ | D101: Автономное | F101: 1 | G101: 1 | H101: 1 | I101: =F101*0.2+G101*0.4+H101*0.4 -> 1 | J101: Обратите внимание, что на странице не указан номер муниципального задания.
A102: 95 | B102: Муниципальное автономное общеобразовательное учреждение "Средняя общеобразовательная школа с. Новополеводино имени полного Кавалера Ордена Славы М.С. Волкова" Балаковского района Саратовской области | C102: МАОУ СОШ С. НОВОПОЛЕВОДИНО | D102: Автономное | F102: 1 | G102: 1 | H102: 1 | I102: =F102*0.2+G102*0.4+H102*0.4 -> 1 | J102: Обратите внимание, что на странице не указан номер муниципального задания.
A103: 96 | B103: Муниципальное автономное общеобразовательное учреждение "Основная общеобразовательная школа с. Николевка" Балаковского района Саратовской области | C103: МАОУ ООШ С. НИКОЛЕВКА | D103: Автономное | F103: 1 | G103: 1 | H103: 1 | I103: =F103*0.2+G103*0.4+H103*0.4 -> 1
A104: 97 | B104: Муниципальное автономное общеобразовательное учреждение "Средняя общеобразовательная школа п. Николевский" Балаковского района Саратовской области | C104: МАОУ СОШ П. НИКОЛЕВСКИЙ | D104: Автономное | F104: 1 | G104: 1 | H104: 1 | I104: =F104*0.2+G104*0.4+H104*0.4 -> 1 | J104: Обратите внимание, что на странице не указан номер муниципального задания.
A105: 98 | B105: Муниципальное автономное общеобразовательное учреждение "Средняя общеобразовательная школа п. Новониколаевский" Балаковского района Саратовской области | C105: МАОУ СОШ П. НОВОНИКОЛАЕВСКИЙ | D105: Автономное | F105: 1 | G105: 1 | H105: 1 | I105: =F105*0.2+G105*0.4+H105*0.4 -> 1
A106: 99 | B106: Муниципальное автономное общеобразовательное учреждение "Основная общеобразовательная школа с. Плеханы" Балаковского района Саратовской области | C106: МАОУ ООШ С. ПЛЕХАНЫ | D106: Автономное | F106: 1 | G106: 1 | H106: 1 | I106: =F106*0.2+G106*0.4+H106*0.4 -> 1 | J106: Обратите внимание, что на странице не указан номер муниципального задания.
A107: 100 | B107: Муниципальное автономное общеобразовательное учреждение "Основная общеобразовательная школа с. Подсосенки" Балаковского района Саратовской области | C107: МАОУ ООШ С. ПОДСОСЕНКИ | D107: Автономное | F107: 1 | G107: 1 | H107: 1 | I107: =F107*0.2+G107*0.4+H107*0.4 -> 1
A108: 101 | B108: Муниципальное автономное общеобразовательное учреждение "Основная общеобразовательная школа с. Пылковка" Балаковского района Саратовской области | C108: МАОУ ООШ С. ПЫЛКОВКА | D108: Автономное | F108: 1 | G108: 1 | H108: 1 | I108: =F108*0.2+G108*0.4+H108*0.4 -> 1
A109: 102 | B109: Муниципальное автономное общеобразовательное учреждение "Основная общеобразовательная школа с. Сухой Отрог" Балаковского района Саратовской области | C109: МАОУ ООШ С. СУХОЙ ОТРОГ | D109: Автономное | F109: 1 | G109: 1 | H109: 1 | I109: =F109*0.2+G109*0.4+H109*0.4 -> 1
...

Sheet Раздел 2. Балашовский
A1: 2.1 Итоговое значение рейтинга открытости и прозрачности муниципальных учреждений муниципального образования, рассчитанного на основе данных раздела «Независимая система оценки качества» официального сайта Российской Федерации для размещения информации о государственных (муниципальных) учреждениях (www.bus.gov.ru)
A2: Наименование муниципального образования | C2: Балашовский муниципальный район
A3: Дата проведения оценки | C3: 43934
A4: Комментарий:
A5: Показатели Roii, Rmzi, Rpfhdi при наличии опубликованной информации на указанном сайте принимают значения 1, в иных случаях – 0. Если муниципальному учреждению муниципальное задание не предоставляется (муниципальное учреждение является казенным или учреждение осуществляет деятельность в сфере обязательного медицинского страхования на основании договора на оказание и оплату медицинской помощи по обязательному медицинскому страхованию), то показатель Rmzi принимает значение 1, в иных случаях – 0.
A6: № п/п | B6: Полное наименование учреждения | C6: Сокращенное наименование учреждения | D6: Тип учреждения | E6: Отметка об отсутствии муниципального задания и/или плана финансово-хозяйственной деятельности с указанием причины | F6: Общая информация (Roii) | G6: на 2020 год | I6: Рейтинг открытости и прозрачности по учреждению (Ri=Roii*0,2+ Rmzi*0,4+ Rpfhdi*0,4) | J6: Комментарии
G7: Информация о муниципальном задании (Rmzi) | H7: Информация о ПФХД или показателях бюджетной сметы (Rpfhdi)
A8: 1 | B8: муниципальное учреждение "Централизованная бухгалтерия учреждений культуры Балашовского муниципального района" | C8: МУ "ЦБ УК БМР" | D8: Б | F8: 1 | G8: 1 | H8: 1 | I8: =F8*0.2+G8*0.4+H8*0.4 -> 1
A9: 2 | B9: муниципальное учреждение "Киновидеоцентр" | C9: МУ "Киновидеоцентр" | D9: Б | F9: 1 | G9: 1 | H9: 1 | I9: =F9*0.2+G9*0.4+H9*0.4 -> 1
A10: 3 | B10: муниципальное учреждение дополнительного образования "Детская школа искусств №2" г. Балашова | C10: МУДО "ДШИ №2 г.Балашова" | D10: Б | F10: 1 | G10: 1 | H10: 1 | I10: =F10*0.2+G10*0.4+H10*0.4 -> 1 | J10: Обратите внимание, что на странице не указан номер муниципального задания.
A11: 4 | B11: муниципальное учреждение дополнительного образования "Детская школа искусств №1" г. Балашова | C11: МУДО "ДШИ №1" г.Балашова | D11: Б | F11: 1 | G11: 1 | H11: 1 | I11: =F11*0.2+G11*0.4+H11*0.4 -> 1
A12: 5 | B12: муниципальное учреждение дополнительного образования "Балашовская детская художественная школа имени Владимира Николаевича Бочкова" | C12: МУДО "Балашовская ДХШ им.В.Н.Бочкова" | D12: Б | F12: 1 | G12: 1 | H12: 1 | I12: =F12*0.2+G12*0.4+H12*0.4 -> 1 | J12: Обратите внимание, что на странице не указан номер муниципального задания.
A13: 6 | B13: муниципальное учреждение "Балашовский краеведческий музей" | C13: МУ "БКМ" | D13: Б | F13: 1 | G13: 1 | H13: 1 | I13: =F13*0.2+G13*0.4+H13*0.4 -> 1 | J13: Обратите внимание, что в общей информации отсутствует ссылка на официальный сайт учреждения, а также на странице не указан номер муниципального задания.
A14: 7 | B14: муниципальное учреждение "Балашовский районный Дом культуры" | C14: МУ "Балашовский РДК" | D14: Б | F14: 1 | G14: 1 | H14: 1 | I14: =F14*0.2+G14*0.4+H14*0.4 -> 1
A15: 8 | B15: муниципальное учреждение "Городская централизованная библиотечная система" | C15: МУ "ГЦБС" | D15: Б | F15: 1 | G15: 1 | H15: 1 | I15: =F15*0.2+G15*0.4+H15*0.4 -> 1 | J15: Обратите внимание, что на странице не указан номер муниципального задания.
A16: 9 | B16: Муниципальное автономное учреждение культуры "Балашовский драматический театр" | C16: МАУК "БДТ" | D16: А | F16: 1 | G16: 1 | H16: 1 | I16: =F16*0.2+G16*0.4+H16*0.4 -> 1
A17: 10 | B17: муниципальное учреждение культуры "Центр культуры Балашовского муниципального района" | C17: МУК "ЦК БМР" | D17: Б | F17: 1 | G17: 1 | H17: 1 | I17: =F17*0.2+G17*0.4+H17*0.4 -> 1 | J17: Обратите внимание, что на странице не указан номер муниципального задания.
A18: 11 | B18: муниципальное учреждение культуры "Балашовская межпоселенческая центральная библиотека" | C18: МУК "Балашовская МЦБ" | D18: Б | F18: 1 | G18: 1 | H18: 1 | I18: =F18*0.2+G18*0.4+H18*0.4 -> 1
A19: 12 | B19: муниципальное учреждение "Культурно-досуговый центр Балашовского муниципального района" | C19: МУ "КДЦ БМР" | D19: Б | F19: 1 | G19: 1 | H19: 1 | I19: =F19*0.2+G19*0.4+H19*0.4 -> 1
A20: 13 | B20: муниципальное учреждение "Централизованная бухгалтерия учреждений образования Балашовского муниципального района Саратовской области" | C20: МУ "ЦБ УО БМР" | D20: Б | F20: 1 | G20: 1 | H20: 1 | I20: =F20*0.2+G20*0.4+H20*0.4 -> 1
A21: 14 | B21: Муниципальное автономное образовательное учреждение дополнительного образования детей "Детский оздоровительно-образовательный лагерь "Колос" р.п. Пинеровка Балашовского муниципального района Саратовской области | C21: МАОУ ДОД ДООЛ "Колос" | D21: А | F21: 1 | G21: 1 | H21: 1 | I21: =F21*0.2+G21*0.4+H21*0.4 -> 1
A22: 15 | B22: муниципальное казенное учреждение "Центр информационно-методического и технического обеспечения учреждений образования Балашовского муниципального района" | C22: МКУ "Центр информационно-методического и технического обеспечения УО БМР" | D22: К | F22: 1 | G22: 1 | H22: 1 | I22: =F22*0.2+G22*0.4+H22*0.4 -> 1 | J22: Обратите внимание, что в общей информации отсутствует ссылка на официальный сайт учреждения.
A23: 16 | B23: муниципальное бюджетное учреждение дополнительного образования "Центр дополнительного образования "Созвездие" г. Балашова Саратовской области" | C23: МБУДО Центр "Созвездие" г. Балашова | D23: Б | F23: 1 | G23: 1 | H23: 1 | I23: =F23*0.2+G23*0.4+H23*0.4 -> 1 | J23: Обратите внимание, что в общей информации отсутствует ссылка на официальный сайт учреждения.
A24: 17 | B24: Муниципальное общеобразовательное учреждение "Средняя общеобразовательная школа п.Первомайский Балашовского района Саратовской области" | C24: МОУ СОШ п.Первомайский Балашовского района Саратовской области | D24: Б | F24: 1 | G24: 1 | H24: 1 | I24: =F24*0.2+G24*0.4+H24*0.4 -> 1 | J24: Обратите внимание, что на странице не указан номер муниципального задания.
A25: 18 | B25: Муниципальное общеобразовательное учреждение "Средняя общеобразовательная школа с.Хоперское Балашовского района Саратовской области" | C25: МОУ СОШ с.Хоперское Балашовского района Саратовской области | D25: Б | F25: 1 | G25: 1 | H25: 1 | I25: =F25*0.2+G25*0.4+H25*0.4 -> 1
A26: 19 | B26: Муниципальное общеобразовательное учреждение "Средняя общеобразовательная школа с.Тростянка Балашовского района Саратовской области" | C26: МОУ СОШ с.Тростянка | D26: Б | F26: 1 | G26: 1 | H26: 1 | I26: =F26*0.2+G26*0.4+H26*0.4 -> 1 | J26: Обратите внимание, что на странице не указан номер муниципального задания.
A27: 20 | B27: Муниципальное общеобразовательное учреждение "Средняя общеобразовательная школа с.Пады Балашовского района Саратовской области" | C27: МОУ СОШ с.Пады Балашовского района Саратовской области | D27: Б | F27: 1 | G27: 1 | H27: 1 | I27: =F27*0.2+G27*0.4+H27*0.4 -> 1
A28: 21 | B28: Муниципальное общеобразовательное учреждение "Средняя общеобразовательная школа поселка Восход Балашовского района Саратовской области" | C28: МОУ СОШ пос.Восход Балашовского района Саратовской области | D28: Б | F28: 1 | G28: 1 | H28: 1 | I28: =F28*0.2+G28*0.4+H28*0.4 -> 1 | J28: Обратите внимание, что на странице отсутствует ФИО уполномоченного лица, утвердившего муниципальное задание, а также не указан номер муниципального задания.
A29: 22 | B29: Муниципальное общеобразовательное учреждение "Средняя общеобразовательная школа с.Малая Семеновка Балашовского района Саратовской области" | C29: МОУ СОШ с.М.Семеновка Балашовского района Саратовской области | D29: Б | F29: 1 | G29: 1 | H29: 1 | I29: =F29*0.2+G29*0.4+H29*0.4 -> 1 | J29: Обратите внимание, что в общей информации отсутствует ссылка на официальный сайт учреждения.
A30: 23 | B30: Муниципальное общеобразовательное учреждение "Основная общеобразовательная школа с. Дуплятка Балашовского района Саратовской области" | C30: МОУ ООШ с. Дуплятка Балашовского района Саратовской области | D30: Б | F30: 1 | G30: 1 | H30: 1 | I30: =F30*0.2+G30*0.4+H30*0.4 -> 1
A31: 24 | B31: Муниципальное общеобразовательное учреждение "Средняя общеобразовательная школа с. Барки Балашовского района Саратовской области" | C31: МОУ СОШ с. Барки Балашовского района Саратовской области | D31: Б | F31: 1 | G31: 1 | H31: 1 | I31: =F31*0.2+G31*0.4+H31*0.4 -> 1 | J31: Обратите внимание, что на странице не указан номер муниципального задания.
A32: 25 | B32: Муниципальное общеобразовательное учреждение "Средняя общеобразовательная школа с.Сухая Елань Балашовского района Саратовской области" | C32: МОУ СОШ с.Сухая Елань Балашовского района Саратовской обл. | D32: Б | F32: 1 | G32: 1 | H32: 1 | I32: =F32*0.2+G32*0.4+H32*0.4 -> 1
A33: 26 | B33: Муниципальное общеобразовательное учреждение "Средняя общеобразовательная школа с. Терновка Балашовского района Саратовской области" | C33: МОУ СОШ с. Терновка Балашовского района Саратовской области | D33: Б | F33: 1 | G33: 1 | H33: 1 | I33: =F33*0.2+G33*0.4+H33*0.4 -> 1
A34: 27 | B34: Муниципальное общеобразовательное учреждение "Средняя общеобразовательная школа с. Данилкино Балашовского района Саратовской области" | C34: МОУ СОШ с. Данилкино | D34: Б | F34: 1 | G34: 1 | H34: 1 | I34: =F34*0.2+G34*0.4+H34*0.4 -> 1
A35: 28 | B35: Муниципальное общеобразовательное учреждение "Средняя общеобразовательная школа с. Старый Хопёр Балашовского района Саратовской области" | C35: МОУ СОШ с. Старый Хопёр | D35: Б | F35: 1 | G35: 1 | H35: 1 | I35: =F35*0.2+G35*0.4+H35*0.4 -> 1
A36: 29 | B36: Муниципальное общеобразовательное учреждение "Основная общеобразовательная школа с. Новопокровское Балашовского района Саратовской области" | C36: МОУ ООШ с. Новопокровское Балашовского района Саратовской области | D36: Б | F36: 1 | G36: 1 | H36: 1 | I36: =F36*0.2+G36*0.4+H36*0.4 -> 1 | J36: Обратите внимание, что на странице не указан номер муниципального задания.
A37: 30 | B37: Муниципальное общеобразовательное учреждение "Основная общеобразовательная школа с. Котоврас Балашовского района Саратовской области" | C37: МОУ ООШ с. Котоврас Балашовского района Саратовской области | D37: Б | F37: 1 | G37: 1 | H37: 1 | I37: =F37*0.2+G37*0.4+H37*0.4 -> 1
A38: 31 | B38: Муниципальное автономное общеобразовательное учреждение "Основная общеобразовательная школа имени Героя Советского Союза Привалова Ивана Михайловича с. Алмазово Балашовского района Саратовской области" | C38: МАОУ ООШ им. Привалова И.М. с. Алмазово Балашовского района Саратовской области | D38: А | F38: 1 | G38: 1 | H38: 1 | I38: =F38*0.2+G38*0.4+H38*0.4 -> 1 | J38: Обратите внимание, что в общей информации отсутствует ссылка на официальный сайт учреждения.
A39: 32 | B39: Муниципальное общеобразовательное учреждение "Средняя общеобразовательная школа с.Лесное Балашовского района Саратовской области" | C39: МОУ СОШ с. Лесное Балашовского района Саратовской области | D39: Б | F39: 1 | G39: 1 | H39: 1 | I39: =F39*0.2+G39*0.4+H39*0.4 -> 1
A40: 33 | B40: Муниципальное общеобразовательное учреждение "Основная общеобразовательная школа п.Ветельный Балашовского района Саратовской области" | C40: МОУ ООШ п.Ветельный Балашовского района Саратовской области | D40: Б | F40: 1 | G40: 1 | H40: 1 | I40: =F40*0.2+G40*0.4+H40*0.4 -> 1 | J40: Обратите внимание, что на странице не указан номер муниципального задания.
